Workbook

Sheet 목차
A1: 0

Sheet 공지사항
E1: 공지사항
A4: Table of Contents | E4: 본 자료와 관련한 공지사항입니다.
A6: NONGHYUP FIANCIAL GROUP
B7: 공지사항
B8: 농협금융 | E8: ◉ 본 자료는 한국채택국제회계기준(K-IFRS)에 의한 재무정보를 바탕으로 작성되었습니다.
B9: 주요경영실적 | E9: ◉ 2012년 3월 2일 설립된 NH농협금융지주, NH농협은행, NH농협생명, NH농협손해보험의 2012년 손익은 2012년 3월 2일부터 2012년 12월 31일까지의 손익입니다.
B10: 개황 Ⅰ | F10: - NH농협증권, NH-Amundi자산운용, NH농협캐피탈, NH농협선물의 2012년 손익은 2012년 1월 1일부터 2012년 12월 31일까지의 손익입니다.
B11: 개황 Ⅱ | E11: ◉ 본 자료의 연결실적은 기업회계기준서가 개정된 경우 개정본에 따라 재작성되었습니다.
B12: 연결BS | E12: ◉ 2014년 6월 27일 자회사로 편입된 우리투자증권, 우리아비바생명보험, NH저축은행은 2014년 5월 31일을
B13: 연결IS | E13: 취득일로 의제하여 2014년 6월 1일 이후 손익이 2014년 연결손익에 반영되었습니다.
B14: 연결손익Ⅰ | E14: ◉ 2014년 12월 31일 NH농협증권과 우리투자증권이 합병한 NH투자증권의 2014년 실적은 존속법인인 우리투자증권 기준으로 작성되었습니다.
B15: 연결손익Ⅱ | E15: 피합병법인인 NH농협증권의 실적은 합병일을 기준으로 우리투자증권의 자본잉여금으로 반영되었습니다.
B16: 수익성 | E16: ◉ 2015년 9월 1일 당사의 손자회사인 NH선물은 당사의 자회사 중 NH농협선물을 흡수합병하였습니다.
B17: 비이자이익 | E17: ◉ 2016년 5월 1일 NH-CA자산운용이 NH-Amundi 자산운용으로 사명을 변경하였습니다.
B18: 관리비 | E18: ◉ 2018년 7월 2일 NH농협리츠운용을 100% 자회사로 설립하였습니다.
B19: 농업지원사업비 | E19: ◉ 2019년 11월 25일 NH벤처투자를 100% 자회사로 설립하였습니다.
B20: 대출채권 | E20: ◉ 본 자료의 주요 시계열 수치 및 지표는 추후 변경될 수 있습니다.
B21: 예수부채
B22: 자본적정성
B23: 자산건전성 Ⅰ
B24: 자산건전성 Ⅱ
B25: 농협은행
B26: 연결BS
B27: 연결IS
B28: 이자이익/NIM
B29: 주요계수
B30: 농협생명
B31: 농협손해
B32: NH투자증권
... B39: 지분도

Sheet 주요경영실적
D1: 주요경영실적
D3: 농협금융 연결(단위 : 억원, 누적, %) | I3: 1Q12 | J3: 2Q12 | K3: 3Q12 | L3: 2012 | M3: 1Q13 | N3: 2Q13 | O3: 3Q13 | P3: 2013 | Q3: 1Q14 | R3: 2Q14 | S3: 3Q14 | T3: 2014 | U3: 1Q15 | V3: 2Q15 | W3: 3Q15 | X3: 2015 | Y3: 1Q16 | Z3: 2Q16 | AA3: 3Q16 | AB3: 2016 | AC3: 1Q17 | AD3: 2Q17 | AE3: 3Q17 | AF3: 2017 | AG3: 1Q18 | AH3: 2Q18 | AI3: 3Q18 | AJ3: 2018 | AK3: 1Q19 | AL3: 2Q19 | AM3: 3Q19 | AN3: 2019 | AO3: 1Q20 | AP3: 2Q20 | AQ3: 3Q20 | AR3: 2020
A4: Table of Contents | E4: 영업수익 | I4: 42667.36 | J4: 121229.71 | K4: 187036.42 | L4: 268332.52 | M4: 108579.01 | N4: 187087.9 | O4: 246463.95 | P4: 306153.5 | Q4: 106788.55 | R4: 195297.61 | S4: 269296.81 | T4: 357267.69 | U4: 141002.6 | V4: 225673.4 | W4: 334862.43 | X4: 402656.21 | Y4: 169325.81 | Z4: 252971.05 | AA4: 349736.1 | AB4: 429627.81 | AC4: 198147.08 | AD4: 271484.35 | AE4: 350550.06 | AF4: 455033.65 | AG4: 174414.9 | AH4: 280002.15 | AI4: 356187.78 | AJ4: 449350.04 | AK4: 198332.94 | AL4: 307278.38 | AM4: 412998.83 | AN4: 478823.9 | AO4: 252108.03 | AP4: 330230.86 | AQ4: 405936.6 | AR4: 509405.46
E5: 영업비용 | I5: 41460.63 | J5: 116877.53 | K5: 179760.14 | L5: 258100.24 | M5: 105435.2 | N5: 183104.13 | O5: 238526.57 | P5: 296862.38 | Q5: 105906.11 | R5: 187891.9 | S5: 258003.21 | T5: 344988.82 | U5: 137982.36 | V5: 217722.84 | W5: 323128.41 | X5: 393291.79 | Y5: 166924.3 | Z5: 253234.41 | AA5: 345372.55 | AB5: 422120.02 | AC5: 193772.18 | AD5: 261684.89 | AE5: 336535.03 | AF5: 437868.71 | AG5: 167640.88 | AH5: 265054.13 | AI5: 336032.78 | AJ5: 426099.75 | AK5: 190124.94 | AL5: 289654.72 | AM5: 388471.36 | AN5: 447812.12 | AO5: 246040.28 | AP5: 313621.09 | AQ5: 378821.54 | AR5: 477166.87
A6: NONGHYUP FIANCIAL GROUP | E6: 영업이익 | I6: 1206.73 | J6: 4352.18 | K6: 7276.28 | L6: 10232.28 | M6: 3143.81 | N6: 3983.77 | O6: 7937.38 | P6: 9291.12 | Q6: 882.44 | R6: 7405.71 | S6: 11293.6 | T6: 12278.87 | U6: 3020.24 | V6: 7950.56 | W6: 11734.025 | X6: 9364.42 | Y6: 2401.51 | Z6: -263.36 | AA6: 4363.5548 | AB6: 7507.79 | AC6: 4374.9 | AD6: 9799.46 | AE6: 14015.03 | AF6: 17164.94 | AG6: 6774.02 | AH6: 14948.011 | AI6: 20155 | AJ6: 23250.29 | AK6: 8208 | AL6: 17623.66 | AM6: 24527.47 | AN6: 31011.78 | AO6: 6067.75 | AP6: 16609.77 | AQ6: 27115.06 | AR6: 32238.59
B7: 공지사항 | E7: 당기순이익 | I7: 639.79 | J7: 2279.28 | K7: 3770.83 | L7: 5128.1 | M7: 1758.15 | N7: 1599.34 | O7: 3091.25 | P7: 3240.04 | Q7: 148.86 | R7: 5392.62 | S7: 7527.97 | T7: 8044.87 | U7: 1754.56 | V7: 5031.4 | W7: 7164.72 | X7: 4870.23 | Y7: 1204.35 | Z7: -1389.56 | AA7: 1822.6 | AB7: 4265.56 | AC7: 2769.37 | AD7: 6198.73 | AE7: 8725.16 | AF7: 10525.02 | AG7: 4631.49 | AH7: 9569.357 | AI7: 12585 | AJ7: 14047.06 | AK7: 5179 | AL7: 11140.17 | AM7: 15389.39 | AN7: 19876.63 | AO7: 3489.01 | AP7: 10470.58 | AQ7: 17284.6 | AR7: 20487.61
B8: 농협금융 | E8: 지배지분당기순이익 | I8: 684.68 | J8: 2170.84 | K8: 3643.16 | L8: 4918.01 | M8: 1769.96 | N8: 1533.62 | O8: 2898.01 | P8: 2929.85 | Q8: 30.33 | R8: 5250.35 | S8: 7030.41 | T8: 7684.88 | U8: 1375.88 | V8: 4369.75 | W8: 6196.67 | X8: 4022.58 | Y8: 894.15 | Z8: -2012.69 | AA8: 986.83 | AB8: 3209.68 | AC8: 2215.78 | AD8: 5126.97 | AE8: 7284.65 | AF8: 8597.84 | AG8: 3900.81 | AH8: 8294.8522 | AI8: 10771.46 | AJ8: 12188.58 | AK8: 4327 | AL8: 9971.25 | AM8: 13936.89 | AN8: 17796 | AO8: 3386.77 | AP8: 9102.38 | AQ8: 14607.64 | AR8: 17358.79
B9: 주요경영실적 | E9: 농업지원사업비 부담전 기준 지배주주지분순이익 | I9: 684.68 | J9: 3488.9382 | K9: 5949.8319 | L9: 8213.2556 | M9: 2628.1921 | N9: 3250.0842 | O9: 5472.7063 | P9: 6362.7784 | Q9: 646.61308 | R9: 6482.9162 | S9: 8887.8438 | T9: 10161.584 | U9: 2028.983 | V9: 5675.5818 | W9: 8155.1062 | X9: 6633.6015 | Y9: 1604.4077 | Z9: -592.17469 | AA9: 3117.603 | AB9: 6050.7106 | AC9: 2884.3397 | AD9: 6464.0893 | AE9: 9290.329 | AF9: 11272.079 | AG9: 4578.3191 | AH9: 9649.8704 | AI9: 12803.987 | AJ9: 14898.617 | AK9: 5051.3708 | AL9: 11419.954 | AM9: 16109.946 | AN9: 20693.408 | AO9: 4136.2921 | AP9: 10599.425 | AQ9: 16854.214 | AR9: 20352.923
B10: 개황 Ⅰ | E10: 자산(조원) | I10: 248.45595 | J10: 246.52642 | K10: 243.03199 | L10: 248.49935 | M10: 252.44747 | N10: 254.07914 | O10: 255.40519 | P10: 254.53498 | Q10: 266.51555 | R10: 310.90431 | S10: 313.08322 | T10: 315.71424 | U10: 316.92264 | V10: 324.61515 | W10: 333.14558 | X10: 339.84118 | Y10: 356.02812 | Z10: 363.19483 | AA10: 367.46541 | AB10: 366.9448 | AC10: 374.13679 | AD10: 381.63224 | AE10: 384.07191 | AF10: 388.7417 | AG10: 394.03369 | AH10: 404.16512 | AI10: 416.66799 | AJ10: 417.00184 | AK10: 424.56944 | AL10: 436.98854 | AM10: 445.62203 | AN10: 427.07286 | AO10: 450.85411 | AP10: 473.84904 | AQ10: 474.77663 | AR10: 483.4607
B11: 개황 Ⅱ | F11: 총자산(AUM 포함)(조원) | I11: 272.87409 | J11: 270.84176 | K11: 268.08521 | L11: 274.26988 | M11: 281.21002 | N11: 287.08402 | O11: 290.4796 | P11: 292.86356 | Q11: 308.50024 | R11: 382.02747 | S11: 390.29555 | T11: 393.35395 | U11: 393.60928 | V11: 409.04395 | W11: 422.59957 | X11: 431.67358 | Y11: 450.75529 | Z11: 463.10535 | AA11: 467.78286 | AB11: 464.41052 | AC11: 470.9499 | AD11: 484.14834 | AE11: 483.72979 | AF11: 490.64821 | AG11: 499.12563 | AH11: 514.28416 | AI11: 548.58047 | AJ11: 549.31597 | AK11: 562.76862 | AL11: 578.92517 | AM11: 588.9795 | AN11: 578.11996 | AO11: 605.19136 | AP11: 631.57929 | AQ11: 633.37827 | AR11: 646.64203
B12: 연결BS | E12: 자본(조원) | I12: 16.854718 | J12: 16.982073 | K12: 17.21003 | L12: 17.315116 | M12: 17.40727 | N12: 17.229853 | O12: 17.743614 | P12: 17.714678 | Q12: 17.148712 | R12: 20.094577 | S12: 20.444792 | T12: 20.284546 | U12: 20.473189 | V12: 20.782299 | W12: 20.937883 | X12: 20.438504 | Y12: 20.375395 | Z12: 20.198889 | AA12: 20.404067 | AB12: 20.368848 | AC12: 20.554434 | AD12: 20.947924 | AE12: 21.068817 | AF12: 21.119173 | AG12: 21.200681 | AH12: 21.835127 | AI12: 22.246576 | AJ12: 22.440563 | AK12: 22.9681 | AL12: 23.733478 | AM12: 24.445997 | AN12: 24.663538 | AO12: 24.497057 | AP12: 25.36636 | AQ12: 25.97943 | AR12: 26.042845
B13: 연결IS | F13: 지배주주지분(조원) | I13: 16.207021 | J13: 16.327171 | K13: 16.558969 | L13: 16.718895 | M13: 16.88505 | N13: 16.660872 | O13: 16.841606 | P13: 16.80795 | Q13: 16.592054 | R13: 17.169913 | S13: 17.48139 | T13: 17.501662 | U13: 17.7 | V13: 18 | W13: 18.1 | X13: 17.6 | Y13: 17.6 | Z13: 17.4 | AA13: 17.6 | AB13: 17.5 | AC13: 17.7 | AD13: 18.1 | AE13: 18.2 | AF13: 18.173603 | AG13: 18.282786 | AH13: 18.864575 | AI13: 19.220809 | AJ13: 19.404175 | AK13: 19.9324 | AL13: 20.646993 | AM13: 21.318981 | AN13: 21.507516 | AO13: 21.39544 | AP13: 22.131497 | AQ13: 22.632009 | AR13: 22.680116
B14: 연결손익Ⅰ | E14: 대출채권(조원) | I14: 151.08183 | J14: 149.07544 | K14: 151.34245 | L14: 152.25641 | M14: 152.71795 | N14: 153.7929 | O14: 153.84345 | P14: 162.60987 | Q14: 162.68087 | R14: 170.50424 | S14: 175.74566 | T14: 181.63276 | U14: 180.39889 | V14: 183.31811 | W14: 188.49584 | X14: 198.02464 | Y14: 207.01312 | Z14: 208.66571 | AA14: 215.70025 | AB14: 221.19728 | AC14: 219.88831 | AD14: 227.52813 | AE14: 228.55147 | AF14: 236.05165 | AG14: 235.8787 | AH14: 240.94297 | AI14: 251.40556 | AJ14: 252.06124 | AK14: 246.14912 | AL14: 254.89766 | AM14: 264.58767 | AN14: 263.53058 | AO14: 267.00201 | AP14: 278.29238 | AQ14: 283.12075 | AR14: 287.88092
B15: 연결손익Ⅱ | E15: 예수부채(조원) | I15: 142.97451 | J15: 142.6378 | K15: 140.03594 | L15: 142.69041 | M15: 143.62735 | N15: 147.11135 | O15: 31.425869 | P15: 145.07881 | Q15: 153.83141 | R15: 157.80369 | S15: 159.52161 | T15: 162.12083 | U15: 165.31133 | V15: 171.77462 | W15: 177.03143 | X15: 180.29497 | Y15: 186.11538 | Z15: 185.33362 | AA15: 194.03336 | AB15: 196.45416 | AC15: 201.19215 | AD15: 205.32354 | AE15: 207.36667 | AF15: 209.32801 | AG15: 216.6062 | AH15: 223.40226 | AI15: 233.84172 | AJ15: 228.8947 | AK15: 237.70716 | AL15: 248.33765 | AM15: 256.85467 | AN15: 241.26406 | AO15: 253.30443 | AP15: 264.51498 | AQ15: 273.22452 | AR15: 278.48037
B16: 수익성 | E16: 총자본비율 | I16: 11.48 | J16: 11.23 | K16: 11.16 | L16: 11.65 | M16: 11.41 | N16: 10.58 | O16: 11.13 | P16: 14.29 | Q16: 13.9 | R16: 14.46 | S16: 13.92 | T16: 14.149979 | U16: 13.74 | V16: 14 | W16: 13.48 | X16: 13.74 | Y16: 13.37 | Z16: 13.17 | AA16: 13.32 | AB16: 13.49 | AC16: 13.41 | AD16: 13.42 | AE16: 13.51 | AF16: 13.468338 | AG16: 13.120661 | AH16: 13.62 | AI16: 13.439459 | AJ16: 13.864735 | AK16: 13.863674 | AL16: 13.953834 | AM16: 14.102659 | AN16: 13.986128 | AO16: 13.803307 | AP16: 13.901928 | AQ16: 15.347937 | AR16: 15.18
B17: 비이자이익 | E17: (Common Equity Tier Ⅰ Ratio)* | F17: 보통주자본비율 | I17: 0 | J17: 0 | K17: 0 | L17: 0 | M17: 0 | N17: 0 | O17: 0 | P17: 10.92 | Q17: 11.12 | R17: 10.46 | S17: 10 | T17: 9.9595035 | U17: 9.99 | V17: 10.21 | W17: 9.67 | X17: 9.61 | Y17: 9.59 | Z17: 9.17 | AA17: 9.31 | AB17: 10.02 | AC17: 10.38 | AD17: 10.41 | AE17: 10.54 | AF17: 10.493497 | AG17: 10.538764 | AH17: 10.84 | AI17: 10.715791 | AJ17: 11.079426 | AK17: 11.223016 | AL17: 11.405343 | AM17: 11.455698 | AN17: 11.253485 | AO17: 11.067932 | AP17: 11.2272 | AQ17: 12.69798 | AR17: 12.55
B18: 관리비 | E18: (TierⅠ ratio)* | F18: 기본자본비율 | I18: 0 | J18: 0 | K18: 0 | L18: 0 | M18: 0 | N18: 0 | O18: 0 | P18: 11.48 | Q18: 11.44 | R18: 12.3 | S18: 11.81 | T18: 11.67 | U18: 11.44 | V18: 11.68 | W18: 11.13 | X18: 11.06 | Y18: 10.81 | Z18: 10.43 | AA18: 10.57 | AB18: 11.24 | AC18: 11.4 | AD18: 11.46 | AE18: 11.55 | AF18: 11.489873 | AG18: 11.325346 | AH18: 11.79 | AI18: 11.664274 | AJ18: 12.047119 | AK18: 12.19804 | AL18: 12.328959 | AM18: 12.514861 | AN18: 12.29573 | AO18: 12.112206 | AP18: 12.265066 | AQ18: 13.819907 | AR18: 13.69
B19: 농업지원사업비 | E19: 고정이하여신비율 | I19: 2.05 | J19: 2.14 | K19: 2.16 | L19: 1.78 | M19: 1.8 | N19: 2.28 | O19: 1.92 | P19: 1.95 | Q19: 1.95 | R19: 1.94 | S19: 1.64 | T19: 1.66 | U19: 1.66 | V19: 1.64 | W19: 1.48 | X19: 2.27 | Y19: 2.15 | Z19: 1.81 | AA19: 1.65 | AB19: 1.38 | AC19: 1.36 | AD19: 1.23 | AE19: 1.13 | AF19: 1.0462553 | AG19: 1.0531488 | AH19: 0.95838671 | AI19: 0.94907684 | AJ19: 0.9071978 | AK19: 0.91216388 | AL19: 0.83983916 | AM19: 0.77989518 | AN19: 0.63340075 | AO19: 0.59973055 | AP19: 0.49283883 | AQ19: 0.45 | AR19: 0.48457026
B20: 대출채권 | E20: 대손충당금적립비율 | I20: 81.4 | J20: 105.69 | K20: 104.84 | L20: 116.23 | M20: 121.3 | N20: 98.76 | O20: 108.07 | P20: 106.09 | Q20: 93.39 | R20: 93.08 | S20: 103.59 | T20: 102.14 | U20: 102.48 | V20: 102.17 | W20: 110.91 | X20: 85.46 | Y20: 82.88 | Z20: 95.13 | AA20: 100.04 | AB20: 113.23 | AC20: 113.56 | AD20: 121.36 | AE20: 131.81 | AF20: 143.71 | AG20: 150.05751 | AH20: 163.79357 | AI20: 163.15631 | AJ20: 170.18434 | AK20: 167.18929 | AL20: 180.58486 | AM20: 190.63903 | AN20: 220.41 | AO20: 229.99498 | AP20: 270.31 | AQ20: 292.55355 | AR20: 279.2
B21: 예수부채 | E21: 대손충당금적립비율(*) | AB21: 59.28 | AC21: 58.37 | AD21: 65.84 | AE21: 71.78 | AF21: 79.71 | AG21: 85.828144 | AH21: 89.45695 | AI21: 89.064294 | AJ21: 97.27407 | AK21: 93.189213 | AL21: 97.961805 | AM21: 100.8688 | AN21: 107.87 | AO21: 110.2609 | AP21: 130.86 | AQ21: 142.47568 | AR21: 140.01
B22: 자본적정성 | E22: CIR | I22: 48.541451 | J22: 52.974293 | K22: 53.158136 | L22: 55.371944 | M22: 56.532065 | N22: 58.370949 | O22: 58.056495 | P22: 57.529487 | Q22: 71.341305 | R22: 56.030732 | S22: 57.929693 | T22: 60.412563 | U22: 64.717669 | V22: 60.363182 | W22: 62.373778 | X22: 61.912349 | Y22: 60.735294 | Z22: 56.891522 | AA22: 58.673169 | AB22: 60.369407 | AC22: 59.805591 | AD22: 56.570334 | AE22: 57.660177 | AF22: 59.99008 | AG22: 56.936531 | AH22: 53.127701 | AI22: 55.035868 | AJ22: 57.556858 | AK22: 53.723858 | AL22: 51.285833 | AM22: 53.566124 | AN22: 55.51703 | AO22: 61.06495 | AP22: 51.189902 | AQ22: 50.76264 | AR22: 54.505133
B23: 자산건전성 Ⅰ | E23: RoA(**) | I23: 0.30900769 | J23: 0.2762862 | K23: 0.2627705 | L23: 0.24951382 | M23: 0.28077232 | N23: 0.1270955 | O23: 0.16316467 | P23: 0.12806825 | Q23: 0.022855365 | R23: 0.38891197 | S23: 0.35063615 | T23: 0.27536736 | U23: 0.22187262 | V23: 0.31536522 | W23: 0.29612454 | X23: 0.14937168 | Y23: 0.13845704 | Z23: -0.078723845 | AA23: 0.068141129 | AB23: 0.1189189 | AC23: 0.2989544 | AD23: 0.33127213 | AE23: 0.30883082 | AF23: 0.27762774 | AG23: 0.47334038 | AH23: 0.48373227 | AI23: 0.41855603 | AJ23: 0.34759448 | AK23: 0.49231718 | AL23: 0.52278367 | AM23: 0.48146015 | AN23: 0.46197761 | AO23: 0.31793168 | AP23: 0.46474771 | AQ23: 0.50469136 | AR23: 0.4434522
B24: 자산건전성 Ⅱ | E24: RoE(**) | I24: 4.738554 | J24: 4.2046973 | K24: 3.9513583 | L24: 3.7409874 | M24: 4.1921599 | N24: 1.9104515 | O24: 2.4580998 | P24: 1.9313836 | Q24: 0.35655086 | R24: 6.398215 | S24: 5.8998387 | T24: 4.7016895 | U24: 3.9898812 | V24: 5.6806588 | W24: 5.3645743 | X24: 2.7411038 | Y24: 2.7376 | Z24: -1.5862758 | AA24: 1.3860534 | AB24: 2.4335896 | AC24: 6.2907783 | AD24: 6.9817813 | AE24: 6.5153146 | AF24: 5.8735743 | AG24: 10.163354 | AH24: 10.378731 | AI24: 9.0043471 | AJ24: 7.4761393 | AK24: 10.532691 | AL24: 11.143222 | AM24: 10.095224 | AN24: 9.6666751 | AO24: 6.5058641 | AP24: 9.6600305 | AQ24: 10.515371 | AR24: 9.283301
B25: 농협은행 | E25: 농업지원사업비부담전 RoA | I25: 0.30900769 | J25: 0.43619518 | K25: 0.42364567 | L25: 0.40998219 | M25: 0.41801269 | N25: 0.26368046 | O25: 0.29924545 | P25: 0.26394171 | Q25: 0.11768833 | R25: 0.47800233 | S25: 0.43797322 | T25: 0.36144769 | U25: 0.30640135 | V25: 0.39913787 | W25: 0.37897143 | X25: 0.23134524 | Y25: 0.22200531 | Z25: 0.0036205716 | AA25: 0.14965178 | AB25: 0.19996087 | AC25: 0.37318344 | AD25: 0.40476785 | AE25: 0.38184687 | AF25: 0.35017981 | AG25: 0.54479987 | AH25: 0.55442249 | AI25: 0.4883196 | AJ25: 0.4168022 | AK25: 0.56358171 | AL25: 0.59314508 | AM25: 0.55182155 | AN25: 0.53167435 | AO25: 0.3886367 | AP25: 0.53367312 | AQ25: 0.5726606 | AR25: 0.51063234
B26: 연결BS | E26: 농업지원사업비부담전 RoE | I26: 4.738554 | J26: 6.6382927 | K26: 6.3704863 | L26: 6.146907 | M26: 6.2412707 | N26: 3.9635451 | O26: 4.5081767 | P26: 3.9804766 | Q26: 1.8359748 | R26: 7.8638917 | S26: 7.3693809 | T26: 6.1714462 | U26: 5.5099408 | V26: 7.1896514 | W26: 6.8654235 | X26: 4.245392 | Y26: 4.389533 | Z26: 0.072954074 | AA26: 3.0440552 | AB26: 4.0920551 | AC26: 7.8527504 | AD26: 8.5307527 | AE26: 8.0557132 | AF26: 7.4085072 | AG26: 11.697701 | AH26: 11.895427 | AI26: 10.505163 | AJ26: 8.9646742 | AK26: 12.057333 | AL26: 12.642987 | AM26: 11.570558 | AN26: 11.125048 | AO26: 7.9527071 | AP26: 11.092682 | AQ26: 11.931527 | AR26: 10.689661
B27: 연결IS | E27: NIM(누적) (농협은행) (***) | I27: 2.19 | J27: 2.29 | K27: 2.27 | L27: 2.26 | M27: 2.15 | N27: 2.14 | O27: 2.13 | P27: 2.12 | Q27: 2.03 | R27: 2.03 | S27: 2.03 | T27: 2 | U27: 2.03 | V27: 2 | W27: 1.95 | X27: 1.94 | Y27: 1.76 | Z27: 1.75 | AA27: 1.73 | AB27: 1.73 | AC27: 1.73 | AD27: 1.76 | AE27: 1.77 | AF27: 1.77 | AG27: 1.82 | AH27: 1.86 | AI27: 1.87 | AJ27: 1.84 | AK27: 1.78 | AL27: 1.77 | AM27: 1.74 | AN27: 1.72 | AO27: 1.7 | AP27: 1.67 | AQ27: 1.67 | AR27: 1.65
B28: 이자이익/NIM | E28: NIM(분기) (농협은행) (***) | I28: 2.19 | J28: 2.3 | K28: 2.25 | L28: 2.23 | M28: 2.15 | N28: 2.13 | O28: 2.1 | P28: 2.08 | Q28: 2.03 | R28: 2.03 | S28: 2.03 | T28: 1.93 | U28: 2.03 | V28: 1.95 | W28: 1.85 | X28: 1.9 | Y28: 1.84 | Z28: 1.75 | AA28: 1.7 | AB28: 1.73 | AC28: 1.73 | AD28: 1.78 | AE28: 1.78 | AF28: 1.84 | AG28: 1.82 | AH28: 1.9 | AI28: 1.9 | AJ28: 1.96 | AK28: 1.78 | AL28: 1.76 | AM28: 1.69 | AN28: 1.52 | AO28: 1.7 | AP28: 1.64 | AQ28: 1.66 | AR28: 1.59
B29: 주요계수 | E29: (*) 대손준비금 차감 기준
B30: 농협생명 | E30: (**) 경영공시 기준
B31: 농협손해 | E31: (***) 카드부문 포함, 그룹 nim과 동일
B32: NH투자증권
B33: NH-Amundi자산운용 | D33: 농협은행 연결(단위 : 억원, 누적, %) | I33: 1Q12 | J33: 2Q12 | K33: 3Q12 | L33: 2012 | M33: 1Q13 | N33: 2Q13 | O33: 3Q13 | P33: 2013 | Q33: 1Q14 | R33: 2Q14 | S33: 3Q14 | T33: 2014 | U33: 1Q15 | V33: 2Q15 | W33: 3Q15 | X33: 2015 | Y33: 1Q16 | Z33: 2Q16 | AA33: 3Q16 | AB33: 2016 | AC33: 1Q17 | AD33: 2Q17 | AE33: 3Q17 | AF33: 2017 | AG33: 1Q18 | AH33: 2Q18 | AI33: 3Q18 | AJ33: 2018 | AK33: 1Q19 | AL33: 2Q19 | AM33: 3Q19 | AN33: 2019 | AO33: 1Q20 | AP33: 2Q20 | AQ33: 3Q20 | AR33: 2020
B34: NH농협캐피탈 | E34: 영업수익 | I34: 13262.31 | J34: 48004.41 | K34: 77012.07 | L34: 112493.84 | M34: 34543.78 | N34: 68123.36 | O34: 91897.84 | P34: 121474.19 | Q34: 27251.12 | R34: 61921.89 | S34: 86218.36 | T34: 118704.75 | U34: 28908.92 | V34: 57404 | W34: 97400.54 | X34: 118752.87 | Y34: 33731.01 | Z34: 57893.7 | AA34: 91166.55 | AB34: 116573.37 | AC34: 41831.8 | AD34: 63316.76 | AE34: 89392.81 | AF34: 128372.62 | AG34: 29424.36 | AH34: 70052.62 | AI34: 93489.11 | AJ34: 123870.77 | AK34: 34115.36 | AL34: 71251.55 | AM34: 108358.73 | AN34: 131533.88 | AO34: 49537.22 | AP34: 75479.34 | AQ34: 100138.89 | AR34: 139124.2
B35: NH저축은행 | E35: 영업비용 | I35: 12025.29 | J35: 43913.61 | K35: 70082.24 | L35: 103475.32 | M35: 32064.31 | N35: 65294.74 | O35: 85768.64 | P35: 115027.75 | Q35: 26813.83 | R35: 59268.35 | S35: 80715.94 | T35: 111871.12 | U35: 26928.84 | V35: 52135.02 | W35: 89601.67 | X35: 113790.72 | Y35: 32568.84 | Z35: 60762.61 | AA35: 90101.88 | AB35: 112915.65 | AC35: 38934.04 | AD35: 56945.61 | AE35: 80056.09 | AF35: 116454.21 | AG35: 24702.28 | AH35: 59370.98 | AI35: 78339.25 | AJ35: 104029.62 | AK35: 28342.75 | AL35: 57974.2 | AM35: 89592.45 | AN35: 107325.66 | AO35: 44286.65 | AP35: 63606.68 | AQ35: 82140.94 | AR35: 117003.81
B36: 기타 | E36: 영업이익(누적) | I36: 1237.02 | J36: 4090.8 | K36: 6929.83 | L36: 9018.52 | M36: 2479.47 | N36: 2828.62 | O36: 6129.2 | P36: 6446.44 | Q36: 437.29 | R36: 2653.54 | S36: 5502.42 | T36: 6833.63 | U36: 1980.08 | V36: 5268.98 | W36: 7798.87 | X36: 4962.15 | Y36: 1162.17 | Z36: -2868.91 | AA36: 1064.67 | AB36: 3657.72 | AC36: 2897.76 | AD36: 6371.15 | AE36: 9336.72 | AF36: 11918.41 | AG36: 4722.08 | AH36: 10681.64 | AI36: 15149.86 | AJ36: 19841.15 | AK36: 5772.61 | AL36: 13277.35 | AM36: 18766.28 | AN36: 24208.22 | AO36: 5250.57 | AP36: 11872.66 | AQ36: 17997.95 | AR36: 22120.39
B37: 현황 | E37: 당기순이익(누적) | I37: 545.53 | J37: 1909.23 | K37: 3341.42 | L37: 3945.55 | M37: 1109.03 | N37: 662.52 | O37: 2205.11 | P37: 1735.59 | Q37: -266.35 | R37: 1202.67 | S37: 2799.17 | T37: 3384.53 | U37: 900.39 | V37: 3008.36 | W37: 4315.62 | X37: 1762.93 | Y37: 321.93 | Z37: -3289.95 | AA37: -617.59 | AB37: 1111.26 | AC37: 1504.66 | AD37: 3600.21 | AE37: 5159.99 | AF37: 6520.73 | AG37: 3175.65 | AH37: 6684.04 | AI37: 9339.35 | AJ37: 12225.69 | AK37: 3662.26 | AL37: 8456.14 | AM37: 11921.6 | AN37: 15170.75 | AO37: 3162 | AP37: 7267.52 | AQ37: 11154.95 | AR37: 13707.17
B38: 주식수 | E38: 농업지원사업비 부담전 기준 지배주주지분순이익(누적) | I38: 855.78 | J38: 3174.878 | K38: 5539.976 | L38: 6970.074 | M38: 1911.608 | N38: 2268.444 | O38: 4612.408 | P38: 4946.13 | Q38: 288.098 | R38: 2311.8342 | S38: 4462.052 | T38: 5602.908 | U38: 1479 | V38: 4164.8861 | W38: 6051 | X38: 4076 | Y38: 920 | Z38: -2094 | AA38: 1176 | AB38: 3502.5298 | AC38: 2053.2928 | AD38: 4697.4756 | AE38: 6805.8885 | AF38: 8715.2613 | AG38: 3703.9068 | AH38: 7740.5535 | AI38: 10924.12 | AJ38: 14338.724 | AK38: 4205.5387 | AL38: 9542.706 | AM38: 13551.449 | AN38: 17343.879 | AO38: 3713.1377 | AP38: 8369.8028 | AQ38: 12808.378 | AR38: 15911.736
B39: 지분도 | E39: 자산(조원) | I39: 202.77889 | J39: 199.9579 | K39: 194.09741 | L39: 194.93045 | M39: 198.21626 | N39: 198.10728 | O39: 197.61554 | P39: 195.34688 | Q39: 203.61671 | R39: 207.06163 | S39: 207.81681 | T39: 211.64899 | U39: 215.11997 | V39: 220.74985 | W39: 225.73989 | X39: 231.92017 | Y39: 241.09855 | Z39: 245.63225 | AA39: 251.43123 | AB39: 250.83734 | AC39: 255.78785 | AD39: 260.01109 | AE39: 264.38142 | AF39: 267.33323 | AG39: 269.58962 | AH39: 276.469 | AI39: 286.41479 | AJ39: 283.25063 | AK39: 289.20257 | AL39: 301.83052 | AM39: 309.55331 | AN39: 296.18436 | AO39: 310.094 | AP39: 330.07251 | AQ39: 332.30255 | AR39: 337.63895
E40: 자본(조원) | I40: 12.633323 | J40: 12.750743 | K40: 12.910477 | L40: 12.994448 | M40: 13.220106 | N40: 13.103544 | O40: 13.566403 | P40: 13.97494 | Q40: 13.635621 | R40: 13.844535 | S40: 14.062977 | T40: 13.963527 | U40: 14.300285 | V40: 14.542726 | W40: 14.641177 | X40: 14.16609 | Y40: 14.226654 | Z40: 13.821122 | AA40: 14.065084 | AB40: 14.083033 | AC40: 14.251588 | AD40: 14.501398 | AE40: 14.585619 | AF40: 14.651395 | AG40: 14.770845 | AH40: 15.291957 | AI40: 15.617301 | AJ40: 15.935387 | AK40: 15.750349 | AL40: 16.281197 | AM40: 16.655392 | AN40: 16.865336 | AO40: 16.3809 | AP40: 16.845767 | AQ40: 17.27274 | AR40: 17.620091
E41: 대출채권(조원) | I41: 145.41956 | J41: 143.36548 | K41: 145.56727 | L41: 146.15671 | M41: 146.34254 | N41: 147.83128 | O41: 147.23022 | P41: 155.10002 | Q41: 155.24341 | R41: 159.74061 | S41: 164.84038 | T41: 170.40928 | U41: 168.52805 | V41: 170.77659 | W41: 175.17746 | X41: 183.14532 | Y41: 191.25791 | Z41: 191.97701 | AA41: 198.08503 | AB41: 203.23254 | AC41: 201.25124 | AD41: 207.84517 | AE41: 208.56392 | AF41: 214.91977 | AG41: 208.73315 | AH41: 218.15907 | AI41: 227.75734 | AJ41: 228.95159 | AK41: 222.54303 | AL41: 230.74693 | AM41: 240.90529 | AN41: 238.66234 | AO41: 242.4583 | AP41: 252.9458 | AQ41: 257.84671 | AR41: 262.27743
E42: 예수부채(조원) | I42: 142.72437 | J42: 142.48807 | K42: 139.70504 | L42: 140.1608 | M42: 143.4889 | N42: 146.89572 | O42: 146.20195 | P42: 144.91917 | Q42: 153.63726 | R42: 155.67013 | S42: 157.60722 | T42: 161.40218 | U42: 164.01041 | V42: 170.31317 | W42: 175.40033 | X42: 178.5835 | Y42: 184.4027 | Z42: 182.82321 | AA42: 191.71011 | AB42: 194.21233 | AC42: 198.42378 | AD42: 202.32873 | AE42: 204.22237 | AF42: 205.76832 | AG42: 212.65228 | AH42: 219.2734 | AI42: 228.96793 | AJ42: 224.23048 | AK42: 232.62743 | AL42: 243.06812 | AM42: 251.76003 | AN42: 236.38443 | AO42: 247.4143 | AP42: 258.2944 | AQ42: 266.47621 | AR42: 270.25679
E43: 총자본비율 | I43: 15.15 | J43: 13.84 | K43: 13.71 | L43: 14.43 | M43: 14.76 | N43: 13.99 | O43: 14.83 | P43: 14.76 | Q43: 14.33 | R43: 14.32 | S43: 13.75 | T43: 14.02 | U43: 14.22 | V43: 14.38 | W43: 14.1 | X43: 14.16 | Y43: 14.27 | Z43: 14.26 | AA43: 14.44 | AB43: 14.62 | AC43: 15.04 | AD43: 15.2 | AE43: 15.11 | AF43: 14.72 | AG43: 15.21 | AH43: 15.85 | AI43: 15.53 | AJ43: 15.54 | AK43: 15.57 | AL43: 15.48 | AM43: 15.69 | AN43: 15.192259 | AO43: 14.803235 | AP43: 14.884714 | AQ43: 18.12515 | AR43: 17.7
E44: (Common Equity Tier Ⅰ Ratio)* | F44: 보통주자본비율 | P44: 11.52 | Q44: 11.62 | R44: 11.69 | S44: 11.2 | T44: 10.99 | U44: 11.21 | V44: 11.35 | W44: 11.04 | X44: 10.72 | Y44: 10.79 | Z44: 10.36 | AA44: 10.54 | AB44: 11.32 | AC44: 11.82 | AD44: 12 | AE44: 11.94 | AF44: 11.6 | AG44: 12.22 | AH44: 12.7 | AI44: 12.52 | AJ44: 12.49 | AK44: 12.8 | AL44: 12.82 | AM44: 13.05 | AN44: 12.471202 | AO44: 12.173983 | AP44: 12.337272 | AQ44: 15.272597 | AR44: 14.98
E45: (TierⅠ ratio)* | F45: 기본자본비율 | I45: 12.36 | J45: 11.38 | K45: 11.27 | L45: 11.28 | M45: 11.74 | N45: 11.38 | O45: 11.75 | P45: 12.14 | Q45: 11.97 | R45: 12.03 | S45: 11.53 | T45: 11.32 | U45: 11.53 | V45: 11.67 | W45: 11.36 | X45: 11.04 | Y45: 11.11 | Z45: 10.68 | AA45: 10.86 | AB45: 11.64 | AC45: 12.15 | AD45: 12.33 | AE45: 12.27 | AF45: 11.92 | AG45: 12.49 | AH45: 12.97 | AI45: 12.78 | AJ45: 12.75 | AK45: 12.99 | AL45: 13 | AM45: 13.23 | AN45: 12.653135 | AO45: 12.289762 | AP45: 12.450154 | AQ45: 15.40232 | AR45: 15.11
E46: 고정이하여신비율 | I46: 2.03 | J46: 2.11 | K46: 2.13 | L46: 1.76 | M46: 1.8 | N46: 2.3 | O46: 1.93 | P46: 1.97 | Q46: 1.97 | R46: 1.92 | S46: 1.61 | T46: 1.62 | U46: 1.64 | V46: 1.65 | W46: 1.49 | X46: 2.27 | Y46: 2.15 | Z46: 1.82 | AA46: 1.65 | AB46: 1.36 | AC46: 1.35 | AD46: 1.22 | AE46: 1.12 | AF46: 1.027147 | AG46: 1.0438238 | AH46: 0.95264934 | AI46: 0.94 | AJ46: 0.88663059 | AK46: 0.90323218 | AL46: 0.82787763 | AM46: 0.75114098 | AN46: 0.58 | AO46: 0.57 | AP46: 0.47 | AQ46: 0.4 | AR46: 0.42
E47: 대손충당금적립비율 | I47: 107.75 | J47: 106.14 | K47: 105.27 | L47: 116.25 | M47: 120.03 | N47: 97.63 | O47: 106.2 | P47: 103.88 | Q47: 90.83 | R47: 94.77 | S47: 105.4 | T47: 101.51 | U47: 99.58 | V47: 99.01 | W47: 103.87 | X47: 79.65 | Y47: 81.55 | Z47: 101.25 | AA47: 103.7 | AB47: 112.87 | AC47: 113.44 | AD47: 121.15 | AE47: 132.03 | AF47: 145.37 | AG47: 149.98375 | AH47: 163.31678 | AI47: 162.58 | AJ47: 170.4632 | AK47: 165.82141 | AL47: 180.27503 | AM47: 193.93098 | AN47: 231.55 | AO47: 234.84 | AP47: 276.18 | AQ47: 313.47 | AR47: 300.97
E48: 대손충당금적립비율(*) | AB48: 56.45 | AC48: 55.84 | AD48: 63.94 | AE48: 70.04 | AF48: 78.55 | AG48: 83.876363 | AH48: 86.624534 | AI48: 86.05 | AJ48: 93.667926 | AK48: 88.599224 | AL48: 93.503507 | AM48: 97.360987 | AN48: 103.95 | AO48: 103.77 | AP48: 124.41 | AQ48: 140.05 | AR48: 136.61
E49: CIR | I49: 45.102629 | J49: 50.367473 | K49: 50.730935 | L49: 53.796736 | M49: 56.820599 | N49: 57.754787 | O49: 57.611276 | P49: 57.317538 | Q49: 71.914256 | R49: 63.350946 | S49: 61.753053 | T49: 61.672642 | U49: 63.040403 | V49: 57.787398 | W49: 60.189088 | X49: 59.569642 | Y49: 59.540403 | Z49: 54.628089 | AA49: 55.853934 | AB49: 57.305103 | AC49: 58.685137 | AD49: 54.891424 | AE49: 55.875648 | AF49: 57.879634 | AG49: 56.550632 | AH49: 51.942224 | AI49: 52.718136 | AJ49: 53.292368 | AK49: 53.231641 | AL49: 48.812943 | AM49: 51.080131 | AN49: 53.319407 | AO49: 57.376451 | AP49: 50.172156 | AQ49: 51.365105 | AR49: 55.067327
E50: RoA(**) | I50: 0.10761081 | J50: 0.18962559 | K50: 0.22394293 | L50: 0.19932943 | M50: 0.2256725 | N50: 0.067232021 | O50: 0.14908152 | P50: 0.088171158 | Q50: -0.053408382 | R50: 0.11907128 | S50: 0.1834374 | T50: 0.16501997 | U50: 0.16878266 | V50: 0.27875885 | W50: 0.26357184 | X50: 0.079757678 | Y50: 0.054446894 | Z50: -0.27467715 | AA50: -0.033953961 | AB50: 0.045509142 | AC50: 0.23759735 | AD50: 0.28176674 | AE50: 0.26692022 | AF50: 0.25111585 | AG50: 0.47316295 | AH50: 0.49304944 | AI50: 0.45289658 | AJ50: 0.44198061 | AK50: 0.51179869 | AL50: 0.58032466 | AM50: 0.53708293 | AN50: 0.51251793 | AO50: 0.41723409 | AP50: 0.46569209 | AQ50: 0.46894656 | AR50: 0.42667108
E51: RoE(**) | I51: 1.7272732 | J51: 3.0085487 | K51: 3.490231 | L51: 3.0771126 | M51: 3.3844711 | N51: 1.0110153 | O51: 2.2238248 | P51: 1.2979394 | Q51: -0.77173369 | R51: 1.7406835 | S51: 2.6890174 | T51: 2.4355585 | U51: 2.548531 | V51: 4.216683 | W51: 4.0065371 | X51: 1.2308591 | Y51: 0.90707682 | Z51: -4.6761176 | AA51: -0.5852656 | AB51: 0.78967359 | AC51: 4.2482587 | AD51: 5.0427795 | AE51: 4.7926091 | AF51: 4.5236961 | AG51: 8.6346926 | AH51: 8.9690171 | AI51: 8.2560301 | AJ51: 8.015071 | AK51: 9.2464571 | AL51: 10.577462 | AM51: 9.838994 | AN51: 9.3086179 | AO51: 7.6086809 | AP51: 8.7050063 | AQ51: 8.8314842 | AR51: 8.0644801
E52: 농업지원사업비부담전 RoA | I52: 0.16881047 | J52: 0.31533032 | K52: 0.37129078 | L52: 0.35212858 | M52: 0.38898619 | N52: 0.23019995 | O52: 0.31183242 | P52: 0.25127248 | Q52: 0.057769281 | R52: 0.22888495 | S52: 0.29241069 | T52: 0.27318172 | U52: 0.27724603 | V52: 0.38592418 | W52: 0.3695583 | X52: 0.18440454 | Y52: 0.15559638 | Z52: -0.17482757 | AA52: 0.064654315 | AB52: 0.14343819 | AC52: 0.32423068 | AD52: 0.3676431 | AE52: 0.35206061 | AF52: 0.33562811 | AG52: 0.55187172 | AH52: 0.57098336 | AI52: 0.52974744 | AJ52: 0.51837059 | AK52: 0.58772158 | AL52: 0.65489309 | AM52: 0.61050967 | AN52: 0.58593341 | AO52: 0.48995814 | AP52: 0.53632477 | AQ52: 0.53845555 | AR52: 0.49529388
E53: 농업지원사업비부담전 RoE | I53: 2.7095959 | J53: 5.0029463 | K53: 5.7867002 | L53: 5.4359221 | M53: 5.8337303 | N53: 3.4616791 | O53: 4.6515536 | P53: 3.6989017 | Q53: 0.83474725 | R53: 3.3460314 | S53: 4.2864619 | T53: 4.0319365 | U53: 4.1862718 | V53: 5.8377336 | W53: 5.6176299 | X53: 2.84582 | Y53: 2.5922116 | Z53: -2.9762732 | AA53: 1.1144487 | AB53: 2.4889362 | AC53: 5.7972692 | AD53: 6.579709 | AE53: 6.3213229 | AF53: 6.0461319 | AG53: 10.071039 | AH53: 10.386706 | AI53: 9.6569746 | AJ53: 9.4003604 | AK53: 10.618125 | AL53: 11.936606 | AM53: 11.184122 | AN53: 10.642028 | AO53: 8.9348767 | AP53: 10.025316 | AQ53: 10.140519 | AR53: 9.3615147
E54: NIM(누적) (카드제외) | I54: 1.92 | J54: 1.98 | K54: 2 | L54: 2 | M54: 1.92 | N54: 1.9 | O54: 1.88 | P54: 1.86 | Q54: 1.78 | R54: 1.78 | S54: 1.77 | T54: 1.74 | U54: 1.74 | V54: 1.7 | W54: 1.65 | X54: 1.62 | Y54: 1.53 | Z54: 1.52 | AA54: 1.5 | AB54: 1.49 | AC54: 1.49 | AD54: 1.51 | AE54: 1.52 | AF54: 1.53 | AG54: 1.59 | AH54: 1.62 | AI54: 1.64 | AJ54: 1.65 | AK54: 1.61 | AL54: 1.6 | AM54: 1.57 | AN54: 1.54 | AO54: 1.53 | AP54: 1.49 | AQ54: 1.49 | AR54: 1.47
E55: NIM(분기) (카드제외) | I55: 1.92 | J55: 1.99 | K55: 1.98 | L55: 1.97 | M55: 1.92 | N55: 1.89 | O55: 1.85 | P55: 1.82 | Q55: 1.78 | R55: 1.78 | S55: 1.77 | T55: 1.51 | U55: 1.77 | V55: 1.63 | W55: 1.56 | X55: 1.58 | Y55: 1.62 | Z55: 1.52 | AA55: 1.45 | AB55: 1.47 | AC55: 1.55 | AD55: 1.52 | AE55: 1.57 | AF55: 1.54 | AG55: 1.59 | AH55: 1.66 | AI55: 1.67 | AJ55: 1.71 | AK55: 1.61 | AL55: 1.58 | AM55: 1.52 | AN55: 1.47 | AO55: 1.53 | AP55: 1.45 | AQ55: 1.48 | AR55: 1.4
E56: (*) 대손준비금 차감 기준
E57: (**) 지배주주지분 기준

Sheet 개황Ⅰ
D1: 개황(별도기준)
D3: 자산 (단위 : 억원) | I3: 1Q12 | J3: 2Q12 | K3: 3Q12 | L3: 2012 | M3: 1Q13 | N3: 2Q13 | O3: 3Q13 | P3: 2013 | Q3: 1Q14 | R3: 2Q14 | S3: 3Q14 | T3: 2014 | U3: 1Q15 | V3: 2Q15 | W3: 3Q15 | X3: 2015 | Y3: 1Q16 | Z3: 2Q16 | AA3: 3Q16 | AB3: 2016 | AC3: 1Q17 | AD3: 2Q17 | AE3: 3Q17 | AF3: 2017 | AG3: 1Q18 | AH3: 2Q18 | AI3: 3Q18 | AJ3: 2018 | AK3: 1Q19 | AL3: 2Q19 | AM3: 3Q19 | AN3: 2019 | AO3: 1Q20 | AP3: 2Q20 | AQ3: 3Q20 | AR3: 2020
A4: Table of Contents | D4: 농협금융지주 | I4: 171356.35 | J4: 171286.75 | K4: 171469.19 | L4: 179304.23 | M4: 183718.24 | N4: 185468.77 | O4: 185737.91 | P4: 192130.9 | Q4: 196001.65 | R4: 201630.98 | S4: 202106 | T4: 203454.91 | U4: 207603.48 | V4: 205729.53 | W4: 208464.44 | X4: 209073.29 | Y4: 210611.35 | Z4: 208430.52 | AA4: 210747.78 | AB4: 210143.18 | AC4: 210371.47 | AD4: 208856.37 | AE4: 212798.83 | AF4: 210151.5 | AG4: 214025.21 | AH4: 212854.6 | AI4: 217054.46 | AJ4: 215233.62 | AK4: 220218.4 | AL4: 216537.05 | AM4: 218239.59 | AN4: 212381.6 | AO4: 215798.43 | AP4: 218385 | AQ4: 219082.05 | AR4: 219867.35
D5: 농협은행 | I5: 2017212.8 | J5: 1997091.9 | K5: 1938069.5 | L5: 1947558.2 | M5: 1955122.4 | N5: 1956503.8 | O5: 1949029.6 | P5: 1925340.4 | Q5: 2006192.9 | R5: 2039678.6 | S5: 2046390.4 | T5: 2085765.9 | U5: 2119004 | V5: 2175127.1 | W5: 2226174 | X5: 2287166.4 | Y5: 2378698 | Z5: 2422768.9 | AA5: 2478792.1 | AB5: 2472881.7 | AC5: 2524003.1 | AD5: 2564448.3 | AE5: 2608693.7 | AF5: 2634454.4 | AG5: 2657572.5 | AH5: 2725961 | AI5: 2824385 | AJ5: 2791503.4 | AK5: 2852496.5 | AL5: 2978775.8 | AM5: 3056557.8 | AN5: 2920346 | AO5: 3058583.1 | AP5: 3261054 | AQ5: 3280132.3 | AR5: 3331525.3
A6: NONGHYUP FIANCIAL GROUP | D6: 농협생명 | I6: 383743.18 | J6: 387848.83 | K6: 400837.54 | L6: 422533.02 | M6: 442332.47 | N6: 450169.36 | O6: 461392.68 | P6: 471776.66 | Q6: 481401 | R6: 491554.6 | S6: 503291.35 | T6: 517293.85 | U6: 533961.17 | V6: 544337.77 | W6: 560478.48 | X6: 572190.44 | Y6: 583179.9 | Z6: 593930.9 | AA6: 605239.57 | AB6: 617011.7 | AC6: 617937.5 | AD6: 628493.94 | AE6: 633959.37 | AF6: 637029.94 | AG6: 638761.58 | AH6: 644416.34 | AI6: 645338.59 | AJ6: 646772.69 | AK6: 649298.88 | AL6: 649997.7 | AM6: 652776 | AN6: 648154 | AO6: 650471.95 | AP6: 649210.28 | AQ6: 680659.49 | AR6: 671429.19
B7: 공지사항 | D7: 농협손해 | I7: 21120.26 | J7: 22968 | K7: 27391.81 | L7: 25963.81 | M7: 32094.96 | N7: 34092.95 | O7: 37173.006 | P7: 38070.1 | Q7: 47205.34 | R7: 50091.6 | S7: 52906.52 | T7: 54297.37 | U7: 61724.62 | V7: 63674.71 | W7: 68001.52 | X7: 68330 | Y7: 75385.49 | Z7: 79444.78 | AA7: 82912.77 | AB7: 82554.92 | AC7: 88428.454 | AD7: 94577.251 | AE7: 94310.531 | AF7: 94279.543 | AG7: 98907.064 | AH7: 102739.58 | AI7: 102098.12 | AJ7: 104674.86 | AK7: 106994.53 | AL7: 112544.91 | AM7: 110434.93 | AN7: 106470.04 | AO7: 115603.23 | AP7: 119874.72 | AQ7: 119366.33 | AR7: 113627.25
B8: 농협금융 | D8: 농협증권 | I8: 38598 | J8: 40645 | K8: 47387 | L8: 49474 | M8: 54544 | N8: 63172 | O8: 63841 | P8: 64269 | Q8: 74829 | R8: 79667 | S8: 76060
B9: 주요경영실적 | D9: NH투자증권 | R9: 339926.62 | S9: 343941.78 | T9: 404264.01 | U9: 399354.9 | V9: 408622.6 | W9: 416931 | X9: 404920.72 | Y9: 453610.85 | Z9: 455992.73 | AA9: 421639.05 | AB9: 410219.74 | AC9: 424754.88 | AD9: 435194.6 | AE9: 405791.2 | AF9: 419864.9 | AG9: 441627.09 | AH9: 458900.52 | AI9: 476178.05 | AJ9: 511242.08 | AK9: 518258.09 | AL9: 506995.96 | AM9: 517148 | AN9: 476011 | AO9: 556799 | AP9: 579947.79 | AQ9: 565443.96 | AR9: 606267.81
B10: 개황 Ⅰ | D10: NH-Amundi자산운용 | I10: 530.83106 | J10: 488.61054 | K10: 512.49732 | L10: 535.83436 | M10: 561.22128 | N10: 502.05206 | O10: 527.58325 | P10: 558.88067 | Q10: 585.3778 | R10: 549.68065 | S10: 578.20493 | T10: 622.41095 | U10: 525.64034 | V10: 551.01858 | W10: 577.47666 | X10: 980.15601 | Y10: 914.69131 | Z10: 941.99378 | AA10: 987.47788 | AB10: 1038.1759 | AC10: 928.54165 | AD10: 940.30146 | AE10: 980.33462 | AF10: 1043.5109 | AG10: 957.94446 | AH10: 1010.584 | AI10: 1060.3041 | AJ10: 1121.988 | AK10: 1021.0429 | AL10: 1021.7606 | AM10: 1057.5196 | AN10: 1279.1954 | AO10: 1094.7339 | AP10: 1109.6138 | AQ10: 1164.8991 | AR10: 1254.9709
B11: 개황 Ⅱ | D11: 농협캐피탈 | I11: 13611.045 | J11: 14589.043 | K11: 14565.051 | L11: 15558.111 | M11: 15457.938 | N11: 15900.221 | O11: 16086.592 | P11: 18562.343 | Q11: 18695.237 | R11: 19490.093 | S11: 20217.57 | T11: 20579.799 | U11: 20784.568 | V11: 20667.642 | W11: 21604.554 | X11: 24387.015 | Y11: 27034.041 | Z11: 28774.149 | AA11: 29909.081 | AB11: 31496.903 | AC11: 32691.408 | AD11: 35369.837 | AE11: 39549.863 | AF11: 41252.112 | AG11: 43497.814 | AH11: 45852.637 | AI11: 46748.017 | AJ11: 45542.837 | AK11: 46714.273 | AL11: 47505.545 | AM11: 48083.944 | AN11: 49602.951 | AO11: 55362.993 | AP11: 54817.425 | AQ11: 57509.812 | AR11: 57915.017
B12: 연결BS | D12: 농협선물 | I12: 1843 | J12: 1447 | K12: 2865 | L12: 1744 | M12: 2370 | N12: 3287 | O12: 1348 | P12: 1217 | Q12: 1483 | R12: 1179 | S12: 1650 | T12: 1353 | U12: 1267 | V12: 904
B13: 연결IS | D13: NH저축은행 | R13: 7164.3 | S13: 6816.18 | T13: 7901.33 | U13: 8088.15 | V13: 7901.33 | W13: 7826.74 | X13: 8829.7 | Y13: 8699.03 | Z13: 8600.03 | AA13: 9358.33 | AB13: 9205.32 | AC13: 8949.65 | AD13: 9246.61 | AE13: 10543.31 | AF13: 12228.33 | AG13: 12713.06 | AH13: 12983.45 | AI13: 14654.55 | AJ13: 13926.21 | AK13: 13197.64 | AL13: 15657.97 | AM13: 14632.93 | AN13: 14511.86 | AO13: 15326.21 | AP13: 15172 | AQ13: 15399.79 | AR13: 18353.18
B14: 연결손익Ⅰ | D14: NH농협리츠운용 | AI14: 294 | AJ14: 288 | AK14: 291 | AL14: 286 | AM14: 279.687 | AN14: 299 | AO14: 307 | AP14: 296.79 | AQ14: 297.41 | AR14: 307.8871
B15: 연결손익Ⅱ | D15: NH벤처투자 | AN15: 299.74 | AO15: 297.97199 | AP15: 294.69254 | AQ15: 290.63055 | AR15: 285.84388
B16: 수익성 | D16: 저축은행은 K-GAAP기준
B17: 비이자이익
B18: 관리비 | D18: 부채 (단위 : 억원) | I18: 1Q12 | J18: 2Q12 | K18: 3Q12 | L18: 2012 | M18: 1Q13 | N18: 2Q13 | O18: 3Q13 | P18: 2013 | Q18: 1Q14 | R18: 2Q14 | S18: 3Q14 | T18: 2014 | U18: 1Q15 | V18: 2Q15 | W18: 3Q15 | X18: 2015 | Y18: 1Q16 | Z18: 2Q16 | AA18: 3Q16 | AB18: 2016 | AC18: 1Q17 | AD18: 2Q17 | AE18: 3Q17 | AF18: 2017 | AG18: 1Q18 | AH18: 2Q18 | AI18: 3Q18 | AJ18: 2018 | AK18: 1Q19 | AL18: 2Q19 | AM18: 3Q19 | AN18: 2019 | AO18: 1Q20 | AP18: 2Q20 | AQ18: 3Q20 | AR18: 2020
B19: 농업지원사업비 | D19: 농협금융지주 | I19: 319.84 | J19: 212.82 | K19: 437.19 | L19: 8377.99 | M19: 9296.94 | N19: 11041.15 | O19: 11409.44 | P19: 18010.84 | Q19: 23348.88 | R19: 29220.01 | S19: 30066.85 | T19: 31608.64 | U19: 32836.48 | V19: 31278.8 | W19: 34344.23 | X19: 35592.07 | Y19: 37508.85 | Z19: 35664.33 | AA19: 38320.82 | AB19: 38082.28 | AC19: 38247.32 | AD19: 37065.25 | AE19: 41351.65 | AF19: 39052.11 | AG19: 40473.71 | AH19: 37510.112 | AI19: 42064.08 | AJ19: 40605.56 | AK19: 39576.774 | AL19: 36259.03 | AM19: 36278.67 | AN19: 35923.19 | AO19: 35657.4 | AP19: 38574.66 | AQ19: 39616.21 | AR19: 40766.46
B20: 대출채권 | D20: 농협은행 | I20: 1890285.7 | J20: 1869065.2 | K20: 1808528.7 | L20: 1817040.5 | M20: 1822446.3 | N20: 1825659 | O20: 1813368.2 | P20: 1785729.4 | Q20: 1869994.9 | R20: 1901478 | S20: 1906081.2 | T20: 1946326.7 | U20: 1976355.9 | V20: 2030197.8 | W20: 2080217.4 | X20: 2145817.5 | Y20: 2236849 | Z20: 2285053.2 | AA20: 2338857.6 | AB20: 2332838.9 | AC20: 2382263.2 | AD20: 2420197.4 | AE20: 2463570.7 | AF20: 2488691.9 | AG20: 2510653.7 | AH20: 2573821.3 | AI20: 2669014.2 | AJ20: 2632935.4 | AK20: 2695863.6 | AL20: 2816836.1 | AM20: 2890841.5 | AN20: 2752559 | AO20: 2895624.8 | AP20: 3093542 | AQ20: 3108412 | AR20: 3156353.3
B21: 예수부채 | D21: 농협생명 | I21: 352357.88 | J21: 356451.36 | K21: 368766.74 | L21: 387353.63 | M21: 406823.46 | N21: 414413.28 | O21: 425123.61 | P21: 435307.14 | Q21: 445508.62 | R21: 455550.85 | S21: 466408.3 | T21: 479689.04 | U21: 496848.88 | V21: 506952.56 | W21: 522772.92 | X21: 534173.69 | Y21: 545312.4 | Z21: 555572.8 | AA21: 566486.43 | AB21: 578862.82 | AC21: 579477.36 | AD21: 589646.36 | AE21: 595040.81 | AF21: 598380.94 | AG21: 600183.58 | AH21: 605854.19 | AI21: 607121.87 | AJ21: 610490.37 | AK21: 612691.37 | AL21: 612861.67 | AM21: 615088.67 | AN21: 610678.88 | AO21: 612923.28 | AP21: 610725.91 | AQ21: 625572.5 | AR21: 620787.82
B22: 자본적정성 | D22: 농협손해 | I22: 17864.32 | J22: 19672.38 | K22: 24112.84 | L22: 22008.62 | M22: 28024.65 | N22: 29985.41 | O22: 32929.73 | P22: 33594.05 | Q22: 42942.1 | R22: 45743.29 | S22: 48400.78 | T22: 49590.93 | U22: 57064.11 | V22: 58992.53 | W22: 61782.2 | X22: 61995.51 | Y22: 69053.19 | Z22: 72775.399 | AA22: 76182.27 | AB22: 76276.787 | AC22: 81969.849 | AD22: 87902.552 | AE22: 87692.275 | AF22: 87610.545 | AG22: 92282.497 | AH22: 96051.537 | AI22: 95561.96 | AJ22: 98133.674 | AK22: 100328.61 | AL22: 105772.74 | AM22: 102037.96 | AN22: 97976.103 | AO22: 107010.55 | AP22: 110542.56 | AQ22: 110012.12 | AR22: 104973.58
B23: 자산건전성 Ⅰ | D23: 농협증권 | I23: 32799 | J23: 34737 | K23: 41553 | L23: 42159 | M23: 47132 | N23: 54404 | O23: 55060 | P23: 55447 | Q23: 66005 | R23: 71005 | S23: 67235
B24: 자산건전성 Ⅱ | D24: NH투자증권 | R24: 305384.94 | S24: 308597.2 | T24: 360413.42 | U24: 355067.48 | V24: 363667.76 | W24: 371447.84 | X24: 359632.65 | Y24: 408901.04 | Z24: 410449.85 | AA24: 375851.67 | AB24: 364256.18 | AC24: 378788.84 | AD24: 388269.63 | AE24: 358202.42 | AF24: 371617.62 | AG24: 393816.43 | AH24: 410177.34 | AI24: 426410.65 | AJ24: 461133.33 | AK24: 468246.18 | AL24: 455773.08 | AM24: 465054 | AN24: 423145 | AO24: 504627 | AP24: 525933.45 | AQ24: 509630.37 | AR24: 549783.73
B25: 농협은행 | D25: NH-Amundi자산운용 | I25: 28.06505 | J25: 27.257229 | K25: 30.301954 | L25: 34.293422 | M25: 31.131851 | N25: 35.797977 | O25: 34.54631 | P25: 42.176026 | Q25: 106.41101 | R25: 38.207972 | S25: 34.957651 | T25: 53.534504 | U25: 42.039387 | V25: 40.017365 | W25: 37.856477 | X25: 55.140621 | Y25: 53.526572 | Z25: 49.435072 | AA25: 53.288895 | AB25: 68.277994 | AC25: 72.693503 | AD25: 43.333738 | AE25: 49.394048 | AF25: 77.951247 | AG25: 84.616451 | AH25: 84.822353 | AI25: 97.370327 | AJ25: 121.7717 | AK25: 137.14731 | AL25: 91.327519 | AM25: 82.408666 | AN25: 224.9642 | AO25: 180.00771 | AP25: 141.25618 | AQ25: 152.47044 | AR25: 196.9081
B26: 연결BS | D26: 농협캐피탈 | I26: 12584.485 | J26: 13535.528 | K26: 13497.787 | L26: 14173.573 | M26: 14058.851 | N26: 14422.034 | O26: 14606.925 | P26: 17045.761 | Q26: 17188.852 | R26: 17216.808 | S26: 17917.663 | T26: 18265.491 | U26: 18492.262 | V26: 18285.263 | W26: 19151.743 | X26: 21883.536 | Y26: 24030.43 | Z26: 25665.284 | AA26: 26702.054 | AB26: 28225.024 | AC26: 28467.418 | AD26: 31035.352 | AE26: 35103.667 | AF26: 36739.86 | AG26: 38159.885 | AH26: 40365.196 | AI26: 41112.237 | AJ26: 39820.059 | AK26: 40992.226 | AL26: 41626.332 | AM26: 42071.852 | AN26: 43493.677 | AO26: 49296.843 | AP26: 48569.722 | AQ26: 51105.677 | AR26: 51372.895
B27: 연결IS | D27: 농협선물 | I27: 1229 | J27: 844 | K27: 2264 | L27: 1146 | M27: 1774 | N27: 2691 | O27: 752 | P27: 627 | Q27: 895 | R27: 594 | S27: 1060 | T27: 937 | U27: 857 | V27: 492
B28: 이자이익/NIM | D28: NH저축은행 | R28: 5954.36 | S28: 5590.79 | T28: 6617.52 | U28: 6822.46 | V28: 6617.52 | W28: 6530.78 | X28: 7516.23 | Y28: 7353.69 | Z28: 7226.63 | AA28: 7969.6 | AB28: 7796.57 | AC28: 7510.24 | AD28: 7782.71 | AE28: 9057.63 | AF28: 10724.36 | AG28: 11174.48 | AH28: 11416.98 | AI28: 13059.66 | AJ28: 12283.79 | AK28: 11507.03 | AL28: 13916.85 | AM28: 12861.06 | AN28: 12689.39 | AO28: 13456.27 | AP28: 13250.03 | AQ28: 13431.94 | AR28: 16325.78
B29: 주요계수 | D29: NH농협리츠운용 | AI29: 3 | AJ29: 3 | AK29: 8 | AL29: 8 | AM29: 7 | AN29: 11 | AO29: 13 | AP29: 8.94 | AQ29: 10.19 | AR29: 14.443018
B30: 농협생명 | D30: NH벤처투자 | AN30: 5.16 | AO30: 5.4082532 | AP30: 6.2377775 | AQ30: 6.216594 | AR30: 7.0193362
B31: 농협손해 | D31: 저축은행은 K-GAAP기준
B32: NH투자증권
B33: NH-Amundi자산운용 | D33: 자본 (단위 : 억원) | I33: 1Q12 | J33: 2Q12 | K33: 3Q12 | L33: 2012 | M33: 1Q13 | N33: 2Q13 | O33: 3Q13 | P33: 2013 | Q33: 1Q14 | R33: 2Q14 | S33: 3Q14 | T33: 2014 | U33: 1Q15 | V33: 2Q15 | W33: 3Q15 | X33: 2015 | Y33: 1Q16 | Z33: 2Q16 | AA33: 3Q16 | AB33: 2016 | AC33: 1Q17 | AD33: 2Q17 | AE33: 3Q17 | AF33: 2017 | AG33: 1Q18 | AH33: 2Q18 | AI33: 3Q18 | AJ33: 2018 | AK33: 1Q19 | AL33: 2Q19 | AM33: 3Q19 | AN33: 2019 | AO33: 1Q20 | AP33: 2Q20 | AQ33: 3Q20 | AR33: 2020
B34: NH농협캐피탈 | D34: 농협금융지주 | I34: 171036.51 | J34: 171073.93 | K34: 171032 | L34: 170926.24 | M34: 174421.3 | N34: 174427.62 | O34: 174328.47 | P34: 174120.06 | Q34: 172652.77 | R34: 172410.97 | S34: 172039.15 | T34: 171846.27 | U34: 174767 | V34: 174450.73 | W34: 174120.21 | X34: 173481.22 | Y34: 173102.5 | Z34: 172766.19 | AA34: 172426.96 | AB34: 172060.9 | AC34: 172124.15 | AD34: 171791.12 | AE34: 171447.18 | AF34: 171099.39 | AG34: 173551.5 | AH34: 175344.48 | AI34: 174990.38 | AJ34: 174628.06 | AK34: 180641.62 | AL34: 180278.02 | AM34: 181960.92 | AN34: 176458.41 | AO34: 180141.03 | AP34: 179810.34 | AQ34: 179465.84 | AR34: 179100.89
B35: NH저축은행 | D35: 농협은행 | I35: 126927.08 | J35: 128026.64 | K35: 129540.85 | L35: 130517.76 | M35: 132676.17 | N35: 130844.77 | O35: 135661.44 | P35: 139610.95 | Q35: 136197.99 | R35: 138200.53 | S35: 140309.11 | T35: 139439.2 | U35: 142648.08 | V35: 144929.32 | W35: 145956.64 | X35: 141348.81 | Y35: 141848.97 | Z35: 137715.67 | AA35: 139934.43 | AB35: 140042.74 | AC35: 141739.99 | AD35: 144250.86 | AE35: 145123 | AF35: 145762.52 | AG35: 146918.8 | AH35: 152139.69 | AI35: 155370.84 | AJ35: 158567.98 | AK35: 156632.91 | AL35: 161939.69 | AM35: 165716.28 | AN35: 167787 | AO35: 162958.31 | AP35: 167512 | AQ35: 171719.73 | AR35: 175171.98
B36: 기타 | D36: 농협생명 | I36: 31385.3 | J36: 31397.47 | K36: 32070.8 | L36: 35179.39 | M36: 35509.01 | N36: 35756.08 | O36: 36269.07 | P36: 36469.52 | Q36: 35892.38 | R36: 36003.75 | S36: 36883.05 | T36: 37604.81 | U36: 37112.29 | V36: 37385.21 | W36: 37705.56 | X36: 38016.75 | Y36: 37867.5 | Z36: 38358.1 | AA36: 38753.14 | AB36: 38148.88 | AC36: 38460.14 | AD36: 38847.58 | AE36: 38918.56 | AF36: 38649 | AG36: 38577.997 | AH36: 38562.152 | AI36: 38216.717 | AJ36: 36282.316 | AK36: 36607.513 | AL36: 37136.027 | AM36: 37687.118 | AN36: 37475.117 | AO36: 37548.678 | AP36: 38484.375 | AQ36: 55086.981 | AR36: 50641.37
B37: 현황 | D37: 농협손해 | I37: 3255.94 | J37: 3295.62 | K37: 3278.97 | L37: 3955.19 | M37: 4070.31 | N37: 4107.54 | O37: 4243.276 | P37: 4476.05 | Q37: 4263.24 | R37: 4348.31 | S37: 4505.74 | T37: 4706.44 | U37: 4660.51 | V37: 4682.18 | W37: 6219.32 | X37: 6334.4898 | Y37: 6332.3 | Z37: 6669.3814 | AA37: 6730.5 | AB37: 6278.133 | AC37: 6458.605 | AD37: 6674.699 | AE37: 6618.256 | AF37: 6668.998 | AG37: 6624.567 | AH37: 6688.041 | AI37: 6536.157 | AJ37: 6541.1831 | AK37: 6665.9215 | AL37: 6772.1666 | AM37: 8396.97 | AN37: 8493.9383 | AO37: 8592.6749 | AP37: 9332.1645 | AQ37: 9354.2021 | AR37: 8653.6713
B38: 주식수 | D38: 농협증권 | I38: 5799 | J38: 5908 | K38: 5834 | L38: 7315 | M38: 7412 | N38: 8768 | O38: 8781 | P38: 8822 | Q38: 8824 | R38: 8662 | S38: 8825
B39: 지분도 | D39: NH투자증권 | R39: 34541.68 | S39: 35344.58 | T39: 43850.59 | U39: 44287.42 | V39: 44954.84 | W39: 45483.16 | X39: 45288.07 | Y39: 44709.81 | Z39: 45542.88 | AA39: 45787.38 | AB39: 45963.56 | AC39: 45966.04 | AD39: 46924.97 | AE39: 47588.78 | AF39: 48247.28 | AG39: 47810.65 | AH39: 48723.184 | AI39: 49767.392 | AJ39: 50108.744 | AK39: 50011.915 | AL39: 51222.88 | AM39: 52094 | AN39: 52866 | AO39: 52172 | AP39: 54014.339 | AQ39: 55813.589 | AR39: 56484.08
D40: NH-Amundi자산운용 | I40: 502.76601 | J40: 461.35331 | K40: 482.19536 | L40: 501.54093 | M40: 530.08943 | N40: 466.25409 | O40: 493.03694 | P40: 516.70464 | Q40: 478.96679 | R40: 511.47268 | S40: 543.24728 | T40: 568.87644 | U40: 483.60095 | V40: 511.00122 | W40: 539.62018 | X40: 925.01539 | Y40: 861.16474 | Z40: 892.5587 | AA40: 934.18899 | AB40: 969.89789 | AC40: 855.84815 | AD40: 896.96772 | AE40: 930.94057 | AF40: 965.5597 | AG40: 873.32801 | AH40: 925.76163 | AI40: 962.93377 | AJ40: 1000.2163 | AK40: 883.89556 | AL40: 930.43306 | AM40: 975.11092 | AN40: 1054.2312 | AO40: 914.72621 | AP40: 968.35765 | AQ40: 1012.4286 | AR40: 1058.0628
D41: 농협캐피탈 | I41: 1026.5597 | J41: 1053.515 | K41: 1067.2644 | L41: 1384.5382 | M41: 1399.0863 | N41: 1478.1864 | O41: 1479.6674 | P41: 1516.5821 | Q41: 1506.3851 | R41: 2273.2848 | S41: 2299.9067 | T41: 2314.3087 | U41: 2292.3063 | V41: 2382.379 | W41: 2452.811 | X41: 2503.479 | Y41: 3003.6114 | Z41: 3108.8647 | AA41: 3207.0265 | AB41: 3271.8794 | AC41: 4223.9894 | AD41: 4334.4844 | AE41: 4446.1962 | AF41: 4512.2516 | AG41: 5337.9292 | AH41: 5487.4409 | AI41: 5635.7803 | AJ41: 5722.7786 | AK41: 5722.0467 | AL41: 5879.2132 | AM41: 6012.0916 | AN41: 6109.2744 | AO41: 6066.1498 | AP41: 6247 | AQ41: 6404.1347 | AR41: 6542.1221
D42: 농협선물 | I42: 614 | J42: 603 | K42: 601 | L42: 598 | M42: 596 | N42: 596 | O42: 596 | P42: 590 | Q42: 588 | R42: 585 | S42: 590 | T42: 416 | U42: 410 | V42: 412
D43: NH저축은행 | R43: 1209.94 | S43: 1225.39 | T43: 1283.81 | U43: 1265.69 | V43: 1283.81 | W43: 1295.96 | X43: 1313.47 | Y43: 1345.34 | Z43: 1373.4 | AA43: 1388.73 | AB43: 1408.75 | AC43: 1439.41 | AD43: 1463.9 | AE43: 1485.68 | AF43: 1503.97 | AG43: 1538.58 | AH43: 1566.47 | AI43: 1594.89 | AJ43: 1642.42 | AK43: 1690.61 | AL43: 1741.12 | AM43: 1771.87 | AN43: 1822.47 | AO43: 1869.94 | AP43: 1921.97 | AQ43: 1967.85 | AR43: 2027.4
D44: NH농협리츠운용 | AI44: 291 | AJ44: 285 | AK44: 283 | AL44: 278 | AM44: 278 | AN44: 288 | AO44: 294 | AP44: 287.84 | AQ44: 287.21 | AR44: 293.44408
D45: NH벤처투자 | AN45: 294.58 | AO45: 292.56373 | AP45: 288.45476 | AQ45: 284.41 | AR45: 278.82454
D46: 저축은행은 K-GAAP기준
D48: 당기순이익 (단위 : 억원/누적) | I48: 1Q12 | J48: 2Q12 | K48: 3Q12 | L48: 2012 | M48: 1Q13 | N48: 2Q13 | O48: 3Q13 | P48: 2013 | Q48: 1Q14 | R48: 2Q14 | S48: 3Q14 | T48: 2014 | U48: 1Q15 | V48: 2Q15 | W48: 3Q15 | X48: 2015 | Y48: 1Q16 | Z48: 2Q16 | AA48: 3Q16 | AB48: 2016 | AC48: 1Q17 | AD48: 2Q17 | AE48: 3Q17 | AF48: 2017 | AG48: 1Q18 | AH48: 2Q18 | AI48: 3Q18 | AJ48: 2018 | AK48: 1Q19 | AL48: 2Q19 | AM48: 3Q19 | AN48: 2019 | AO48: 1Q20 | AP48: 2Q20 | AQ48: 3Q20 | AR48: 2020
D49: 농협금융지주 | I49: -8.97 | J49: 28.41 | K49: -13.56 | L49: -127.23 | M49: 3495.08 | N49: 3501.39 | O49: 3402.23 | P49: 3197.46 | Q49: 1262.84 | R49: 1021.12 | S49: 649.36 | T49: 477.02 | U49: 3345.86 | V49: 3029.67 | W49: 2699.23 | X49: 2054.86 | Y49: 1421.49 | Z49: 1085.21 | AA49: 746.21 | AB49: 393.52 | AC49: 421.49 | AD49: 88.56 | AE49: -255.28 | AF49: -603.64 | AG49: 2452.41 | AH49: 2060.7684 | AI49: 1728.57 | AJ49: 1385.23 | AK49: 6620.8926 | AL49: 6226.91 | AM49: 5923.35 | AN49: 450.91 | AO49: 8821.87 | AP49: 8527.83 | AQ49: 8219.97 | AR49: 7883.37
D50: 농협은행 | I50: 664.63 | J50: 2201.62 | K50: 3536.91 | L50: 4272.89 | M50: 931.92 | N50: 740.37 | O50: 2235.82 | P50: 1624.42 | Q50: -350.39 | R50: 1099.6825 | S50: 2511.58 | T50: 3301.03 | U50: 597.61 | V50: 2826.56 | W50: 4191.31 | X50: 1744.91 | Y50: 151.46 | Z50: -3494.88 | AA50: -1065.03 | AB50: 579.97 | AC50: 1429.58 | AD50: 3473.58 | AE50: 5108.78 | AF50: 6513.3 | AG50: 3138.82 | AH50: 6656.64 | AI50: 9274.86 | AJ50: 12180.58 | AK50: 3587.47 | AL50: 8384.6 | AM50: 11893.51 | AN50: 15110 | AO50: 3209.75 | AP50: 7223.14 | AQ50: 11050.3 | AR50: 13527.12
D51: 농협생명 | I51: 113.62 | J51: 471.12 | K51: 804.66 | L51: 1104.25 | M51: 545.51 | N51: 991.39 | O51: 1116.71 | P51: 1403.87 | Q51: 231.9 | R51: 482.83 | S51: 936.94 | T51: 1493.1 | U51: 13.64 | V51: 538.53 | W51: 405.87 | X51: 1554.82 | Y51: 322.04 | Z51: 670.65 | AA51: 1139.68 | AB51: 1514.77 | AC51: 321.18 | AD51: 694.8 | AE51: 1041.81 | AF51: 1009.16 | AG51: 204.24602 | AH51: 479.46936 | AI51: 242.14933 | AJ51: -1229.959 | AK51: -14.125866 | AL51: 125.60214 | AM51: 251.34152 | AN51: 441.17174 | AO51: 22.408511 | AP51: 483.32788 | AQ51: 722.74314 | AR51: 691.21416
D52: 농협손해 | I52: 65.94 | J52: 110.97 | K52: 32.28 | L52: 127.37 | M52: 107.88 | N52: 290.28 | O52: 349.53 | P52: 557.09 | Q52: 150.65 | R52: 202.41 | S52: 253.37 | T52: 338.26 | U52: 48.01 | V52: 155.8 | W52: 230.17 | X52: 409.97 | Y52: 56.74 | Z52: 219.55 | AA52: 215.92 | AB52: 353.11 | AC52: 76.619 | AD52: 171.81 | AE52: 167.22 | AF52: 264.84 | AG52: 86.979 | AH52: 205.08 | AI52: 28.439013 | AJ52: 19.66929 | AK52: 19.658822 | AL52: 58.72819 | AM52: 39.757151 | AN52: 68.462888 | AO52: 89.221732 | AP52: 419.00435 | AQ52: 491.57222 | AR52: 463.42358
D53: 농협증권 | I53: -80 | J53: 47 | K53: -25 | L53: -14 | M53: 116 | N53: 100 | O53: 134 | P53: 201 | Q53: 68 | R53: -80 | S53: 49
D54: NH투자증권 | R54: -96.65 | S54: 611.17 | T54: 683.76 | U54: 841.48 | V54: 1568.4 | W54: 2136.9 | X54: 2045.69 | Y54: 665.97 | Z54: 1260.54 | AA54: 1940.54 | AB54: 2110.82 | AC54: 1132.91 | AD54: 2051.3 | AE54: 2814.72 | AF54: 3543.26 | AG54: 1276.03 | AH54: 2173.85 | AI54: 3085.996 | AJ54: 3241.4627 | AK54: 1468.5388 | AL54: 2415.9798 | AM54: 3180 | AN54: 4302 | AO54: 625 | AP54: 2266.1552 | AQ54: 4156.6441 | AR54: 4892.1136
D55: NH-Amundi자산운용 | I55: 19.467024 | J55: 43.054329 | K55: 63.89638 | L55: 83.241952 | M55: 28.548493 | N55: 54.713152 | O55: 81.496005 | P55: 105.16371 | Q55: 32.262152 | R55: 64.76804 | S55: 96.542637 | T55: 122.1718 | U55: 24.72451 | V55: 52.124773 | W55: 80.743739 | X55: 108.33895 | Y55: 36.149349 | Z55: 67.543313 | AA55: 109.17697 | AB55: 144.87407 | AC55: 25.903253 | AD55: 66.971455 | AE55: 100.93637 | AF55: 135.22758 | AG55: 37.924885 | AH55: 90.358507 | AI55: 127.4962 | AJ55: 165.55791 | AK55: 43.679298 | AL55: 90.216793 | AM55: 134.89465 | AN55: 217.43869 | AO55: 60.679033 | AP55: 114.51221 | AQ55: 158.75901 | AR55: 204.57716
D56: 농협캐피탈 | I56: 50.753879 | J56: 72.976152 | K56: 29.509671 | L56: 69.181956 | M56: 19.66947 | N56: 80.07114 | O56: 109.61152 | P56: 140.96934 | Q56: 32.508282 | R56: 98.521901 | S56: 141.08546 | T56: 156.62153 | U56: 23.793854 | V56: 107.53834 | W56: 180.12538 | X56: 226.73759 | Y56: 58.148563 | Z56: 138.43146 | AA56: 227.33999 | AB56: 300.21653 | AC56: 71.777045 | AD56: 179.64801 | AE56: 285.81707 | AF56: 353.03596 | AG56: 115.39723 | AH56: 266.62505 | AI56: 415.73685 | AJ56: 470.14567 | AK56: 125.17287 | AL56: 277.43071 | AM56: 401.68943 | AN56: 503.41102 | AO56: 105.06104 | AP56: 285.18917 | AQ56: 447.43382 | AR56: 583.71367
D57: 농협선물 | I57: 4 | J57: 4 | K57: 6 | L57: 4 | M57: 1 | N57: 2 | O57: 3 | P57: 3 | Q57: 1 | R57: 2 | S57: 3 | T57: 6 | U57: 1 | V57: 2
D58: NH저축은행 | R58: -243.03 | S58: -204.56 | T58: -204.56 | U58: 17.94 | V58: 35.45 | W58: 47.6 | X58: 65.11 | Y58: 31.87 | Z58: 59.94 | AA58: 74.79 | AB58: 95.27 | AC58: 30.19 | AD58: 55.89 | AE58: 76.98 | AF58: 94.77 | AG58: 34.468031 | AH58: 63.18 | AI58: 89.75 | AJ58: 118.19 | AK58: 38.22 | AL58: 94 | AM58: 136 | AN58: 174.57 | AO58: 48.97 | AP58: 100.78 | AQ58: 146.57 | AR58: 206.98
D59: NH농협리츠운용 | AI59: -9 | AJ59: -13 | AK59: -1 | AL59: -5 | AM59: -10 | AN59: 4 | AO59: 6 | AP59: 0 | AQ59: -0.42103107 | AR59: 6.36
D60: NH벤처투자 | AN60: 0.06 | AO60: -2.5532216 | AP60: -5.9830305 | AQ60: -9.2920381 | AR60: -13.619376
D61: 저축은행은 K-GAAP기준
D63: 농업지원사업비부담전 당기순이익 (단위 : 억원/누적) | I63: 1Q12 | J63: 2Q12 | K63: 3Q12 | L63: 2012 | M63: 1Q13 | N63: 2Q13 | O63: 3Q13 | P63: 2013 | Q63: 1Q14 | R63: 2Q14 | S63: 3Q14 | T63: 2014 | U63: 1Q15 | V63: 2Q15 | W63: 3Q15 | X63: 2015 | Y63: 1Q16 | Z63: 2Q16 | AA63: 3Q16 | AB63: 2016 | AC63: 1Q17 | AD63: 2Q17 | AE63: 3Q17 | AF63: 2017 | AG63: 1Q18 | AH63: 2Q18 | AI63: 3Q18 | AJ63: 2018 | AK63: 1Q19 | AL63: 2Q19 | AM63: 3Q19 | AN63: 2019 | AO63: 1Q20 | AP63: 2Q20 | AQ63: 3Q20 | AR63: 2020
D64: 농협은행 | I64: 975.61 | J64: 3445.53 | K64: 5713.75 | L64: 7382.67 | M64: 1734.5 | N64: 2345.53 | O64: 4643.55 | P64: 4834.73 | Q64: 204.03 | R64: 2208.5168 | S64: 4174.83 | T64: 5518.7 | U64: 1175.88 | V64: 3983.09 | W64: 5926.11 | X64: 4057.97 | Y64: 749.28 | Z64: -2299.25 | AA64: 728.42 | AB64: 2971.24 | AC64: 1978.21 | AD64: 4570.85 | AE64: 6754.68 | AF64: 8707.8272 | AG64: 3667.08 | AH64: 7713.17 | AI64: 10859.638 | AJ64: 14293.614 | AK64: 4130.7487 | AL64: 9471.166 | AM64: 13523.359 | AN64: 17283.132 | AO64: 3760.75 | AP64: 8325.42 | AQ64: 12703.729 | AR64: 16567.89
D65: 농협생명 | I65: 156.701 | J65: 557.282 | K65: 933.90301 | L65: 1276.574 | M65: 595.92527 | N65: 1092.2205 | O65: 1267.9558 | P65: 1605.5311 | Q65: 286.47594 | R65: 591.98189 | S65: 1100.6678 | T65: 1711.4038 | U65: 70.951844 | V65: 653.15369 | W65: 577.80553 | X65: 1784.0674 | Y65: 416.08169 | Z65: 858.73339 | AA65: 1421.8051 | AB65: 1890.9368 | AC65: 420.87728 | AD65: 894.19457 | AE65: 1340.9019 | AF65: 1407.9491 | AG65: 318.09103 | AH65: 707.1594 | AI65: 583.68438 | AJ65: -774.57892 | AK65: 123.85652 | AL65: 401.56691 | AM65: 665.28867 | AN65: 993.10128 | AO65: 167.14726 | AP65: 772.80538 | AQ65: 1156.9594 | AR65: 1270.1692
D66: 농협손해 | I66: 66.15982 | J66: 111.8796 | K66: 33.86422 | L66: 129.63642 | M66: 108.73654 | N66: 292.00066 | O66: 352.10568 | P66: 560.5245 | Q66: 152.63748 | R66: 206.38495 | S66: 259.33167 | T66: 346.20915 | U66: 50.327964 | V66: 160.43517 | W66: 237.12313 | X66: 419.2411 | Y66: 59.558244 | Z66: 225.18573 | AA66: 224.37397 | AB66: 364.38146 | AC66: 79.049906 | AD66: 176.67181 | AE66: 174.51272 | AF66: 274.56362 | AG66: 102.0735 | AH66: 235.269 | AI66: 73.723122 | AJ66: 80.048112 | AK66: 39.178127 | AL66: 97.766801 | AM66: 98.315067 | AN66: 146.54011 | AO66: 116.18695 | AP66: 472.93479 | AQ66: 572.46788 | AR66: 571.28449
D67: 농협증권 | I67: -79 | J67: 51 | K67: -17 | L67: -4 | M67: 120 | N67: 109 | O67: 147 | P67: 219 | Q67: 73 | R67: -69 | S67: 66
D68: NH투자증권 | R68: -96.65 | S68: 631.69369 | T68: 724.80737 | U68: 869.63389 | V68: 1624.7078 | W68: 2221.3617 | X68: 2158.3056 | Y68: 695.93626 | Z68: 1320.4725 | AA68: 2030.4388 | AB68: 2230.685 | AC68: 1167.759 | AD68: 2120.9979 | AE68: 2919.2669 | AF68: 3682.6558 | AG68: 1316.1098 | AH68: 2254.0096 | AI68: 3206.2353 | AJ68: 3401.7818 | AK68: 1515.3563 | AL68: 2509.6146 | AM68: 3320.4523 | AN68: 4489.2697 | AO68: 675.67319 | AP68: 2367.5016 | AQ68: 4308.6637 | AR68: 5094.8064
D69: NH-Amundi자산운용 | I69: 19.500698 | J69: 43.189023 | K69: 64.132095 | L69: 83.578688 | M69: 28.657388 | N69: 54.930944 | O69: 81.822693 | P69: 105.59929 | Q69: 32.383826 | R69: 65.011389 | S69: 96.907659 | T69: 122.6585 | U69: 24.856654 | V69: 52.389061 | W69: 81.140172 | X69: 108.86752 | Y69: 36.298461 | Z69: 67.841536 | AA69: 109.6243 | AB69: 145.47052 | AC69: 26.069369 | AD69: 67.303686 | AE69: 101.43472 | AF69: 135.89204 | AG69: 38.106367 | AH69: 90.721471 | AI69: 128.04064 | AJ69: 166.28385 | AK69: 43.882204 | AL69: 90.622604 | AM69: 135.50337 | AN69: 218.25031 | AO69: 60.919798 | AP69: 114.99374 | AQ69: 159.48131 | AR69: 205.54023
D70: 농협캐피탈 | I70: 50.856427 | J70: 73.379729 | K70: 30.21593 | L70: 70.190898 | M70: 20.160145 | N70: 81.052491 | O70: 111.08355 | P70: 142.93204 | Q70: 33.232375 | R70: 99.970087 | S70: 143.25774 | T70: 159.5179 | U70: 24.729594 | V70: 109.40982 | W70: 182.9326 | X70: 230.48055 | Y70: 59.234789 | Z70: 140.60391 | AA70: 230.59866 | AB70: 304.56143 | AC70: 72.913674 | AD70: 181.92126 | AE70: 289.22695 | AF70: 357.58247 | AG70: 116.62778 | AH70: 269.08615 | AI70: 419.4285 | AJ70: 475.06787 | AK70: 126.5704 | AL70: 280.22578 | AM70: 405.88203 | AN70: 509.00115 | AO70: 106.70811 | AP70: 288.48333 | AQ70: 452.37506 | AR70: 590.302
D71: 농협선물 | I71: 4 | J71: 5 | K71: 6 | L71: 4 | M71: 1 | N71: 3 | O71: 4 | P71: 5 | Q71: 1 | R71: 2.758 | S71: 4 | T71: 7 | U71: 1 | V71: 2
D72: NH저축은행 | R72: -242.71164 | S72: -203.89296 | T72: -203.55186 | U72: 18.37206 | V72: 36.30654 | W72: 48.8886 | X72: 66.83066 | Y72: 32.3248 | Z72: 60.84202 | AA72: 76.14682 | AB72: 97.08162 | AC72: 30.59932 | AD72: 56.70864 | AE72: 78.20796 | AF72: 96.41486 | AG72: 34.808781 | AH72: 63.860224 | AI72: 90.77225 | AJ72: 119.553 | AK72: 38.561127 | AL72: 94.6815 | AM72: 137.02225 | AN72: 175.93338 | AO72: 49.36875 | AP72: 101.87 | AQ72: 147.759 | AR72: 208.5605
D73: NH농협리츠운용 | AI73: -9 | AJ73: -13 | AK73: -1 | AL73: -5 | AM73: -9.69 | AN73: 4 | AO73: 6 | AP73: 0.0135575 | AQ73: -0.39385807 | AR73: 6.4007784
D74: NH벤처투자 | AN74: 0.06 | AO74: -2.5532216 | AP74: -5.9827913 | AQ74: -9.2915596 | AR74: -13.61865
D75: 저축은행은 K-GAAP기준

Sheet 개황Ⅱ
D1: 개황(연결기준)
D3: 자산(단위 : 억원) | I3: 1Q12 | J3: 2Q12 | K3: 3Q12 | L3: 2012(*) | M3: 1Q13 | N3: 2Q13 | O3: 3Q13 | P3: 2013 | Q3: 1Q14 | R3: 2Q14 | S3: 3Q14 | T3: 2014 | U3: 1Q15 | V3: 2Q15 | W3: 3Q15 | X3: 2015 | Y3: 1Q16 | Z3: 2Q16 | AA3: 3Q16 | AB3: 2016 | AC3: 1Q17 | AD3: 2Q17 | AE3: 3Q17 | AF3: 2017 | AG3: 1Q18 | AH3: 2Q18 | AI3: 3Q18 | AJ3: 2018 | AK3: 1Q19 | AL3: 2Q19 | AM3: 3Q19 | AN3: 2019 | AO3: 1Q20 | AP3: 2Q20 | AQ3: 3Q20 | AR3: 2020
A4: Table of Contents | D4: 농협은행 | I4: 2027788.9 | J4: 1999579 | K4: 1940974.1 | L4: 1949304.5 | M4: 1982162.6 | N4: 1981072.8 | O4: 1976155.4 | P4: 1953468.8 | Q4: 2036167.1 | R4: 2070616.3 | S4: 2078168.1 | T4: 2116489.9 | U4: 2151199.7 | V4: 2207498.5 | W4: 2257398.9 | X4: 2319201.7 | Y4: 2410985.5 | Z4: 2456322.5 | AA4: 2514312.3 | AB4: 2508373.4 | AC4: 2557878.5 | AD4: 2600110.9 | AE4: 2643814.2 | AF4: 2673332.3 | AG4: 2695896.2 | AH4: 2764690 | AI4: 2864147.9 | AJ4: 2832506.3 | AK4: 2892025.7 | AL4: 3018305.2 | AM4: 3095533.1 | AN4: 2961843.6 | AO4: 3100940 | AP4: 3300725.1 | AQ4: 3323025.5 | AR4: 3376389.5
E5: (신탁계정) | I5: 108171.4 | J5: 103771.42 | K5: 111928.23 | L5: 117098.29 | M5: 143915.66 | N5: 170069.81 | O5: 181465.83 | P5: 194422.72 | Q5: 198956.23 | R5: 242728.6 | S5: 263227.35 | T5: 257380.27 | U5: 270669.75 | V5: 280094.62 | W5: 289396.76 | X5: 325783.42 | Y5: 335539.22 | Z5: 344689.07 | AA5: 342404.93 | AB5: 328458.57 | AC5: 327228.81 | AD5: 342124.54 | AE5: 324345.54 | AF5: 314828.57 | AG5: 322860.54 | AH5: 355964 | AI5: 386343.79 | AJ5: 380039.76 | AK5: 404834.31 | AL5: 405318.99 | AM5: 403876 | AN5: 410584.99 | AO5: 420955.58 | AP5: 441207.53 | AQ5: 443343.15 | AR5: 449179.38
A6: NONGHYUP FIANCIAL GROUP | D6: 농협생명 | I6: 386010.91 | J6: 390456.21 | K6: 402220.24 | L6: 422748.77 | M6: 443153.66 | N6: 451565.89 | O6: 462071.17 | P6: 472004.97 | Q6: 482730.7 | R6: 446786.72 | S6: 504147.48 | T6: 517356.78 | U6: 535142.75 | V6: 544342.77 | W6: 560772.56 | X6: 572101.27 | Y6: 582845.56 | Z6: 593836.26 | AA6: 605191.67 | AB6: 617570.06 | AC6: 618062.01 | AD6: 628683.08 | AE6: 634145.85 | AF6: 637022.16 | AG6: 638782.2 | AH6: 644447.83 | AI6: 645356.43 | AJ6: 646995.1 | AK6: 649433.5 | AL6: 650130.51 | AM6: 652879.18 | AN6: 648159.21 | AO6: 650483.05 | AP6: 649210.33 | AQ6: 680659.49 | AR6: 671429.38
B7: 공지사항 | D7: 농협손해 | I7: 21120.26 | J7: 22968.44 | K7: 27392.33 | L7: 25964.03 | M7: 32098.2 | N7: 34093.87 | O7: 37173.95 | P7: 38072.87 | Q7: 47297.58 | R7: 50385.41 | S7: 53304.33 | T7: 54310.33 | U7: 61728.328 | V7: 63700.392 | W7: 68050.212 | X7: 68328.664 | Y7: 75407.86 | Z7: 79445.39 | AA7: 82912.77 | AB7: 82554.92 | AC7: 88428.454 | AD7: 94577.251 | AE7: 94310.531 | AF7: 94279.543 | AG7: 98907.064 | AH7: 102739.58 | AI7: 102098.12 | AJ7: 104674.86 | AK7: 106994.53 | AL7: 112544.91 | AM7: 110434.93 | AN7: 106470.04 | AO7: 115603.23 | AP7: 119874.72 | AQ7: 119366.33 | AR7: 113627.25
B8: 농협금융 | D8: 농협증권 | I8: 38899.5 | J8: 40930.88 | K8: 47706.63 | L8: 49780.35 | M8: 54783.2 | N8: 63470.36 | O8: 64192.05 | P8: 65826.66 | Q8: 76535.97 | R8: 81468.33 | S8: 77748.98
B9: 주요경영실적 | E9: (신탁계정) | I9: 24452 | J9: 26676 | K9: 27161 | L9: 17987 | M9: 22666 | N9: 23272 | O9: 33801 | P9: 46381 | Q9: 60874 | R9: 57768 | S9: 65822
B10: 개황 Ⅰ | D10: NH투자증권 | R10: 344352.15 | S10: 348271.79 | T10: 410591.75 | U10: 408266.92 | V10: 417472.14 | W10: 430310.09 | X10: 417063.16 | Y10: 468181.68 | Z10: 474305.15 | AA10: 441079.25 | AB10: 429705.95 | AC10: 445475.39 | AD10: 456444.26 | AE10: 423632.58 | AF10: 438927.39 | AG10: 460694.21 | AH10: 481202.01 | AI10: 499151.13 | AJ10: 534225.72 | AK10: 542234.04 | AL10: 532184.68 | AM10: 544318 | AN10: 500751 | AO10: 580678 | AP10: 606279.23 | AQ10: 589202.57 | AR10: 627384.33
B11: 개황 Ⅱ | E11: (신탁계정, WRAP 등) | R11: 246871.5 | S11: 278094.74 | T11: 350514.24 | U11: 318255.73 | V11: 338771.68 | W11: 334646.52 | X11: 319985.46 | Y11: 325727.08 | Z11: 356663.77 | AA11: 379937.78 | AB11: 373609.12 | AC11: 373595.39 | AD11: 405581.52 | AE11: 414378.89 | AF11: 419066.7 | AG11: 439023.27 | AH11: 413967.51 | AI11: 595198.89 | AJ11: 597976.2 | AK11: 624068.22 | AL11: 620748.02 | AM11: 629171 | AN11: 666948 | AO11: 660099 | AP11: 672227.03 | AQ11: 692674.23 | AR11: 733691.99
B12: 연결BS | D12: NH-Amundi자산운용 | I12: 530.83106 | J12: 488.61054 | K12: 512.49732 | L12: 535.83436 | M12: 561.22128 | N12: 502.05206 | O12: 527.58325 | P12: 558.88067 | Q12: 585.3778 | R12: 549.68065 | S12: 578.20493 | T12: 622.41095 | U12: 525.64034 | V12: 551.01858 | W12: 577.47666 | X12: 980.15601 | Y12: 914.69131 | Z12: 941.99378 | AA12: 987.47788 | AB12: 1038.1759 | AC12: 928.54165 | AD12: 940.30146 | AE12: 980.33462 | AF12: 1043.5109 | AG12: 957.94446 | AH12: 1010.584 | AI12: 1060.3041 | AJ12: 1121.988 | AK12: 1021.0429 | AL12: 1021.7606 | AM12: 1057.5196 | AN12: 1279.1954 | AO12: 1094.7339 | AP12: 1109.6138 | AQ12: 1164.8991 | AR12: 1254.9709
B13: 연결IS | D13: (AUM) | I13: 111558 | J13: 112706 | K13: 111443 | L13: 122620 | M13: 121043.8 | N13: 136706.94 | O13: 135477.21 | P13: 142482.11 | Q13: 160016.71 | R13: 163863.52 | S13: 164979.22 | T13: 168502.65 | U13: 177940.93 | V13: 225421.69 | W13: 270496.57 | X13: 272555.2 | Y13: 286005.32 | Z13: 297752.35 | AA13: 280831.75 | AB13: 272589.58 | AC13: 267306.96 | AD13: 277455 | AE13: 257854.38 | AF13: 285169.8 | AG13: 289035.59 | AH13: 331258.96 | AI13: 337582.15 | AJ13: 345125.28 | AK13: 353089.25 | AL13: 393299.29 | AM13: 400527.78 | AN13: 432938 | AO13: 462318 | AP13: 463868 | AQ13: 449999.07 | AR13: 448942
B14: 연결손익Ⅰ | D14: 농협캐피탈 | I14: 13611.045 | J14: 14589.043 | K14: 14565.051 | L14: 15558.111 | M14: 15457.938 | N14: 15900.221 | O14: 16086.592 | P14: 18562.343 | Q14: 18695.237 | R14: 19490.093 | S14: 20217.57 | T14: 20579.799 | U14: 20784.568 | V14: 20667.642 | W14: 21604.554 | X14: 24387.015 | Y14: 27034.041 | Z14: 28774.149 | AA14: 29909.081 | AB14: 31496.903 | AC14: 32691.408 | AD14: 35369.837 | AE14: 39549.863 | AF14: 41252.112 | AG14: 43497.814 | AH14: 45852.637 | AI14: 46748.017 | AJ14: 45542.837 | AK14: 46714.273 | AL14: 47505.545 | AM14: 48083.944 | AN14: 49602.951 | AO14: 55362.993 | AP14: 54817.425 | AQ14: 57509.812 | AR14: 57915.017
B15: 연결손익Ⅱ | D15: 농협선물 | I15: 1843 | J15: 1447 | K15: 2865 | L15: 1744 | M15: 2370 | N15: 3287 | O15: 1348 | P15: 1217 | Q15: 1483 | R15: 1179 | S15: 1650 | T15: 1353 | U15: 1267 | V15: 904
B16: 수익성 | D16: NH저축은행 | R16: 6970.77 | S16: 6781.57 | T16: 7105.95 | U16: 7931.38 | V16: 7780.69 | W16: 7728.08 | X16: 8728.48 | Y16: 8591.49 | Z16: 8526.9 | AA16: 9279.79 | AB16: 9137.15 | AC16: 8882.79 | AD16: 9183.55 | AE16: 10479.36 | AF16: 12166.06 | AG16: 12643.78 | AH16: 12921.57 | AI16: 14595.79 | AJ16: 13872.08 | AK16: 13172.77 | AL16: 15615.21 | AM16: 14608.29 | AN16: 14485.74 | AO16: 15350.01 | AP16: 15150.76 | AQ16: 15387.3 | AR16: 18212.85
B17: 비이자이익 | D17: NH농협리츠운용 | AI17: 294 | AJ17: 288 | AK17: 291 | AL17: 286 | AM17: 279.687 | AN17: 299 | AO17: 307 | AP17: 296.79 | AQ17: 297.41 | AR17: 307.8871
B18: 관리비 | D18: NH벤처투자 | AN18: 299.74 | AO18: 297.97199 | AP18: 294.69254 | AQ18: 290.63055 | AR18: 285.84388
B19: 농업지원사업비 | D19: 기타 | I19: -5244.9056 | J19: -5195.0131 | K19: -5915.9884 | L19: 19357.915 | M19: -6112.0689 | N19: -9100.7329 | O19: -3502.7853 | P19: -4361.7636 | Q19: 1660.5254 | R19: 87244.686 | S19: 39964.225 | T19: 28732.45 | U19: -17619.926 | V19: -16765.633 | W19: -14986.055 | X19: -12378.675 | Y19: -13679.573 | Z19: -10204.103 | AA19: -9018.1685 | AB19: -10428.559 | AC19: -10979.203 | AD19: -8986.7893 | AE19: -6193.6591 | AF19: -10606.076 | AG19: -11042.388 | AH19: -11213.046 | AI19: -6771.8099 | AJ19: -9208.4494 | AK19: -6192.5159 | AL19: -7708.3428 | AM19: -10974.433 | AN19: -12461.871 | AO19: -11575.937 | AP19: -9268.2946 | AQ19: -39137.703 | AR19: -32200.03
B20: 대출채권 | D20: 연결자산총계 | I20: 2484559.5 | J20: 2465264.2 | K20: 2430319.9 | L20: 2484993.5 | M20: 2524474.7 | N20: 2540791.4 | O20: 2554051.9 | P20: 2545349.8 | Q20: 2665155.5 | R20: 3109043.1 | S20: 3130832.2 | T20: 3157142.4 | U20: 3169226.4 | V20: 3246151.5 | W20: 3331455.8 | X20: 3398411.8 | Y20: 3560281.2 | Z20: 3631948.3 | AA20: 3674654.1 | AB20: 3669448 | AC20: 3741367.9 | AD20: 3816322.4 | AE20: 3840719.1 | AF20: 3887417 | AG20: 3940336.9 | AH20: 4041651.2 | AI20: 4166679.9 | AJ20: 4170018.4 | AK20: 4245694.4 | AL20: 4369885.4 | AM20: 4456220.3 | AN20: 4270728.6 | AO20: 4508541 | AP20: 4738490.4 | AQ20: 4747766.3 | AR20: 4834607
B21: 예수부채 | D21: 연결총자산(**) | I21: 2728740.9 | J21: 2708417.6 | K21: 2680852.1 | L21: 2742698.8 | M21: 2812100.2 | N21: 2870840.2 | O21: 2904796 | P21: 2928635.6 | Q21: 3085002.4 | R21: 3820274.7 | S21: 3902955.5 | T21: 3933539.5 | U21: 3936092.8 | V21: 4090439.5 | W21: 4225995.7 | X21: 4316735.8 | Y21: 4507552.9 | Z21: 4631053.5 | AA21: 4677828.6 | AB21: 4644105.2 | AC21: 4709499 | AD21: 4841483.4 | AE21: 4837297.9 | AF21: 4906482.1 | AG21: 4991256.3 | AH21: 5142841.6 | AI21: 5485804.7 | AJ21: 5493159.7 | AK21: 5627686.2 | AL21: 5789251.7 | AM21: 5889795 | AN21: 5781199.6 | AO21: 6051913.6 | AP21: 6315792.9 | AQ21: 6333782.7 | AR21: 6466420.3
B22: 자본적정성 | D22: (*) (구)농협증권은 '13.3.31 일자 기준임(이하 동일)
B23: 자산건전성 Ⅰ | D23: (**) AUM포함
B24: 자산건전성 Ⅱ
B25: 농협은행 | D25: 부채(단위 : 억원) | I25: 1Q12 | J25: 2Q12 | K25: 3Q12 | L25: 2012(*) | M25: 1Q13 | N25: 2Q13 | O25: 3Q13 | P25: 2013 | Q25: 1Q14 | R25: 2Q14 | S25: 3Q14 | T25: 2014 | U25: 1Q15 | V25: 2Q15 | W25: 3Q15 | X25: 2015 | Y25: 1Q16 | Z25: 2Q16 | AA25: 3Q16 | AB25: 2016 | AC25: 1Q17 | AD25: 2Q17 | AE25: 3Q17 | AF25: 2017 | AG25: 1Q18 | AH25: 2Q18 | AI25: 3Q18 | AJ25: 2018 | AK25: 1Q19 | AL25: 2Q19 | AM25: 3Q19 | AN25: 2019 | AO25: 1Q20 | AP25: 2Q20 | AQ25: 3Q20 | AR25: 2020
B26: 연결BS | D26: 농협은행 | I26: 1901455.6 | J26: 1872071.6 | K26: 1811869.3 | L26: 1819360 | M26: 1849961.5 | N26: 1850037.3 | O26: 1840491.3 | P26: 1813719.6 | Q26: 1899811.1 | R26: 1932171.1 | S26: 1937538.4 | T26: 1976854.8 | U26: 2008196.9 | V26: 2062071.2 | W26: 2110987.1 | X26: 2177540.8 | Y26: 2268718.8 | Z26: 2318111.3 | AA26: 2373661.4 | AB26: 2367542.8 | AC26: 2415362.4 | AD26: 2455096.6 | AE26: 2497958 | AF26: 2526818.3 | AG26: 2548187.8 | AH26: 2611770.4 | AI26: 2707974.9 | AJ26: 2673152.3 | AK26: 2734522.2 | AL26: 2855493 | AM26: 2928979.1 | AN26: 2793190 | AO26: 2937131 | AP26: 3132267.5 | AQ26: 3150298.1 | AR26: 3200188.6
B27: 연결IS | D27: 농협생명 | I27: 354753.96 | J27: 359314.98 | K27: 370311.71 | L27: 387440.44 | M27: 407501.91 | N27: 415755.93 | O27: 425837.76 | P27: 435537.67 | Q27: 446786.72 | R27: 456751.12 | S27: 467209.86 | T27: 479822.2 | U27: 498022.71 | V27: 506962.88 | W27: 523182.05 | X27: 534259.93 | Y27: 545131.04 | Z27: 555592.9 | AA27: 566623.85 | AB27: 579341.49 | AC27: 579520.66 | AD27: 589765.12 | AE27: 595170.57 | AF27: 598354.15 | AG27: 600166.02 | AH27: 605856.79 | AI27: 607107.9 | AJ27: 610661.26 | AK27: 612760.64 | AL27: 612940.04 | AM27: 615137.05 | AN27: 610648.49 | AO27: 612877.52 | AP27: 610714.65 | AQ27: 625561.17 | AR27: 620776.49
B28: 이자이익/NIM | D28: 농협손해 | I28: 17864.32 | J28: 19672.85 | K28: 24113.41 | L28: 22009.29 | M28: 28028 | N28: 29986.35 | O28: 32930.25 | P28: 33597.32 | Q28: 43033.91 | R28: 46037.66 | S28: 48798.17 | T28: 49606.89 | U28: 57029.013 | V28: 59018.046 | W28: 61830.464 | X28: 61997.135 | Y28: 69065.14 | Z28: 72775.73 | AA28: 76182.27 | AB28: 76276.787 | AC28: 81969.849 | AD28: 87902.552 | AE28: 87692.275 | AF28: 87610.545 | AG28: 92282.497 | AH28: 96051.537 | AI28: 95561.96 | AJ28: 98133.674 | AK28: 100328.61 | AL28: 105772.74 | AM28: 102037.96 | AN28: 97976.103 | AO28: 107010.55 | AP28: 110542.56 | AQ28: 110012.12 | AR28: 104973.58
B29: 주요계수 | D29: 농협증권 | I29: 33109.65 | J29: 35041.01 | K29: 41866.3 | L29: 42463.09 | M29: 47358.39 | N29: 54689.02 | O29: 55400.06 | P29: 57000.59 | Q29: 67693.62 | R29: 72789.67 | S29: 68919.23
B30: 농협생명 | D30: NH투자증권 | R30: 310105.76 | S30: 313151.44 | T30: 366810.87 | U30: 364054.17 | V30: 372493.23 | W30: 384266.05 | X30: 371557.72 | Y30: 423336.73 | Z30: 428483.93 | AA30: 395177.56 | AB30: 383218.17 | AC30: 399327.78 | AD30: 409166.52 | AE30: 375703.16 | AF30: 390565.32 | AG30: 412833.67 | AH30: 432126.08 | AI30: 448922.3 | AJ30: 483687.69 | AK30: 491484.27 | AL30: 479992.59 | AM30: 491015 | AN30: 446830 | AO30: 527584 | AP30: 550681.31 | AQ30: 531466.87 | AR30: 569355.6
B31: 농협손해 | D31: NH-Amundi자산운용 | I31: 28.06505 | J31: 27.257229 | K31: 30.301954 | L31: 34.293422 | M31: 31.131851 | N31: 35.797977 | O31: 34.54631 | P31: 42.176026 | Q31: 106.41101 | R31: 38.207972 | S31: 34.957651 | T31: 53.534504 | U31: 42.039387 | V31: 40.017365 | W31: 37.856477 | X31: 55.140621 | Y31: 53.526572 | Z31: 49.435072 | AA31: 53.288895 | AB31: 68.277994 | AC31: 72.693503 | AD31: 43.333738 | AE31: 49.394048 | AF31: 77.951247 | AG31: 84.616451 | AH31: 84.822353 | AI31: 97.370327 | AJ31: 121.7717 | AK31: 137.14731 | AL31: 91.327519 | AM31: 82.408666 | AN31: 224.9642 | AO31: 180.00771 | AP31: 141.25618 | AQ31: 152.47044 | AR31: 196.9081
B32: NH투자증권 | D32: 농협캐피탈 | I32: 12584.485 | J32: 13535.528 | K32: 13497.787 | L32: 14173.573 | M32: 14058.851 | N32: 14422.034 | O32: 14606.925 | P32: 17045.761 | Q32: 17188.852 | R32: 17216.808 | S32: 17917.663 | T32: 18265.491 | U32: 18492.262 | V32: 18285.263 | W32: 19151.743 | X32: 21883.536 | Y32: 24030.43 | Z32: 25665.284 | AA32: 26702.054 | AB32: 28225.024 | AC32: 28467.418 | AD32: 31035.352 | AE32: 35103.667 | AF32: 36739.86 | AG32: 38159.885 | AH32: 40365.196 | AI32: 41112.237 | AJ32: 39820.059 | AK32: 40992.226 | AL32: 41626.332 | AM32: 42071.852 | AN32: 43493.677 | AO32: 49296.843 | AP32: 48569.722 | AQ32: 51105.677 | AR32: 51372.895
B33: NH-Amundi자산운용 | D33: 농협선물 | I33: 1229 | J33: 844 | K33: 2264 | L33: 1146 | M33: 1774 | N33: 2691 | O33: 752 | P33: 627 | Q33: 895 | R33: 594 | S33: 1060 | T33: 937 | U33: 857 | V33: 492
B34: NH농협캐피탈 | D34: NH저축은행 | R34: 5976.49 | S34: 5672.27 | T34: 5984.38 | U34: 6830.5 | V34: 6621.51 | W34: 6536.24 | X34: 7519.28 | Y34: 7355.87 | Z34: 7228.24 | AA34: 7969.43 | AB34: 7797.28 | AC34: 7512.54 | AD34: 7784.37 | AE34: 9062.18 | AF34: 10728.19 | AG34: 12180.05 | AH34: 11423.89 | AI34: 13062.39 | AJ34: 12288.97 | AK34: 11535.89 | AL34: 13943.12 | AM34: 12889.87 | AN34: 12720.08 | AO34: 13484.45 | AP34: 13279.14 | AQ34: 13460.79 | AR34: 16355.54
B35: NH저축은행 | D35: NH농협리츠운용 | AI35: 3 | AJ35: 3 | AK35: 8 | AL35: 8 | AM35: 7 | AN35: 11 | AO35: 13 | AP35: 8.94 | AQ35: 10.19 | AR35: 14.443018
B36: 기타 | D36: NH벤처투자 | AN36: 5.16 | AO36: 5.4082532 | AP36: 6.2377775 | AQ36: 6.216594 | AR36: 7.0193362
B37: 현황 | D37: 연결부채총계 | I37: 2316012.3 | J37: 2295443.5 | K37: 2258219.6 | L37: 2311842.3 | M37: 2350402 | N37: 2368492.9 | O37: 2376615.8 | P37: 2368203 | Q37: 2493668.4 | R37: 2908097.4 | S37: 2926384.3 | T37: 2954296.9 | U37: 2964494.5 | V37: 3038328.5 | W37: 3122077 | X37: 3194026.7 | Y37: 3356527.3 | Z37: 3429959.4 | AA37: 3470613.5 | AB37: 3465759.5 | AC37: 3535823.5 | AD37: 3606843.1 | AE37: 3630030.9 | AF37: 3676225.2 | AG37: 3728330 | AH37: 3823299.9 | AI37: 3944214.1 | AJ37: 3945612.8 | AK37: 4016013.3 | AL37: 4132565.8 | AM37: 4211760.3 | AN37: 4024093.2 | AO37: 4263570.5 | AP37: 4484826.8 | AQ37: 4487972 | AR37: 4574178.5
B38: 주식수
B39: 지분도 | D39: 자본 (단위 : 억원) | I39: 1Q12 | J39: 2Q12 | K39: 3Q12 | L39: 2012(*) | M39: 1Q13 | N39: 2Q13 | O39: 3Q13 | P39: 2013 | Q39: 1Q14 | R39: 2Q14 | S39: 3Q14 | T39: 2014 | U39: 1Q15 | V39: 2Q15 | W39: 3Q15 | X39: 2015 | Y39: 1Q16 | Z39: 2Q16 | AA39: 3Q16 | AB39: 2016 | AC39: 1Q17 | AD39: 2Q17 | AE39: 3Q17 | AF39: 2017 | AG39: 1Q18 | AH39: 2Q18 | AI39: 3Q18 | AJ39: 2018 | AK39: 1Q19 | AL39: 2Q19 | AM39: 3Q19 | AN39: 2019 | AO39: 1Q20 | AP39: 2Q20 | AQ39: 3Q20 | AR39: 2020
D40: 농협은행 | I40: 126333.23 | J40: 127507.43 | K40: 129104.77 | L40: 129944.48 | M40: 132201.06 | N40: 131035.44 | O40: 135664.03 | P40: 139749.4 | Q40: 136356.21 | R40: 138445.35 | S40: 140629.77 | T40: 139635.27 | U40: 143002.85 | V40: 145427.26 | W40: 146411.77 | X40: 141660.9 | Y40: 142266.54 | Z40: 138211.22 | AA40: 140650.84 | AB40: 140830.33 | AC40: 142515.88 | AD40: 145013.98 | AE40: 145856.19 | AF40: 146513.95 | AG40: 147708.45 | AH40: 152919.57 | AI40: 156173.01 | AJ40: 159353.87 | AK40: 157503.49 | AL40: 162811.97 | AM40: 166553.92 | AN40: 168653.36 | AO40: 163809 | AP40: 168457.67 | AQ40: 172727.4 | AR40: 176200.91
D41: 농협생명 | I41: 31256.95 | J41: 31141.23 | K41: 31908.53 | L41: 35308.33 | M41: 35651.75 | N41: 35809.96 | O41: 36233.41 | P41: 36467.3 | Q41: 35943.98 | R41: 36092.11 | S41: 36937.62 | T41: 37534.58 | U41: 37120.04 | V41: 37379.89 | W41: 37590.51 | X41: 37841.34 | Y41: 37714.52 | Z41: 38243.36 | AA41: 38567.82 | AB41: 38228.57 | AC41: 38541.35 | AD41: 38917.96 | AE41: 38975.28 | AF41: 38668.01 | AG41: 38616.172 | AH41: 38591.039 | AI41: 38248.526 | AJ41: 36333.846 | AK41: 36672.858 | AL41: 37190.47 | AM41: 37742.13 | AN41: 37510.719 | AO41: 37605.532 | AP41: 38495.68 | AQ41: 55098.32 | AR41: 50652.888
D42: 농협손해 | I42: 3255.94 | J42: 3295.59 | K42: 3278.92 | L42: 3954.74 | M42: 4070.2 | N42: 4107.52 | O42: 4243.7 | P42: 4475.55 | Q42: 4263.67 | R42: 4347.75 | S42: 4506.16 | T42: 4703.44 | U42: 4699.315 | V42: 4682.346 | W42: 6219.748 | X42: 6331.529 | Y42: 6342.72 | Z42: 6669.66 | AA42: 6730.5 | AB42: 6278.133 | AC42: 6458.605 | AD42: 6674.699 | AE42: 6618.256 | AF42: 6668.998 | AG42: 6624.567 | AH42: 6688.041 | AI42: 6536.157 | AJ42: 6541.1831 | AK42: 6665.9215 | AL42: 6772.1666 | AM42: 8396.97 | AN42: 8493.9383 | AO42: 8592.6749 | AP42: 9332.1645 | AQ42: 9354.2021 | AR42: 8653.6713
D43: 농협증권 | I43: 5789.85 | J43: 5889.86 | K43: 5840.33 | L43: 7317.26 | M43: 7424.81 | N43: 8781.33 | O43: 8791.99 | P43: 8826.08 | Q43: 8842.35 | R43: 8678.66 | S43: 8829.74
D44: NH투자증권 | R44: 34246.39 | S44: 35120.35 | T44: 43780.88 | U44: 44212.75 | V44: 44978.91 | W44: 46044.04 | X44: 45505.44 | Y44: 44844.95 | Z44: 45821.22 | AA44: 45901.69 | AB44: 46487.78 | AC44: 46147.61 | AD44: 47277.74 | AE44: 47929.42 | AF44: 48362.07 | AG44: 47860.53 | AH44: 49075.93 | AI44: 50228.822 | AJ44: 50538.028 | AK44: 50749.773 | AL44: 52192.093 | AM44: 53302 | AN44: 53921 | AO44: 53094 | AP44: 55597.918 | AQ44: 57735.7 | AR44: 58028.737
E45: 지배지분 | R45: 34146.81 | S45: 35034.27 | T45: 43689.44 | U45: 44122.98 | V45: 44887.31 | W45: 45609.8 | X45: 45422.96 | Y45: 44757.16 | Z45: 45745.89 | AA45: 45830.97 | AB45: 46388.16 | AC45: 46055.68 | AD45: 47184.76 | AE45: 47832.47 | AF45: 48306 | AG45: 47801.64 | AH45: 49017.558 | AI45: 50180.403 | AJ45: 50476.167 | AK45: 50687.354 | AL45: 52123.821 | AM45: 53232 | AN45: 53851 | AO45: 53040 | AP45: 55529.025 | AQ45: 57670.67 | AR45: 57977.219
D46: NH-Amundi자산운용 | I46: 502.76601 | J46: 461.35331 | K46: 482.19536 | L46: 501.54093 | M46: 530.08943 | N46: 466.25409 | O46: 493.03694 | P46: 516.70464 | Q46: 478.96679 | R46: 511.47268 | S46: 543.24728 | T46: 568.87644 | U46: 483.60095 | V46: 511.00122 | W46: 539.62018 | X46: 925.01539 | Y46: 861.16474 | Z46: 892.5587 | AA46: 934.18899 | AB46: 969.89789 | AC46: 855.84815 | AD46: 896.96772 | AE46: 930.94057 | AF46: 965.5597 | AG46: 873.32801 | AH46: 925.76163 | AI46: 962.93377 | AJ46: 1000.2163 | AK46: 883.89556 | AL46: 930.43306 | AM46: 975.11092 | AN46: 1054.2312 | AO46: 914.72621 | AP46: 968.35765 | AQ46: 1012.4286 | AR46: 1058.0628
D47: 농협캐피탈 | I47: 1026.5597 | J47: 1053.515 | K47: 1067.2644 | L47: 1384.5382 | M47: 1399.0863 | N47: 1478.1864 | O47: 1479.6674 | P47: 1516.5821 | Q47: 1506.3851 | R47: 2273.2848 | S47: 2299.9067 | T47: 2314.3087 | U47: 2292.3063 | V47: 2382.379 | W47: 2452.811 | X47: 2503.479 | Y47: 3003.6114 | Z47: 3108.8647 | AA47: 3207.0265 | AB47: 3271.8794 | AC47: 4223.9894 | AD47: 4334.4844 | AE47: 4446.1962 | AF47: 4512.2516 | AG47: 5337.9292 | AH47: 5487.4409 | AI47: 5635.7803 | AJ47: 5722.7786 | AK47: 5722.0467 | AL47: 5879.2132 | AM47: 6012.0916 | AN47: 6109.2744 | AO47: 6066.1498 | AP47: 6247 | AQ47: 6404.1347 | AR47: 6542.1221
D48: 농협선물 | I48: 614 | J48: 603 | K48: 601 | L48: 598 | M48: 596 | N48: 596 | O48: 596 | P48: 590 | Q48: 588 | R48: 585 | S48: 590 | T48: 416 | U48: 410 | V48: 412
D49: NH저축은행 | R49: 994.28 | S49: 1109.3 | T49: 1121.57 | U49: 1100.88 | V49: 1159.18 | W49: 1191.84 | X49: 1209.2 | Y49: 1235.62 | Z49: 1298.66 | AA49: 1310.36 | AB49: 1339.87 | AC49: 1370.25 | AD49: 1399.18 | AE49: 1417.18 | AF49: 1437.87 | AG49: 1463.73 | AH49: 1497.68 | AI49: 1533.4 | AJ49: 1583.11 | AK49: 1636.88 | AL49: 1672.09 | AM49: 1718.42 | AN49: 1765.81 | AO49: 1815.67 | AP49: 1871.62 | AQ49: 1926.51 | AR49: 1857.31
D50: NH농협리츠운용 | AI50: 291 | AJ50: 285 | AK50: 283 | AL50: 278 | AM50: 272.69 | AN50: 288 | AO50: 294 | AP50: 287.84 | AQ50: 287.21 | AR50: 293.44408
D51: NH벤처투자 | AN51: 294.58 | AO51: 292.56373 | AP51: 288.45476 | AQ51: 284.41 | AR51: 278.82454
D52: 연결자본총계 | I52: 168547.18 | J52: 169820.73 | K52: 172100.3 | L52: 173151.16 | M52: 174072.7 | N52: 172298.53 | O52: 177436.14 | P52: 177146.78 | Q52: 171487.12 | R52: 200945.77 | S52: 204447.92 | T52: 202845.46 | U52: 204731.89 | V52: 207822.99 | W52: 209378.83 | X52: 204385.04 | Y52: 203753.95 | Z52: 201988.89 | AA52: 204040.67 | AB52: 203688.48 | AC52: 205544.34 | AD52: 209479.24 | AE52: 210688.17 | AF52: 211191.73 | AG52: 212006.81 | AH52: 218351.27 | AI52: 222465.76 | AJ52: 224405.63 | AK52: 229681 | AL52: 237334.78 | AM52: 244459.97 | AN52: 246635.38 | AO52: 244970.57 | AP52: 253663.6 | AQ52: 259794.3 | AR52: 260428.45
D54: 당기순이익 (단위 : 억원/누적) | I54: 1Q12 | J54: 2Q12 | K54: 3Q12 | L54: 2012(*) | M54: 1Q13 | N54: 2Q13 | O54: 3Q13 | P54: 2013 | Q54: 1Q14 | R54: 2Q14 | S54: 3Q14 | T54: 2014 | U54: 1Q15 | V54: 2Q15 | W54: 3Q15 | X54: 2015 | Y54: 1Q16 | Z54: 2Q16 | AA54: 3Q16 | AB54: 2016 | AC54: 1Q17 | AD54: 2Q17 | AE54: 3Q17 | AF54: 2017 | AG54: 1Q18 | AH54: 2Q18 | AI54: 3Q18 | AJ54: 2018 | AK54: 1Q19 | AL54: 2Q19 | AM54: 3Q19 | AN54: 2019 | AO54: 1Q20 | AP54: 2Q20 | AQ54: 3Q20 | AR54: 2020
D55: 농협은행 | I55: 545.53 | J55: 1909.23 | K55: 3341.42 | L55: 3945.55 | M55: 1109.03 | N55: 662.52 | O55: 2205.11 | P55: 1735.59 | Q55: -266.35 | R55: 1202.67 | S55: 2799.17 | T55: 3384.53 | U55: 900.39 | V55: 3008.36 | W55: 4315.62 | X55: 1762.93 | Y55: 321.93 | Z55: -3289.95 | AA55: -617.59 | AB55: 1111.26 | AC55: 1504.66 | AD55: 3600.21 | AE55: 5159.99 | AF55: 6520.73 | AG55: 3175.65 | AH55: 6684.04 | AI55: 9339.35 | AJ55: 12225.69 | AK55: 3662.26 | AL55: 8456.14 | AM55: 11921.6 | AN55: 15170.75 | AO55: 3162 | AP55: 7267.52 | AQ55: 11154.95 | AR55: 13707.17
D56: 농협생명 | I56: 155.86 | J56: 365.07 | K56: 713.28 | L56: 1205.34 | M56: 481.24 | N56: 701.63 | O56: 627.34 | P56: 1009.33 | Q56: 352.73 | R56: 715.07 | S56: 1105.33 | T56: 1576.52 | U56: 156.41 | V56: 764.03 | W56: 1182.06 | X56: 1676.17 | Y56: 322.04 | Z56: 787.27 | AA56: 1155.01 | AB56: 1545 | AC56: 320.14 | AD56: 657.77 | AE56: 951.27 | AF56: 854.11 | AG56: 232.51822 | AH56: 501.29016 | AI56: 268.07897 | AJ56: -1141.1193 | AK56: 6.0406347 | AL56: 120.94202 | AM56: 247.14234 | AN56: 400.54842 | AO56: 50.700376 | AP56: 403.66747 | AQ56: 643.21838 | AR56: 611.99259
D57: 농협손해 | I57: 65.91 | J57: 113.1 | K57: 39.51 | L57: 142.47 | M57: 122.42 | N57: 285.37 | O57: 355.81 | P57: 579.338 | Q57: 148.048 | R57: 197.13 | S57: 272.719 | T57: 370.733 | U57: 87.552 | V57: 176.661 | W57: 219.532 | X57: 376.865 | Y57: 78.478 | Z57: 213.61 | AA57: 215.919 | AB57: 353.11 | AC57: 76.619 | AD57: 171.806 | AE57: 167.218 | AF57: 264.844 | AG57: 86.979 | AH57: 205.08 | AI57: 28.439013 | AJ57: 19.66929 | AK57: 19.658822 | AL57: 58.72819 | AM57: 39.757151 | AN57: 68.462888 | AO57: 89.221732 | AP57: 419.00435 | AQ57: 491.57222 | AR57: 463.42358
D58: 농협증권 | I58: 18.99 | J58: 142.64 | K58: 100.83 | L58: 108.28 | M58: 127.23 | N58: 108.79 | O58: 137.91 | P58: 201.1 | Q58: 82.55 | R58: -64.95 | S58: 51.25
D59: NH투자증권 | R59: -182.75 | S59: 594.71 | T59: 812.65 | U59: 843.83 | V59: 1617.06 | W59: 2263.67 | X59: 2142.4 | Y59: 639.97 | Z59: 1311.73 | AA59: 1989.71 | AB59: 2362.21 | AC59: 885.65 | AD59: 1954.53 | AE59: 2821.4 | AF59: 3496.33 | AG59: 1283.23 | AH59: 2450.8421 | AI59: 3498.0494 | AJ59: 3614.7296 | AK59: 1716.2216 | AL59: 2792.0335 | AM59: 3599 | AN59: 4764 | AO59: 311 | AP59: 2616.3289 | AQ59: 5012.4191 | AR59: 5768.785
E60: 지배주주지분 | R60: -184.99 | S60: 591.37 | T60: 810.84 | U60: 844.34 | V60: 1615.64 | W60: 2260.5 | X60: 2150.7 | Y60: 641.72 | Z60: 1311.1 | AA60: 1990.46 | AB60: 2360.72 | AC60: 885.68 | AD60: 1955.56 | AE60: 2820.88 | AF60: 3501.09 | AG60: 1281.29 | AH60: 2448.8186 | AI60: 3504.6848 | AJ60: 3608.621 | AK60: 1711.43 | AL60: 2784.926 | AM60: 3591 | AN60: 4755 | AO60: 322 | AP60: 2616.8118 | AQ60: 5013.8857 | AR60: 5769.7173
D61: NH-Amundi자산운용 | I61: 19.467024 | J61: 43.054329 | K61: 63.89638 | L61: 83.241952 | M61: 28.548493 | N61: 54.713152 | O61: 81.496005 | P61: 105.16371 | Q61: 32.262152 | R61: 64.76804 | S61: 96.542637 | T61: 122.1718 | U61: 24.72451 | V61: 52.124773 | W61: 80.743739 | X61: 108.33895 | Y61: 36.149349 | Z61: 67.543313 | AA61: 109.17697 | AB61: 144.87407 | AC61: 25.903253 | AD61: 66.971455 | AE61: 100.93637 | AF61: 135.22758 | AG61: 37.924885 | AH61: 90.358507 | AI61: 127.4962 | AJ61: 165.55791 | AK61: 43.679298 | AL61: 90.216793 | AM61: 134.89465 | AN61: 217.43869 | AO61: 60.679033 | AP61: 114.51221 | AQ61: 158.75901 | AR61: 204.57716
D62: 농협캐피탈 | I62: 50.753879 | J62: 72.976152 | K62: 29.509671 | L62: 69.181956 | M62: 19.66947 | N62: 80.07114 | O62: 109.61152 | P62: 140.96934 | Q62: 32.508282 | R62: 98.521901 | S62: 141.08546 | T62: 156.62153 | U62: 23.793854 | V62: 107.53834 | W62: 180.12538 | X62: 226.73759 | Y62: 58.148563 | Z62: 138.43146 | AA62: 227.33999 | AB62: 300.21653 | AC62: 71.777045 | AD62: 179.64801 | AE62: 285.81707 | AF62: 353.03596 | AG62: 115.39723 | AH62: 266.62505 | AI62: 415.73685 | AJ62: 470.14567 | AK62: 125.17287 | AL62: 277.43071 | AM62: 401.68943 | AN62: 503.41102 | AO62: 105.06104 | AP62: 285.18917 | AQ62: 447.43382 | AR62: 583.71367
D63: 농협선물 | I63: 4 | J63: 4 | K63: 6 | L63: 4 | M63: 1 | N63: 2 | O63: 3 | P63: 3 | Q63: 1 | R63: 2 | S63: 3 | T63: 6 | U63: 1 | V63: 2
D64: NH저축은행 | R64: -243.71 | S64: -128.47 | T64: -114.27 | U64: -21.25 | V64: 37.6 | W64: 70.28 | X64: 89.38 | Y64: 26.44 | Z64: 88.86 | AA64: 100.81 | AB64: 131.65 | AC64: 29.89 | AD64: 58.75 | AE64: 76.72 | AF64: 96.23 | AG64: 28.05432 | AH64: 62.46 | AI64: 96.34 | AJ64: 128.2 | AK64: 43.54 | AL64: 84 | AM64: 130.14 | AN64: 180.79 | AO64: 51.58 | AP64: 107.04 | AQ64: 162.12 | AR64: 97.85
D65: NH농협리츠운용 | AI65: -9 | AJ65: -13 | AK65: -1 | AL65: -5 | AM65: -6.67 | AN65: 4 | AO65: 6 | AP65: 0 | AQ65: -0.42103107 | AR65: 6.36
D66: NH벤처투자 | AN66: 0.06 | AO66: -2.5532216 | AP66: -5.9830305 | AQ66: -9.2920381 | AR66: -13.619376
D67: 연결당기순이익 | I67: 639.79 | J67: 2279.28 | K67: 3770.83 | L67: 5128.1 | M67: 1758.15 | N67: 1599.34 | O67: 3091.25 | P67: 3240.04 | Q67: 148.86 | R67: 5392.62 | S67: 7527.97 | T67: 8044.87 | U67: 1754.56 | V67: 5031.4 | W67: 7164.72 | X67: 4870.23 | Y67: 1204.35 | Z67: -1389.56 | AA67: 1822.6 | AB67: 4265.56 | AC67: 2769.37 | AD67: 6198.73 | AE67: 8725.16 | AF67: 10525.02 | AG67: 4631.49 | AH67: 9569.357 | AI67: 12585 | AJ67: 14047.06 | AK67: 5179 | AL67: 11140.17 | AM67: 15389.39 | AN67: 19876.63 | AO67: 3489.01 | AP67: 10470.58 | AQ67: 17284.6 | AR67: 20487.61
E68: 지배주주지분순이익 | I68: 684.68 | J68: 2170.84 | K68: 3643.16 | L68: 4918.01 | M68: 1769.96 | N68: 1533.62 | O68: 2898.01 | P68: 2929.85 | Q68: 30.33 | R68: 5250.35 | S68: 7030.41 | T68: 7684.88 | U68: 1375.88 | V68: 4369.75 | W68: 6196.67 | X68: 4022.58 | Y68: 894.15 | Z68: -2012.69 | AA68: 986.83 | AB68: 3209.68 | AC68: 2215.78 | AD68: 5126.97 | AE68: 7284.65 | AF68: 8597.84 | AG68: 3900.81 | AH68: 8294.8522 | AI68: 10771.46 | AJ68: 12188.58 | AK68: 4327 | AL68: 9971.25 | AM68: 13936.89 | AN68: 17796 | AO68: 3386.77 | AP68: 9102.38 | AQ68: 14607.64 | AR68: 17358.79
D70: 농업지원사업비부담전 당기순이익 (단위 : 억원/누적) | I70: 1Q12 | J70: 2Q12 | K70: 3Q12 | L70: 2012(*) | M70: 1Q13 | N70: 2Q13 | O70: 3Q13 | P70: 2013 | Q70: 1Q14 | R70: 2Q14 | S70: 3Q14 | T70: 2014 | U70: 1Q15 | V70: 2Q15 | W70: 3Q15 | X70: 2015 | Y70: 1Q16 | Z70: 2Q16 | AA70: 3Q16 | AB70: 2016 | AC70: 1Q17 | AD70: 2Q17 | AE70: 3Q17 | AF70: 2017 | AG70: 1Q18 | AH70: 2Q18 | AI70: 3Q18 | AJ70: 2018 | AK70: 1Q19 | AL70: 2Q19 | AM70: 3Q19 | AN70: 2019 | AO70: 1Q20 | AP70: 2Q20 | AQ70: 3Q20 | AR70: 2020
D71: 농협은행 | I71: 855.78 | J71: 3174.878 | K71: 5539.976 | L71: 6970.074 | M71: 1911.608 | N71: 2268.444 | O71: 4612.408 | P71: 4946.13 | Q71: 288.098 | R71: 2311.8342 | S71: 4462.052 | T71: 5602.908 | U71: 1479 | V71: 4164.8861 | W71: 6051 | X71: 4076 | Y71: 920 | Z71: -2094 | AA71: 1176 | AB71: 3502.5298 | AC71: 2053.2928 | AD71: 4697.4756 | AE71: 6805.8885 | AF71: 8715.2613 | AG71: 3703.9068 | AH71: 7740.5535 | AI71: 10924.12 | AJ71: 14338.724 | AK71: 4205.5387 | AL71: 9542.706 | AM71: 13551.449 | AN71: 17343.879 | AO71: 3713.1377 | AP71: 8369.8028 | AQ71: 12808.378 | AR71: 15911.736
D72: 농협생명 | I72: 173.08934 | J72: 433.98252 | K72: 833.9157 | L72: 1377.664 | M72: 531.65527 | N72: 802.42053 | O72: 778.5858 | P72: 1210.9911 | Q72: 407.30594 | R72: 824.22189 | S72: 1269.0578 | T72: 1794.8238 | U72: 213.72184 | V72: 878.65369 | W72: 1353.9955 | X72: 1905.4174 | Y72: 416.08169 | Z72: 975.35339 | AA72: 1437.1351 | AB72: 1921.1668 | AC72: 419.83728 | AD72: 857.16457 | AE72: 1250.3619 | AF72: 1252.8961 | AG72: 346.36324 | AH72: 728.9802 | AI72: 609.61403 | AJ72: -685.73927 | AK72: 144.02302 | AL72: 396.90679 | AM72: 661.0895 | AN72: 952.47796 | AO72: 195.43913 | AP72: 693.14498 | AQ72: 1077.4346 | AR72: 1190.9476
D73: 농협손해 | I73: 66.12982 | J73: 114.0096 | K73: 41.09422 | L73: 144.73642 | M73: 123.27654 | N73: 287.09066 | O73: 358.38568 | P73: 582.7725 | Q73: 150.03548 | R73: 201.10495 | S73: 278.68067 | T73: 378.68215 | U73: 89.869964 | V73: 181.29617 | W73: 226.48513 | X73: 386.1361 | Y73: 81.296244 | Z73: 219.24573 | AA73: 224.37297 | AB73: 364.38146 | AC73: 79.049906 | AD73: 176.66781 | AE73: 174.51072 | AF73: 274.56762 | AG73: 102.0735 | AH73: 235.269 | AI73: 73.723122 | AJ73: 80.048112 | AK73: 39.178127 | AL73: 97.766801 | AM73: 98.315067 | AN73: 146.54011 | AO73: 116.18695 | AP73: 472.93479 | AQ73: 572.46788 | AR73: 571.28449
D74: 농협증권 | I74: 18.99 | J74: 143.71 | K74: 102.97 | L74: 111.49 | M74: 131.74 | N74: 117.82 | O74: 151.45 | P74: 219.15 | Q74: 88 | R74: -54.05 | S74: 67.6
D75: NH투자증권 | R75: -184.99 | S75: 612.08 | T75: 852.26 | U75: 872.7 | V75: 1672.37 | W75: 2345.71 | X75: 2264.65 | Y75: 672.13 | Z75: 1371.93 | AA75: 2081.7 | AB75: 2482.37 | AC75: 920.88 | AD75: 2025.95 | AE75: 2926.47 | AF75: 3641.88 | AG75: 1321.6021 | AH75: 2529.4427 | AI75: 3625.621 | AJ75: 3769.8692 | AK75: 1758.4418 | AL75: 2878.9497 | AM75: 3732.0355 | AN75: 4942.05 | AO75: 372.67322 | AP75: 2718.1581 | AQ75: 5165.9053 | AR75: 5972.4101
D76: NH-Amundi자산운용 | I76: 19.500698 | J76: 43.189023 | K76: 64.132095 | L76: 83.578688 | M76: 28.657388 | N76: 54.930944 | O76: 81.822693 | P76: 105.59929 | Q76: 32.383826 | R76: 65.011389 | S76: 96.907659 | T76: 122.6585 | U76: 24.856654 | V76: 52.389061 | W76: 81.140172 | X76: 108.86752 | Y76: 36.298461 | Z76: 67.841536 | AA76: 109.6243 | AB76: 145.47052 | AC76: 26.069369 | AD76: 67.303686 | AE76: 101.43472 | AF76: 135.89204 | AG76: 38.106367 | AH76: 90.721471 | AI76: 128.04064 | AJ76: 166.28385 | AK76: 43.882204 | AL76: 90.622604 | AM76: 135.50337 | AN76: 218.25031 | AO76: 60.919798 | AP76: 114.99374 | AQ76: 159.48131 | AR76: 205.54023
D77: 농협캐피탈 | I77: 50.856427 | J77: 73.379729 | K77: 30.21593 | L77: 70.190898 | M77: 20.160145 | N77: 81.052491 | O77: 111.08355 | P77: 142.93204 | Q77: 33.232375 | R77: 99.970087 | S77: 143.25774 | T77: 159.5179 | U77: 24.729594 | V77: 109.40982 | W77: 182.9326 | X77: 230.48055 | Y77: 59.234789 | Z77: 140.60391 | AA77: 230.59866 | AB77: 304.56143 | AC77: 72.913674 | AD77: 181.92126 | AE77: 289.22695 | AF77: 357.58247 | AG77: 116.62778 | AH77: 269.08615 | AI77: 419.4285 | AJ77: 475.06787 | AK77: 126.5704 | AL77: 280.22578 | AM77: 405.88203 | AN77: 509.00115 | AO77: 106.70811 | AP77: 288.48332 | AQ77: 452.37505 | AR77: 590.302
D78: 농협선물 | I78: 4 | J78: 5 | K78: 6 | L78: 4 | M78: 1 | N78: 3 | O78: 4 | P78: 5 | Q78: 1 | R78: 2.758 | S78: 4 | T78: 7 | U78: 1 | V78: 2
D79: 저축은행 | R79: -243.39164 | S79: -127.80296 | T79: -113.26186 | U79: -20.81794 | V79: 38.45654 | W79: 71.5686 | X79: 91.10066 | Y79: 26.8948 | Z79: 89.76202 | AA79: 102.16682 | AB79: 133.46162 | AC79: 30.29932 | AD79: 59.56864 | AE79: 77.94796 | AF79: 97.87486 | AG79: 28.394432 | AH79: 63.140224 | AI79: 97.36225 | AJ79: 129.563 | AK79: 43.881127 | AL79: 84.6815 | AM79: 131.16225 | AN79: 182.15338 | AO79: 51.97875 | AP79: 107.83025 | AQ79: 163.309 | AR79: 99.4305
D80: NH농협리츠운용 | AI80: -9 | AJ80: -13 | AK80: -1 | AL80: -5 | AM80: -6.67 | AN80: 4 | AO80: 6 | AP80: 0.0135575 | AQ80: -0.39385807 | AR80: 6.4007784
D81: NH벤처투자 | AN81: 0.06 | AO81: -2.5532216 | AP81: -5.9827913 | AQ81: -9.2915596 | AR81: -13.61865
D82: 연결손익(지배주주지분) | I82: 684.68 | J82: 3488.9382 | K82: 5949.8319 | L82: 8213.2556 | M82: 2628.1921 | N82: 3250.0842 | O82: 5472.7063 | P82: 6362.7784 | Q82: 646.61308 | R82: 6482.9162 | S82: 8887.8438 | T82: 10161.584 | U82: 2028.983 | V82: 5675.5818 | W82: 8155.1062 | X82: 6633.6015 | Y82: 1604.4077 | Z82: -592.17469 | AA82: 3117.603 | AB82: 6050.7106 | AC82: 2884.3397 | AD82: 6464.0893 | AE82: 9290.329 | AF82: 11272.079 | AG82: 4578.3191 | AH82: 9649.8704 | AI82: 12803.987 | AJ82: 14898.617 | AK82: 5051.3708 | AL82: 11419.954 | AM82: 16109.946 | AN82: 20693.408 | AO82: 4136.2921 | AP82: 10599.425 | AQ82: 16854.214 | AR82: 20352.923
D84: 당기순이익 (단위 : 억원/분기) | I84: 1Q12 | J84: 2Q12 | K84: 3Q12 | L84: 4Q12(*) | M84: 1Q13 | N84: 2Q13 | O84: 3Q13 | P84: 4Q13 | Q84: 1Q14 | R84: 2Q14 | S84: 3Q14 | T84: 4Q14 | U84: 1Q15 | V84: 2Q15 | W84: 3Q15 | X84: 4Q15 | Y84: 1Q16 | Z84: 2Q16 | AA84: 3Q16 | AB84: 4Q16 | AC84: 1Q17 | AD84: 2Q17 | AE84: 3Q17 | AF84: 4Q17 | AG84: 1Q18 | AH84: 2Q18 | AI84: 3Q18 | AJ84: 4Q18 | AK84: 1Q19 | AL84: 2Q19 | AM84: 3Q19 | AN84: 2019 | AO84: 1Q20 | AP84: 2Q20 | AQ84: 3Q20 | AR84: 2020
D85: 농협은행 | I85: 545.53 | J85: 1363.7 | K85: 1432.19 | L85: 604.13 | M85: 1109.03 | N85: -446.51 | O85: 1542.59 | P85: -469.52 | Q85: -266.35 | R85: 1469.02 | S85: 1596.5 | T85: 585.36 | U85: 900.39 | V85: 2107.97 | W85: 1307.26 | X85: -2552.69 | Y85: 321.93 | Z85: -3611.88 | AA85: 2672.36 | AB85: 1728.85 | AC85: 1504.66 | AD85: 2095.55 | AE85: 1559.78 | AF85: 1360.74 | AG85: 3175.65 | AH85: 3508.39 | AI85: 2655.31 | AJ85: 2886.34 | AK85: 3662.26 | AL85: 4793.88 | AM85: 3465.46 | AN85: 3249.15 | AO85: 3162 | AP85: 4105.52 | AQ85: 3887.43 | AR85: 2552.22
D86: 농협생명 | I86: 155.86 | J86: 209.21 | K86: 348.21 | L86: 492.06 | M86: 481.24 | N86: 220.39 | O86: -74.29 | P86: 381.99 | Q86: 352.73 | R86: 362.34 | S86: 390.26 | T86: 471.19 | U86: 156.41 | V86: 607.62 | W86: 418.03 | X86: 494.11 | Y86: 322.04 | Z86: 465.23 | AA86: 367.74 | AB86: 389.99 | AC86: 320.14 | AD86: 337.63 | AE86: 293.5 | AF86: -97.16 | AG86: 232.51822 | AH86: 268.77194 | AI86: -233.21119 | AJ86: -1409.1983 | AK86: 6.0406347 | AL86: 114.90138 | AM86: 126.20032 | AN86: 153.40608 | AO86: 50.700376 | AP86: 352.9671 | AQ86: 239.55091 | AR86: -31.22579
D87: 농협손해 | I87: 65.91 | J87: 47.19 | K87: -73.59 | L87: 102.96 | M87: 122.42 | N87: 162.95 | O87: 70.44 | P87: 223.528 | Q87: 148.048 | R87: 49.082 | S87: 75.589 | T87: 98.014 | U87: 87.552 | V87: 89.109 | W87: 42.871 | X87: 157.333 | Y87: 78.478 | Z87: 135.132 | AA87: 2.309 | AB87: 137.191 | AC87: 76.619 | AD87: 95.187 | AE87: -4.588 | AF87: 97.626 | AG87: 86.979 | AH87: 118.101 | AI87: -176.64099 | AJ87: -8.7697229 | AK87: 19.658822 | AL87: 39.069368 | AM87: -18.971039 | AN87: 28.705737 | AO87: 89.221732 | AP87: 329.78261 | AQ87: 72.567869 | AR87: -28.148634
D88: 농협증권 | I88: 18.99 | J88: 123.65 | K88: -41.81 | L88: 7.45 | M88: 127.23 | N88: -18.44 | O88: 29.12 | P88: 63.19 | Q88: 82.55 | R88: -147.5 | S88: 116.2
D89: NH투자증권 | R89: -182.75 | S89: 777.46 | T89: 217.94 | U89: 843.83 | V89: 773.23 | W89: 646.61 | X89: -121.27 | Y89: 639.97 | Z89: 671.76 | AA89: 677.98 | AB89: 372.5 | AC89: 885.65 | AD89: 1068.88 | AE89: 866.87 | AF89: 674.93 | AG89: 1283.23 | AH89: 1167.6121 | AI89: 1047.2074 | AJ89: 116.68012 | AK89: 1716.2216 | AL89: 1075.8119 | AM89: 806.96654 | AN89: 1165 | AO89: 311 | AP89: 2305.3289 | AQ89: 2396.0902 | AR89: 756.36586
E90: 지배주주지분 | R90: -184.99 | S90: 776.36 | T90: 219.47 | U90: 844.34 | V90: 771.3 | W90: 644.86 | X90: -109.8 | Y90: 641.72 | Z90: 669.38 | AA90: 679.36 | AB90: 370.26 | AC90: 885.68 | AD90: 1069.88 | AE90: 865.32 | AF90: 680.21 | AG90: 1281.29 | AH90: 1167.5286 | AI90: 1055.8662 | AJ90: 103.93615 | AK90: 1711.43 | AL90: 1073.496 | AM90: 806.07399 | AN90: 1164 | AO90: 322 | AP90: 2294.8118 | AQ90: 2397.0739 | AR90: 755.83156
D91: NH-Amundi자산운용 | I91: 19.467024 | J91: 23.587305 | K91: 20.842051 | L91: 19.345572 | M91: 28.548493 | N91: 26.164659 | O91: 26.782853 | P91: 23.667702 | Q91: 32.383826 | R91: 32.505889 | S91: 31.774597 | T91: 25.629166 | U91: 24.72451 | V91: 27.400263 | W91: 28.618967 | X91: 27.595209 | Y91: 36.149349 | Z91: 31.393963 | AA91: 41.633656 | AB91: 35.697106 | AC91: 25.903253 | AD91: 41.068202 | AE91: 33.964914 | AF91: 34.291214 | AG91: 37.924885 | AH91: 52.433622 | AI91: 37.137691 | AJ91: 38.061715 | AK91: 43.679298 | AL91: 46.537495 | AM91: 44.677862 | AN91: 82.544037 | AO91: 60.679033 | AP91: 53.833172 | AQ91: 44.246806 | AR91: 45.818144
D92: 농협캐피탈 | I92: 50.753879 | J92: 22.222273 | K92: -43.466481 | L92: 39.672285 | M92: 19.66947 | N92: 60.401671 | O92: 29.540384 | P92: 31.357814 | Q92: 33.232375 | R92: 66.013619 | S92: 42.56356 | T92: 15.536064 | U92: 23.793854 | V92: 83.744482 | W92: 72.587048 | X92: 46.612203 | Y92: 58.148563 | Z92: 80.282892 | AA92: 88.908531 | AB92: 72.876539 | AC92: 71.777045 | AD92: 107.87096 | AE92: 106.16906 | AF92: 67.218894 | AG92: 115.39723 | AH92: 151.22782 | AI92: 149.1118 | AJ92: 54.40882 | AK92: 125.17287 | AL92: 152.25784 | AM92: 124.25872 | AN92: 101.72159 | AO92: 105.06104 | AP92: 180.12814 | AQ92: 162.24465 | AR92: 136.27985
D93: 농협선물 | I93: 4 | J93: 0 | K93: 2 | L93: -2 | M93: 1 | N93: 1 | O93: 1 | P93: 0 | Q93: 1 | R93: 1 | S93: 1 | T93: 3 | U93: 1 | V93: 1
D94: NH저축은행 | R94: -243.71 | S94: 115.24 | T94: 14.2 | U94: -21.25 | V94: 58.85 | W94: 32.68 | X94: 19.1 | Y94: 26.44 | Z94: 62.42 | AA94: 11.95 | AB94: 30.84 | AC94: 29.89 | AD94: 28.86 | AE94: 17.97 | AF94: 19.51 | AG94: 28.05432 | AH94: 34.40568 | AI94: 33.88 | AJ94: 31.86 | AK94: 43.54 | AL94: 40.46 | AM94: 46.14 | AN94: 50.65 | AO94: 51.58 | AP94: 55.46 | AQ94: 55.08 | AR94: -64.27
D95: NH농협리츠운용 | AI95: -9 | AJ95: -4 | AK95: -1 | AL95: -4 | AM95: -1.67 | AN95: 10.67 | AO95: 6 | AP95: -6 | AQ95: -0.42103107 | AR95: 6.7810311
D96: NH벤처투자 | AN96: 0.06 | AO96: -2.5532216 | AP96: -3.4298089 | AQ96: -3.3090076 | AR96: -4.3273377
D97: 연결당기순이익 | I97: 639.79 | J97: 1639.49 | K97: 1491.55 | L97: 1357.27 | M97: 1758.15 | N97: -158.81 | O97: 1491.91 | P97: 148.79 | Q97: 148.86 | R97: 5243.76 | S97: 2135.35 | T97: 516.9 | U97: 1754.56 | V97: 3276.84 | W97: 2133.32 | X97: -2294.49 | Y97: 1204.35 | Z97: -2593.91 | AA97: 3212.16 | AB97: 2442.96 | AC97: 2769.37 | AD97: 3429.36 | AE97: 2526.43 | AF97: 1799.86 | AG97: 4631.49 | AH97: 4937.867 | AI97: 3015.643 | AJ97: 1462.06 | AK97: 5179 | AL97: 5961.17 | AM97: 4249.22 | AN97: 4487.24 | AO97: 3489.01 | AP97: 6981.57 | AQ97: 6814.02 | AR97: 3203.01
E98: 지배주주지분순이익 | I98: 684.68 | J98: 1486.16 | K98: 1472.32 | L98: 1274.85 | M98: 1769.96 | N98: -236.34 | O98: 1364.39 | P98: 31.84 | Q98: 30.33 | R98: 5220.02 | S98: 1780.06 | T98: 654.47 | U98: 1375.88 | V98: 2993.87 | W98: 1826.92 | X98: -2174.09 | Y98: 894.15 | Z98: -2906.84 | AA98: 2999.52 | AB98: 2222.85 | AC98: 2215.78 | AD98: 2911.19 | AE98: 2157.68 | AF98: 1313.19 | AG98: 3900.81 | AH98: 4394.0422 | AI98: 2476.6078 | AJ98: 1417.12 | AK98: 4327 | AL98: 5644.25 | AM98: 3965.64 | AN98: 3859.11 | AO98: 3386.77 | AP98: 5715.61 | AQ98: 5505.26 | AR98: 2751.15
D100: 농업지원사업비부담전 당기순이익 (단위 : 억원/분기) | I100: 1Q12 | J100: 2Q12 | K100: 3Q12 | L100: 4Q12(*) | M100: 1Q13 | N100: 2Q13 | O100: 3Q13 | P100: 4Q13 | Q100: 1Q14 | R100: 2Q14 | S100: 3Q14 | T100: 4Q14 | U100: 1Q15 | V100: 2Q15 | W100: 3Q15 | X100: 4Q15 | Y100: 1Q16 | Z100: 2Q16 | AA100: 3Q16 | AB100: 2016 | AC100: 1Q17 | AD100: 2Q17 | AE100: 3Q17 | AF100: 2017 | AG100: 1Q18 | AH100: 2Q18 | AI100: 3Q18 | AJ100: 4Q18 | AK100: 1Q19 | AL100: 2Q19 | AM100: 3Q19 | AN100: 2019 | AO100: 1Q20 | AP100: 2Q20 | AQ100: 3Q20 | AR100: 2020
D101: 농협은행 | I101: 855.78 | J101: 2319.098 | K101: 2365.098 | L101: 1430.098 | M101: 1911.608 | N101: 356.83602 | O101: 2343.964 | P101: 333.722 | Q101: 288.098 | R101: 2023.7362 | S101: 2150.2178 | T101: 1140.856 | U101: 1479 | V101: 2685.8861 | W101: 1886.1139 | X101: -1975 | Y101: 920 | Z101: -3014 | AA101: 3270 | AB101: 2326.5298 | AC101: 2053.2928 | AD101: 2644.1828 | AE101: 2108.4128 | AF101: 1909.3728 | AG101: 3703.9068 | AH101: 4036.6467 | AI101: 3183.5667 | AJ101: 3414.604 | AK101: 4205.5387 | AL101: 5337.1673 | AM101: 4008.743 | AN101: 3792.4304 | AO101: 3713.1377 | AP101: 4656.665 | AQ101: 4438.575 | AR101: 3103.3578
D102: 농협생명 | I102: 173.08934 | J102: 260.89318 | K102: 399.93318 | L102: 543.74831 | M102: 531.65527 | N102: 270.76527 | O102: -23.834733 | P102: 432.40527 | Q102: 407.30594 | R102: 416.91594 | S102: 444.83594 | T102: 525.76594 | U102: 213.72184 | V102: 664.93184 | W102: 475.34184 | X102: 551.42184 | Y102: 416.08169 | Z102: 559.27169 | AA102: 461.78169 | AB102: 484.03169 | AC102: 419.83728 | AD102: 437.32728 | AE102: 393.19728 | AF102: 2.5342007 | AG102: 346.36324 | AH102: 382.61696 | AI102: -119.36618 | AJ102: -1295.3533 | AK102: 144.02302 | AL102: 252.88377 | AM102: 264.18271 | AN102: 291.38846 | AO102: 195.43913 | AP102: 497.70585 | AQ102: 384.28966 | AR102: 113.51298
D103: 농협손해 | I103: 66.12982 | J103: 47.87978 | K103: -72.91538 | L103: 103.6422 | M103: 123.27654 | N103: 163.81412 | O103: 71.295024 | P103: 224.38681 | Q103: 150.03548 | R103: 51.069476 | S103: 77.575718 | T103: 100.00148 | U103: 89.869964 | V103: 91.426206 | W103: 45.188964 | X103: 159.65096 | Y103: 81.296244 | Z103: 137.94949 | AA103: 5.127244 | AB103: 140.00849 | AC103: 79.049906 | AD103: 97.617906 | AE103: -2.157094 | AF103: 100.05691 | AG103: 102.0735 | AH103: 133.1955 | AI103: -161.54588 | AJ103: 6.3249898 | AK103: 39.178127 | AL103: 58.588674 | AM103: 0.54826636 | AN103: 48.225042 | AO103: 116.18695 | AP103: 356.74784 | AQ103: 99.533092 | AR103: -1.1833903
D104: 농협증권 | I104: 18.99 | J104: 124.72 | K104: -40.74 | L104: 8.52 | M104: 131.74 | N104: -13.92 | O104: 33.63 | P104: 67.7 | Q104: 88 | R104: -142.05 | S104: 121.65
D105: NH투자증권 | R105: -184.99 | S105: 797.07 | T105: 240.18 | U105: 872 | V105: 799.67 | W105: 673.34 | X105: -81.06 | Y105: 672.13 | Z105: 699.8 | AA105: 709.77 | AB105: 400.67 | AC105: 920.88 | AD105: 1105.07 | AE105: 900.52 | AF105: 715.41 | AG105: 1321.6021 | AH105: 1207.8407 | AI105: 1096.1783 | AJ105: 144.24821 | AK105: 1758.4418 | AL105: 1120.5078 | AM105: 853.08582 | AN105: 1210.0145 | AO105: 372.67322 | AP105: 2345.4849 | AQ105: 2447.7471 | AR105: 806.50478
...

Sheet 연결BS
D1: 농협금융 연결 BS
D3: (단위 : 억원) | I3: 1Q12 | J3: 2Q12 | K3: 3Q12 | L3: 2012 | M3: 1Q13 | N3: 2Q13 | O3: 3Q13 | P3: 2013 | Q3: 1Q14 | R3: 2Q14 | S3: 3Q14 | T3: 2014 | U3: 1Q15 | V3: 2Q15 | W3: 3Q15 | X3: 2015 | Y3: 1Q16 | Z3: 2Q16 | AA3: 3Q16 | AB3: 2016 | AC3: 1Q17 | AD3: 2Q17 | AE3: 3Q17 | AF3: 2017 | AG3: 1Q18 | AH3: 2Q18 | AI3: 3Q18 | AJ3: 2018 | AK3: 1Q19 | AL3: 2Q19 | AM3: 3Q19 | AN3: 2019 | AO3: 1Q20 | AP3: 2Q20 | AQ3: 3Q20 | AR3: 2020
A4: Table of Contents | D4: 자산 | I4: 2484559.5 | J4: 2465264.2 | K4: 2430319.9 | L4: 2484993.5 | M4: 2524474.7 | N4: 2540791.4 | O4: 2554051.9 | P4: 2545349.8 | Q4: 2665155.5 | R4: 3109043.1 | S4: 3130832.2 | T4: 3157142.4 | U4: 3169226.4 | V4: 3246151.5 | W4: 3331455.8 | X4: 3398411.8 | Y4: 3560281.2 | Z4: 3631948.3 | AA4: 3674654.1 | AB4: 3669448 | AC4: 3741367.9 | AD4: 3816322.4 | AE4: 3840719.1 | AF4: 3887417 | AG4: 3940336.9 | AH4: 4041651.2 | AI4: 4166679.9 | AJ4: 4170018.4 | AK4: 4245694.4 | AL4: 4369885.4 | AM4: 4456220.3 | AN4: 4270728.6 | AO4: 4508541 | AP4: 4738490.4 | AQ4: 4747766.3 | AR4: 4834607
E5: 현금및예치금 | I5: 99500.24 | J5: 113816.42 | K5: 101913.97 | L5: 111540.71 | M5: 140686.54 | N5: 133763.27 | O5: 117912.7 | P5: 107354.85 | Q5: 122352.85 | R5: 173429.04 | S5: 148603.5 | T5: 166600.44 | U5: 194899.18 | V5: 176500.83 | W5: 180341.67 | X5: 205291.98 | Y5: 157404.79 | Z5: 166180.55 | AA5: 172337.75 | AB5: 143685.55 | AC5: 183223.88 | AD5: 165258.5 | AE5: 161908.09 | AF5: 137160.39 | AG5: 110022.56 | AH5: 152951.26 | AI5: 152839.49 | AJ5: 127774.91 | AK5: 172434.73 | AL5: 160354.89 | AM5: 189135.35 | AN5: 108740.08 | AO5: 104832.65 | AP5: 176735.16 | AQ5: 128725.72 | AR5: 172540.21
A6: NONGHYUP FIANCIAL GROUP | E6: 단기매매금융자산 | I6: 57534.59 | J6: 50515.88 | K6: 62828.53 | L6: 86688.18 | M6: 108666.49 | N6: 93243.15 | O6: 108645.35 | P6: 106049.74 | Q6: 137906.03 | R6: 334749.8 | S6: 342597.39 | T6: 359362.07 | U6: 371133.43 | V6: 376404.79 | W6: 367532.65 | X6: 353373.18 | Y6: 352694.68 | Z6: 330033.8 | AA6: 325861.08 | AB6: 325904.2 | AC6: 329935.48 | AD6: 342218.36 | AE6: 317723.5 | AF6: 312324.89
B7: 공지사항 | E7: 당기손익인식지정금융자산 | I7: 10389.46 | J7: 10144.48 | K7: 10283.84 | L7: 10431.71 | M7: 9439.74 | N7: 9349.91 | O7: 10035.03 | P7: 10150.18 | Q7: 11583.95 | R7: 22472.84 | S7: 22758.77 | T7: 22984.94 | U7: 19144.64 | V7: 16684.13 | W7: 15644.034 | X7: 17530.55 | Y7: 18899.34 | Z7: 20460.45 | AA7: 14256.93 | AB7: 12552.48 | AC7: 10895.88 | AD7: 9971.64 | AE7: 11061.76 | AF7: 12012.73
B8: 농협금융 | E8: 파생상품자산 | I8: 12694.13 | J8: 15522.43 | K8: 16129.91 | L8: 15239.28 | M8: 13820.77 | N8: 13568.73 | O8: 13418.17 | P8: 10751.45 | Q8: 8706.72 | R8: 16964.53 | S8: 14350.44 | T8: 13427.85 | U8: 14936.76 | V8: 13928.57 | W8: 21891.518 | X8: 14836.12 | Y8: 21092.21 | Z8: 20781.44 | AA8: 24599.44 | AB8: 17410.73 | AC8: 21524.33 | AD8: 14836.59 | AE8: 15350.57 | AF8: 24323.55 | AG8: 17259.77 | AH8: 16090.837 | AI8: 14891.98 | AJ8: 13685.37 | AK8: 16794.11 | AL8: 22835.27 | AM8: 23293.27 | AN8: 18109.32 | AO8: 27325.98 | AP8: 19019.8 | AQ8: 18188.32 | AR8: 27913.21
B9: 주요경영실적 | E9: 매도가능금융자산 | I9: 285773.57 | J9: 261667.41 | K9: 230310.39 | L9: 259504.77 | M9: 290977.43 | N9: 348555.54 | O9: 323141.12 | P9: 291878.4 | Q9: 340252.91 | R9: 362485.58 | S9: 324951.87 | T9: 300124.7 | U9: 306016.91 | V9: 315600.15 | W9: 331111.13 | X9: 330125.11 | Y9: 402427.56 | Z9: 414474.54 | AA9: 361764.05 | AB9: 365084.57 | AC9: 386301.57 | AD9: 412003.51 | AE9: 447568.44 | AF9: 428897.71
B10: 개황 Ⅰ | E10: 만기보유금융자산 | I10: 359069.33 | J10: 365028.52 | K10: 340640.57 | L10: 328047.91 | M10: 306974.4 | N10: 303088.89 | O10: 321158.57 | P10: 315879.5 | Q10: 311167.17 | R10: 321862.93 | S10: 299811.55 | T10: 303927.1 | U10: 307999.56 | V10: 344551.76 | W10: 368827.63 | X10: 369754.86 | Y10: 378635.26 | Z10: 408814.8 | AA10: 433352.46 | AB10: 452895.14 | AC10: 448079.24 | AD10: 454093.87 | AE10: 465262.76 | AF10: 467675.05
B11: 개황 Ⅱ | E11: 당기손익-공정가치측정 금융자산 | AG11: 485271.44 | AH11: 515671.22 | AI11: 559720.45 | AJ11: 585609.08 | AK11: 595462.62 | AL11: 614859.93 | AM11: 577070.81 | AN11: 538895.19 | AO11: 564003.88 | AP11: 607281.79 | AQ11: 631059.66 | AR11: 623969.82
B12: 연결BS | E12: 당기손익-공정가치지정 금융자산 | AG12: 5884.44 | AH12: 244.67874 | AI12: 81.12
B13: 연결IS | E13: 기타포괄손익-공정가치측정 금융자산 | AG13: 340774.43 | AH13: 309162.99 | AI13: 330682.87 | AJ13: 320369.59 | AK13: 392163.34 | AL13: 400636.53 | AM13: 397860.71 | AN13: 363247.38 | AO13: 446543.06 | AP13: 462801.19 | AQ13: 494571.75 | AR13: 483061.55
B14: 연결손익Ⅰ | E14: 상각후원가측정 금융자산 | AG14: 452202.33 | AH14: 460269.61 | AI14: 457999.58 | AJ14: 456558.55 | AK14: 458227.84 | AL14: 467640.1 | AM14: 461600.2 | AN14: 474261.03 | AO14: 493855.29 | AP14: 463790.12 | AQ14: 435705.91 | AR14: 430588.47
B15: 연결손익Ⅱ | E15: 대출채권 및 수취채권 | I15: 1607655.4 | J15: 1595521.6 | K15: 1613228.5 | L15: 1622199 | M15: 1602648.7 | N15: 1585611.9 | O15: 1605302.5 | P15: 1646859.9 | Q15: 1676304.8 | R15: 1811159.5 | S15: 1865198.2 | T15: 1872584.7 | U15: 1885305.9 | V15: 1933415.4 | W15: 1976443 | X15: 2037621.9 | Y15: 2157650.4 | Z15: 2194057.1 | AA15: 2266294 | AB15: 2282345.7 | AC15: 2290476 | AD15: 2346424.9 | AE15: 2349050.3 | AF15: 2433095.9 | AG15: 2454248 | AH15: 2511105.2 | AI15: 2576302.9 | AJ15: 2592586.5 | AK15: 2535110.6 | AL15: 2625394.2 | AM15: 2729238.3 | AN15: 2692818.4 | AO15: 2792122 | AP15: 2926639.1 | AQ15: 2955793.6 | AR15: 3016308
B16: 수익성 | E16: 관계기업 및 공동지배기업 투자 | I16: 1296.85 | J16: 1263.27 | K16: 1189.69 | L16: 1248.36 | M16: 1307.63 | N16: 1168.52 | O16: 1186.25 | P16: 1183.62 | Q16: 1159.07 | R16: 1709.19 | S16: 1968.13 | T16: 2326.95 | U16: 2332.92 | V16: 2564.58 | W16: 2476.0766 | X16: 2869.12 | Y16: 3010.42 | Z16: 3273.75 | AA16: 3356.61 | AB16: 2539.83 | AC16: 2346.21 | AD16: 2268.61 | AE16: 2302.08 | AF16: 2420.63 | AG16: 2297.31 | AH16: 2405.8497 | AI16: 2675.39 | AJ16: 2860.04 | AK16: 2868.15 | AL16: 3239.58 | AM16: 4338.34 | AN16: 4470.35 | AO16: 4802.59 | AP16: 5431.62 | AQ16: 5319.16 | AR16: 6099.85
B17: 비이자이익 | E17: 유형자산 | I17: 21617.86 | J17: 21577.77 | K17: 21917.14 | L17: 23596.05 | M17: 22945.08 | N17: 23405.34 | O17: 23774.76 | P17: 24707.59 | Q17: 26011.35 | R17: 28920.04 | S17: 28594.73 | T17: 29609.83 | U17: 29454.92 | V17: 29489.5 | W17: 29930.73 | X17: 31220 | Y17: 31490.89 | Z17: 31346.65 | AA17: 30791.71 | AB17: 31117.45 | AC17: 30746.57 | AD17: 31239.74 | AE17: 32397.16 | AF17: 33045.21 | AG17: 32639.1 | AH17: 32328.686 | AI17: 32388.16 | AJ17: 33368.19 | AK17: 33020.53 | AL17: 33230.69 | AM17: 33352.53 | AN17: 32567.88 | AO17: 32291.67 | AP17: 32461.65 | AQ17: 32846.96 | AR17: 33831.48
B18: 관리비 | E18: 사용권자산 | AK18: 1918.15 | AL18: 2113.56 | AM18: 2141.07 | AN18: 1847.57 | AO18: 2049.75 | AP18: 1898.06 | AQ18: 1742.94 | AR18: 2759.75
B19: 농업지원사업비 | E19: 투자부동산 | I19: 13530.46 | J19: 14016.2 | K19: 13866.06 | L19: 9491.93 | M19: 9936.58 | N19: 10142.84 | O19: 10079.08 | P19: 9976.4 | Q19: 8777.27 | R19: 9889.25 | S19: 9746.11 | T19: 9655.59 | U19: 9549.35 | V19: 9666.87 | W19: 9704.1414 | X19: 10407.46 | Y19: 10204.32 | Z19: 13549.63 | AA19: 14333.25 | AB19: 10423.39 | AC19: 10380.37 | AD19: 9742.94 | AE19: 9682.49 | AF19: 8783.97 | AG19: 8805.3 | AH19: 8763.0075 | AI19: 8695.64 | AJ19: 8683.03 | AK19: 8801.21 | AL19: 8810.35 | AM19: 8813.86 | AN19: 8815.14 | AO19: 8734.47 | AP19: 8612.59 | AQ19: 8567.02 | AR19: 8587.62
B20: 대출채권 | E20: 무형자산 | I20: 2282.08 | J20: 2443.79 | K20: 2619.6 | L20: 2881.28 | M20: 2769.96 | N20: 3027.16 | O20: 3167.62 | P20: 4236.18 | Q20: 5005.73 | R20: 7288.33 | S20: 6178.31 | T20: 6054.64 | U20: 6278.32 | V20: 5928.85 | W20: 5776.2342 | X20: 5734.41 | Y20: 5696.83 | Z20: 5380.28 | AA20: 5211.42 | AB20: 5204.65 | AC20: 5532.31 | AD20: 5503.21 | AE20: 5154.76 | AF20: 5253.79 | AG20: 5492.75 | AH20: 5142.3447 | AI20: 4977.76 | AJ20: 5069.76 | AK20: 5318.96 | AL20: 5152.82 | AM20: 5395.94 | AN20: 5845.59 | AO20: 5996.63 | AP20: 5730.48 | AQ20: 5579.09 | AR20: 5826.49
B21: 예수부채 | E21: 당기법인세자산 | I21: 84.11 | J21: 625.03 | K21: 1536.34 | L21: 0.79 | M21: 78.87 | N21: 747.66 | O21: 1844.63 | P21: 248.99 | Q21: 90.79 | R21: 676.36 | S21: 749.87 | T21: 1152.72 | U21: 1014.94 | V21: 20.97 | W21: 96.478225 | X21: 333.54 | Y21: 407.97 | Z21: 525.72 | AA21: 40.89 | AB21: 38.81 | AC21: 35.73 | AD21: 42.22 | AE21: 37.83 | AF21: 41.61 | AG21: 255.81 | AH21: 463.84701 | AI21: 343.44 | AJ21: 287.59 | AK21: 774.96 | AL21: 176.58 | AM21: 257.38 | AN21: 60.66 | AO21: 328.05 | AP21: 437.04 | AQ21: 118.13 | AR21: 108.86
B22: 자본적정성 | E22: 이연법인세자산 | I22: 1876.29 | J22: 1729.11 | K22: 2168.75 | L22: 2368.73 | M22: 2124.54 | N22: 2736.39 | O22: 1782.22 | P22: 1699.08 | Q22: 2435.19 | R22: 2417.53 | S22: 3421.08 | T22: 4494.56 | U22: 3186.65 | V22: 2968.64 | W22: 3490.9538 | X22: 3406.3 | Y22: 3035.12 | Z22: 4026.58 | AA22: 3776.34 | AB22: 4503.16 | AC22: 4796.63 | AD22: 4160.92 | AE22: 4740.31 | AF22: 6412.3 | AG22: 6861.4 | AH22: 5340.4654 | AI22: 5613.57 | AJ22: 4571 | AK22: 2159.32 | AL22: 2115.85 | AM22: 1715 | AN22: 2139.81 | AO22: 1957.17 | AP22: 874.35 | AQ22: 962.33 | AR22: 2209.57
B23: 자산건전성 Ⅰ | E23: 기타자산 | I23: 11254.98 | J23: 11392.12 | K23: 11686.45 | L23: 11754.65 | M23: 12097.83 | N23: 12382.01 | O23: 12603.74 | P23: 14373.71 | Q23: 13401.56 | R23: 15018.07 | S23: 14214.15 | T23: 15928.09 | U23: 17972.74 | V23: 18426.36 | W23: 18189.408 | X23: 15907.07 | Y23: 17631.3 | Z23: 19042.87 | AA23: 18678.06 | AB23: 15742.13 | AC23: 17093.53 | AD23: 18557.19 | AE23: 18478.87 | AF23: 15969.15 | AG23: 18322.03 | AH23: 21710.998 | AI23: 19467.42 | AJ23: 18594.61 | AK23: 20639.68 | AL23: 23324.93 | AM23: 22007.31 | AN23: 18910.11 | AO23: 23697.7 | AP23: 26777.27 | AQ23: 28585.53 | AR23: 20801.92
B24: 자산건전성 Ⅱ | E24: 매각예정자산 | I24: 0.15 | J24: 0.15 | K24: 0.15 | L24: 0.15 | M24: 0.15 | N24: 0.15 | O24: 0.15 | P24: 0.15 | Q24: 0.15 | R24: 0.15 | S24: 37.99 | T24: 24.35 | U24: 0.15 | V24: 0.15 | W24: 0.15 | X24: 0.15 | Y24: 0.15 | Z24: 0.15 | AA24: 0.15 | AB24: 0.15 | AC24: 0.15 | AD24: 0.15 | AE24: 0.15 | AF24: 0.15 | AG24: 0.15 | AH24: 0.15 | AI24: 0.15 | AJ24: 0.15 | AK24: 0.15 | AL24: 0.15 | AM24: 0.15 | AN24: 0.15 | AO24: 0.15 | AP24: 0.15 | AQ24: 0.15 | AR24: 0.15
B25: 농협은행 | E25: 매각예정처분자산집단 | I25: 0 | J25: 0 | K25: 0 | L25: 0 | M25: 0 | N25: 0 | O25: 0 | P25: 0 | Q25: 0 | R25: 0 | S25: 47650.16 | T25: 48883.85 | U25: 0 | V25: 0 | W25: - | X25: 0 | Y25: 0 | Z25: 0 | AA25: 0 | AB25: 0
B26: 연결BS | D26: 부채 | I26: 2316012.3 | J26: 2295443.5 | K26: 2258219.6 | L26: 2311842.3 | M26: 2350402 | N26: 2368492.9 | O26: 2376615.8 | P26: 2368203 | Q26: 2493668.4 | R26: 2908097.4 | S26: 2926384.3 | T26: 2954296.9 | U26: 2964494.5 | V26: 3038328.5 | W26: 3122077 | X26: 3194026.7 | Y26: 3356527.3 | Z26: 3429959.4 | AA26: 3470613.5 | AB26: 3465759.5 | AC26: 3535823.5 | AD26: 3606843.1 | AE26: 3630030.9 | AF26: 3676225.2 | AG26: 3728330 | AH26: 3823299.9 | AI26: 3944214.1 | AJ26: 3945612.8 | AK26: 4016013.3 | AL26: 4132565.8 | AM26: 4211760.3 | AN26: 4024093.2 | AO26: 4263570.5 | AP26: 4484826.8 | AQ26: 4487972 | AR26: 4574178.5
B27: 연결IS | E27: 예수부채 | I27: 1429745.1 | J27: 1426378 | K27: 1400359.4 | L27: 1426904.1 | M27: 1436273.5 | N27: 1471113.5 | O27: 1464258.7 | P27: 1450788.1 | Q27: 1538314.1 | R27: 1578036.9 | S27: 1595216.1 | T27: 1621208.3 | U27: 1653113.3 | V27: 1717746.2 | W27: 1770314.3 | X27: 1802949.7 | Y27: 1861153.8 | Z27: 1853336.2 | AA27: 1940333.6 | AB27: 1964541.6 | AC27: 2011921.5 | AD27: 2053235.4 | AE27: 2073666.7 | AF27: 2093280.1 | AG27: 2166062 | AH27: 2234022.6 | AI27: 2338417.1 | AJ27: 2288947 | AK27: 2377071.6 | AL27: 2483376.5 | AM27: 2568546.7 | AN27: 2412640.6 | AO27: 2533044.3 | AP27: 2645149.8 | AQ27: 2732245.2 | AR27: 2784803.7
B28: 이자이익/NIM | E28: 단기매매금융부채 | I28: 407.35 | J28: 410.35 | K28: 414.01 | L28: 316.54 | M28: 1116.64 | N28: 400.18 | O28: 818.99 | P28: 2.34 | Q28: 887.83 | R28: 9769.47 | S28: 10385.82 | T28: 8867.74 | U28: 9622.8 | V28: 11289.81 | W28: 12990.357 | X28: 5270.04 | Y28: 7665.0807 | Z28: 8829.25 | AA28: 7027.01 | AB28: 6554.8 | AC28: 16172.63 | AD28: 21510.33 | AE28: 17807.72 | AF28: 9621.44
B29: 주요계수 | E29: 당기손익인식지정금융부채 | I29: 9427.75 | J29: 10516.91 | K29: 10196.87 | L29: 11156.63 | M29: 13375.96 | N29: 13379.03 | O29: 13167.96 | P29: 15308.03 | Q29: 19965.98 | R29: 130753.62 | S29: 135434.96 | T29: 135343.29 | U29: 134873.51 | V29: 138479.38 | W29: 129812.75 | X29: 139727.21 | Y29: 150114.06 | Z29: 159151.18 | AA29: 149313.62 | AB29: 146290.82 | AC29: 153425.17 | AD29: 147016.84 | AE29: 131690.19 | AF29: 126422.98
B30: 농협생명 | E30: 당기손익-공정가치측정 금융부채 | AG30: 14631.32 | AH30: 21906.987 | AI30: 35538.4 | AJ30: 57426.04 | AK30: 40182.52 | AL30: 34136.1 | AM30: 44264.88 | AN30: 36249.84 | AO30: 46115.13 | AP30: 50554.35 | AQ30: 51899.32 | AR30: 37577.1
B31: 농협손해 | E31: 당기손익-공정가치지정 금융부채 | AG31: 130742.14 | AH31: 142832.79 | AI31: 150239.2 | AJ31: 151647.9 | AK31: 153142.74 | AL31: 141316.23 | AM31: 131817.66 | AN31: 125168.28 | AO31: 109389.83 | AP31: 114656.14 | AQ31: 107021.15 | AR31: 95334.61
B32: NH투자증권 | E32: 파생상품부채 | I32: 12407.09 | J32: 13633.2 | K32: 13951.13 | L32: 13042.3 | M32: 11615.18 | N32: 11424.18 | O32: 11965.09 | P32: 9705.21 | Q32: 8066.02 | R32: 16599.48 | S32: 19729.41 | T32: 19977.89 | U32: 20819.05 | V32: 21993.55 | W32: 38043.982 | X32: 25050.76 | Y32: 29242.759 | Z32: 28602.46 | AA32: 28185.09 | AB32: 33243.95 | AC32: 23653.4 | AD32: 23150.05 | AE32: 24527.02 | AF32: 21968.4 | AG32: 21224.85 | AH32: 25768.963 | AI32: 21806.78 | AJ32: 25485.14 | AK32: 22149.43 | AL32: 26554.58 | AM32: 31218.62 | AN32: 17512.41 | AO32: 42953.48 | AP32: 24728.61 | AQ32: 19300.13 | AR32: 20583.28
B33: NH-Amundi자산운용 | E33: 차입부채 | I33: 201154.13 | J33: 183968.86 | K33: 169448.57 | L33: 157177.28 | M33: 184071.71 | N33: 180790.92 | O33: 164599.9 | P33: 188480.37 | Q33: 185929.27 | R33: 312125.25 | S33: 300738.5 | T33: 305750.42 | U33: 278586.54 | V33: 267674.2 | W33: 276821.04 | X33: 307754.39 | Y33: 301275.36 | Z33: 310532.82 | AA33: 303170.55 | AB33: 279173.97 | AC33: 270803.78 | AD33: 321947.11 | AE33: 314808.97 | AF33: 277512.86 | AG33: 246178.23 | AH33: 264836.07 | AI33: 271125.99 | AJ33: 272234.36 | AK33: 290356.22 | AL33: 302566.28 | AM33: 295235.2 | AN33: 291083.58 | AO33: 315308.99 | AP33: 406498.88 | AQ33: 345280 | AR33: 370231.77
B34: NH농협캐피탈 | E34: 사채 | I34: 130585.35 | J34: 111377.22 | K34: 106598.06 | L34: 122200.75 | M34: 121977.94 | N34: 120857.19 | O34: 136055.38 | P34: 140434.37 | Q34: 138697.46 | R34: 136375.34 | S34: 137466.9 | T34: 154095.88 | U34: 157071.76 | V34: 147267.39 | W34: 150769.22 | X34: 182539.61 | Y34: 230151.51 | Z34: 249695.25 | AA34: 250060.41 | AB34: 263284.65 | AC34: 224950.48 | AD34: 226993.27 | AE34: 250238.57 | AF34: 294831.47 | AG34: 291903.97 | AH34: 270123.46 | AI34: 266491.25 | AJ34: 283516.65 | AK34: 272697.67 | AL34: 252941.81 | AM34: 273480.37 | AN34: 258960.02 | AO34: 284097.8 | AP34: 301371.3 | AQ34: 316560.64 | AR34: 315340.41
B35: NH저축은행 | E35: 충당부채 | I35: 3162.3 | J35: 3028.86 | K35: 3039.49 | L35: 3030.84 | M35: 3419.02 | N35: 3815.63 | O35: 3984.16 | P35: 3987.04 | Q35: 4025.93 | R35: 3798.81 | S35: 3596.11 | T35: 3409.38 | U35: 3393.43 | V35: 3464.16 | W35: 3341.2197 | X35: 3602.6 | Y35: 3771.03 | Z35: 5052.77 | AA35: 4618.89 | AB35: 3664.92 | AC35: 3704.14 | AD35: 4322.32 | AE35: 5085.17 | AF35: 4883.32 | AG35: 4359.72 | AH35: 4944.4154 | AI35: 5007.83 | AJ35: 5309.8 | AK35: 5135.75 | AL35: 4701.28 | AM35: 4684.06 | AN35: 4579.18 | AO35: 4776.83 | AP35: 5614.71 | AQ35: 6084.09 | AR35: 7097.06
B36: 기타 | E36: 순확정급여부채 | I36: 2428.36 | J36: 2773.18 | K36: 3113.18 | L36: 1519.06 | M36: 2751.18 | N36: 2958.26 | O36: 3324.22 | P36: 2010.49 | Q36: 2200.01 | R36: 2331.44 | S36: 2632.19 | T36: 3906.58 | U36: 4411.51 | V36: 4334.79 | W36: 4821.3997 | X36: 4525.87 | Y36: 5012.5758 | Z36: 5122.35 | AA36: 5697.85 | AB36: 3809.32 | AC36: 4339.57 | AD36: 4471.1 | AE36: 5097.63 | AF36: 3756.14 | AG36: 5824.1 | AH36: 5912.4759 | AI36: 6501.3 | AJ36: 4752.36 | AK36: 6868.99 | AL36: 6850.38 | AM36: 7179.08 | AN36: 5577.97 | AO36: 7227.67 | AP36: 7584.28 | AQ36: 8154.03 | AR36: 5895.33
B37: 현황 | E37: 보험계약부채 | I37: 363857.96 | J37: 371804.51 | K37: 388747.26 | L37: 405207.7 | M37: 430293.84 | N37: 439722.32 | O37: 453463.07 | P37: 463705.54 | Q37: 484401.94 | R37: 542647.75 | S37: 511607.66 | T37: 525860 | U37: 547020.51 | V37: 561826.1 | W37: 577607.54 | X37: 590884.54 | Y37: 609700.98 | Z37: 623791.35 | AA37: 636423.92 | AB37: 644088.49 | AC37: 655754.33 | AD37: 665636.73 | AE37: 669910.14 | AF37: 675489.4 | AG37: 681957.31 | AH37: 686156.98 | AI37: 689156.07 | AJ37: 694140.69 | AK37: 696064.69 | AL37: 700773.68 | AM37: 697211.26 | AN37: 694669.81 | AO37: 700952.32 | AP37: 705324.5 | AQ37: 705966.89 | AR37: 701081.52
B38: 주식수 | E38: 당기법인세부채 | I38: 97.54 | J38: 531.38 | K38: 2262.45 | L38: 254.17 | M38: 315.35 | N38: 523.63 | O38: 1446.92 | P38: 82.52 | Q38: 68.74 | R38: 61.18 | S38: 143.91 | T38: 271.26 | U38: 291.87 | V38: 647.27 | W38: 159.06863 | X38: 21.58 | Y38: 4.2247613 | Z38: 7.11 | AA38: 435.61 | AB38: 588.5 | AC38: 1043.27 | AD38: 495.09 | AE38: 392 | AF38: 845.52 | AG38: 865.77 | AH38: 1179.4416 | AI38: 1853.18 | AJ38: 372.26 | AK38: 10.36 | AL38: 754.93 | AM38: 1196.85 | AN38: 1635.78 | AO38: 2127.31 | AP38: 1579.56 | AQ38: 2831.47 | AR38: 4147.86
B39: 지분도 | E39: 이연법인세부채 | I39: 1013.59 | J39: 890.04 | K39: 360.51 | L39: 447.77 | M39: 722.17 | N39: 505.27 | O39: 643.2 | P39: 144 | Q39: 588.36 | R39: 1512.17 | S39: 2142.45 | T39: 2315.33 | U39: 1155.89 | V39: 736.03 | W39: 1181.1163 | X39: 1020.33 | Y39: 1108.2562 | Z39: 1641.91 | AA39: 883.04 | AB39: 689.66 | AC39: 199.66 | AD39: 26.46 | AE39: 41.56 | AF39: 8.11 | AG39: 36.27 | AH39: 15.228058 | AI39: 25.64 | AJ39: 0 | AK39: 0 | AL39: 553.31 | AM39: 655.25 | AN39: 182.38 | AO39: 0.19 | AP39: 590.75 | AQ39: 864.32 | AR39: 42.2
E40: 기타부채 | I40: 152168.82 | J40: 168674.73 | K40: 158281.32 | L40: 170585.19 | M40: 144163.33 | N40: 122706.71 | O40: 122888.2 | P40: 93555 | Q40: 110522.74 | R40: 174085.98 | S40: 160346.08 | T40: 125267.73 | U40: 154134.31 | V40: 162869.63 | W40: 156215 | X40: 130680.1 | Y40: 157327.7 | Z40: 184196.76 | AA40: 144463.85 | AB40: 119828.83 | AC40: 169855.58 | AD40: 138038.39 | AE40: 136765.18 | AF40: 167605.46 | AG40: 164544.4 | AH40: 165600.48 | AI40: 158051.32 | AJ40: 161780.61 | AK40: 152333.27 | AL40: 178040.74 | AM40: 156270.39 | AN40: 175833.4 | AO40: 217576.67 | AP40: 221173.88 | AQ40: 191764.69 | AR40: 232043.69
E41: 매각예정처분자산집단 관련 부채 | I41: 0 | J41: 0 | K41: 0 | L41: 0 | M41: 0 | N41: 0 | O41: 0 | P41: 0 | Q41: 0 | R41: 0 | S41: 46944.16 | T41: 48023.12 | U41: 0 | V41: 0 | W41: 0 | X41: 0 | Y41: 0 | Z41: 0 | AA41: 0 | AB41: 0
E42: 요구불상환지분 | I42: 9557.02 | J42: 1456.21 | K42: 1447.37 | L42: 0 | M42: 306.19 | N42: 296.09 | O42: 0 | P42: 0 | Q42: 0 | R42: 0 | S42: 0 | T42: 0 | U42: 0 | V42: 0 | W42: 0 | X42: 0 | Y42: 0 | Z42: 0 | AA42: 0 | AB42: 0
D43: 자본 | I43: 168547.18 | J43: 169820.73 | K43: 172100.3 | L43: 173151.16 | M43: 174072.7 | N43: 172298.53 | O43: 177436.14 | P43: 177146.78 | Q43: 171487.12 | R43: 200945.77 | S43: 204447.92 | T43: 202845.46 | U43: 204731.89 | V43: 207822.99 | W43: 209378.83 | X43: 204385.04 | Y43: 203753.95 | Z43: 201988.89 | AA43: 204040.67 | AB43: 203688.48 | AC43: 205544.34 | AD43: 209479.24 | AE43: 210688.17 | AF43: 211191.73 | AG43: 212006.81 | AH43: 218351.27 | AI43: 222465.76 | AJ43: 224405.63 | AK43: 229681 | AL43: 237334.78 | AM43: 244459.97 | AN43: 246635.38 | AO43: 244970.57 | AP43: 253663.6 | AQ43: 259794.3 | AR43: 260428.45
E44: 지배지분자본 | I44: 162021.58 | J44: 163226.09 | K44: 165541.53 | L44: 167188.95 | M44: 168323.06 | N44: 166779.72 | O44: 168416.06 | P44: 168079.5 | Q44: 165920.54 | R44: 171699.13 | S44: 174813.9 | T44: 175016.62 | U44: 176785.33 | V44: 179622.33 | W44: 180875.3 | X44: 176070.65 | Y44: 175872.66 | Z44: 173650.03 | AA44: 175716.83 | AB44: 175082.46 | AC44: 177099.08 | AD44: 180524.63 | AE44: 181521.61 | AF44: 181736.03 | AG44: 182827.86 | AH44: 188645.75 | AI44: 192208.09 | AJ44: 194041.75 | AK44: 199324 | AL44: 206469.93 | AM44: 213189.81 | AN44: 215075.16 | AO44: 213954.4 | AP44: 221314.97 | AQ44: 226320.09 | AR44: 226801.16
E45: Capital Stock | G45: 자본금 | I45: 14140.95 | J45: 14140.95 | K45: 14140.95 | L45: 14140.95 | M45: 14140.95 | N45: 14140.95 | O45: 14140.95 | P45: 14140.95 | Q45: 14140.95 | R45: 14140.95 | S45: 14140.95 | T45: 14140.95 | U45: 14140.95 | V45: 14140.95 | W45: 14140.95 | X45: 14140.95 | Y45: 14140.95 | Z45: 14140.95 | AA45: 14140.95 | AB45: 14140.95 | AC45: 14140.95 | AD45: 14140.95 | AE45: 14140.95 | AF45: 14140.95 | AG45: 14140.95 | AH45: 14140.955 | AI45: 14140.95 | AJ45: 14140.95 | AK45: 14141 | AL45: 14140.95 | AM45: 14140.95 | AN45: 14140.95 | AO45: 14140.95 | AP45: 14140.95 | AQ45: 14140.95 | AR45: 14140.95
E46: Hybrid Bond | G46: 기타불입자본 | I46: 147304.56 | J46: 147102.7 | K46: 147102.7 | L46: 144924.83 | M46: 147489.92 | N46: 148336.51 | O46: 148176.62 | P46: 145062.18 | Q46: 145031.55 | R46: 145039.66 | S46: 145039.66 | T46: 146607.38 | U46: 146604.54 | V46: 146605.3 | W46: 146583.26 | X46: 141501.33 | Y46: 141500 | Z46: 141499.99 | AA46: 141499.99 | AB46: 141499.99 | AC46: 141497.55 | AD46: 141497.55 | AE46: 141497.55 | AF46: 141499.16 | AG46: 141487.99 | AH46: 143671.3 | AI46: 143671.28 | AJ46: 143671.23 | AK46: 143671 | AL46: 143686 | AM46: 145678.15 | AN46: 145671.69 | AO46: 145671.69 | AP46: 145671.69 | AQ46: 145671.69 | AR46: 145670.11
E47: Capital Surplus | G47: 이익잉여금 | I47: 688.85 | J47: 2140.86 | K47: 3610.99 | L47: 4965.01 | M47: 6026.06 | N47: 5714.07 | O47: 6754.43 | P47: 8022.1 | Q47: 5414.29 | R47: 10629.38 | S47: 12516.25 | T47: 12973.14 | U47: 13924.02 | V47: 16917.89 | W47: 18744.808 | X47: 21570.72 | Y47: 20664.87 | Z47: 17758.03 | AA47: 20757.55 | AB47: 22980.4 | AC47: 24838.18 | AD47: 27739.99 | AE47: 29907.05 | AF47: 31218.22 | AG47: 36496.61 | AH47: 40362.221 | AI47: 42817.07 | AJ47: 43900.64 | AK47: 47606 | AL47: 53228.35 | AM47: 57172.2 | AN47: 61592.87 | AO47: 59942.97 | AP47: 65621.9 | AQ47: 71191.35 | AR47: 73563.39
E48: Capital Adjustment | G48: 기타포괄손익누계액 | I48: -112.78 | J48: -158.42 | K48: 686.89 | L48: 3158.16 | M48: 666.13 | N48: -1411.81 | O48: -655.94 | P48: 854.27 | Q48: 1333.75 | R48: 1889.14 | S48: 2890.98 | T48: 991.4 | U48: 2115.82 | V48: 1958.19 | W48: 1406.2884 | X48: -1142.35 | Y48: -433.16 | Z48: 251.06 | AA48: -681.66 | AB48: -3538.88 | AC48: -3377.6 | AD48: -2853.86 | AE48: -4023.94 | AF48: -5122.3 | AG48: -9297.69 | AH48: -9528.7231 | AI48: -8421.21 | AJ48: -7671.07 | AK48: -6094 | AL48: -4585.37 | AM48: -3801.49 | AN48: -6330.35 | AO48: -5801.21 | AP48: -4119.57 | AQ48: -4683.9 | AR48: -6573.29
E49: Accumulated Other Comprehensive Income, Net of Taxes | G49: 매각예정처분자산집단 관련 자본 | I49: 0 | J49: 0 | K49: 0 | L49: 0 | M49: 0 | N49: 0 | O49: 0 | P49: 0 | Q49: 0 | R49: 0 | S49: 226.06 | T49: 303.75 | U49: - | V49: 0 | W49: 0 | X49: 0 | Y49: 0 | Z49: 0 | AA49: 0 | AB49: 0
E50: 비지배지분자본 | I50: 6525.6 | J50: 6594.64 | K50: 6558.77 | L50: 5962.21 | M50: 5749.64 | N50: 5518.81 | O50: 9020.08 | P50: 9067.28 | Q50: 5566.58 | R50: 29246.64 | S50: 29634.02 | T50: 27828.84 | U50: 27946.56 | V50: 28200.66 | W50: 28503.526 | X50: 28314.39 | Y50: 27881.292 | Z50: 28338.86 | AA50: 28323.84 | AB50: 28606.02 | AC50: 28445.26 | AD50: 28954.61 | AE50: 29166.56 | AF50: 29455.7 | AG50: 29178.95 | AH50: 29705.519 | AI50: 30257.67 | AJ50: 30363.88 | AK50: 30357 | AL50: 30864.85 | AM50: 31270.16 | AN50: 31560.22 | AO50: 31016.17 | AP50: 32348.63 | AQ50: 33474.21 | AR50: 33627.29
D51: 부채및자본총계 | I51: 2484559.5 | J51: 2465264.2 | K51: 2430319.9 | L51: 2484993.5 | M51: 2524474.7 | N51: 2540791.4 | O51: 2554051.9 | P51: 2545349.8 | Q51: 2665155.5 | R51: 3109043.1 | S51: 3130832.2 | T51: 3157142.4 | U51: 3169226.4 | V51: 3246151.5 | W51: 3331455.8 | X51: 3398411.8 | Y51: 3560281.3 | Z51: 3631948.3 | AA51: 3674654.1 | AB51: 3669448 | AC51: 3741367.9 | AD51: 3816322.4 | AE51: 3840719.1 | AF51: 3887417 | AG51: 3940336.9 | AH51: 4041651.1 | AI51: 4166679.9 | AJ51: 4170018.4 | AK51: 4245694.3 | AL51: 4369900.6 | AM51: 4456220.3 | AN51: 4270728.6 | AO51: 4508541.1 | AP51: 4738490.4 | AQ51: 4747766.3 | AR51: 4834607

Sheet 연결IS
D1: 농협금융 연결 IS
D3: (단위 : 억원/누적) | I3: 1Q12 | J3: 2Q12 | K3: 3Q12 | L3: 2012 | M3: 1Q13 | N3: 2Q13 | O3: 3Q13 | P3: 2013 | Q3: 1Q14 | R3: 2Q14 | S3: 3Q14 | T3: 2014 | U3: 1Q15 | V3: 2Q15 | W3: 3Q15 | X3: 2015 | Y3: 1Q16 | Z3: 2Q16 | AA3: 3Q16 | AB3: 2016 | AC3: 1Q17 | AD3: 2Q17 | AE3: 3Q17 | AF3: 2017 | AG3: 1Q18 | AH3: 2Q18 | AI3: 3Q18 | AJ3: 2018 | AK3: 1Q19 | AL3: 2Q19 | AM3: 3Q19 | AN3: 2019 | AO3: 1Q20 | AP3: 2Q20 | AQ3: 3Q20 | AR3: 2020 | AT3: YoY%
A4: Table of Contents | D4: 총영업이익 (a=b+c) | I4: 3947.76 | J4: 15844.1 | K4: 28931.94 | L4: 41100.11 | M4: 12088.75 | N4: 23412.04 | O4: 36088.71 | P4: 50108.06 | Q4: 10671.7 | R4: 27509.1 | S4: 42428.5 | T4: 55281.68 | U4: 15016.61 | V4: 31079.16 | W4: 46230.75 | X4: 61002.45 | Y4: 15222.22 | Z4: 30912.62 | AA4: 45881.56 | AB4: 61286.29 | AC4: 16293.46 | AD4: 33465.88 | AE4: 50171.23 | AF4: 66492.16 | AG4: 18196.56 | AH4: 36993.351 | AI4: 55050.79 | AJ4: 72109.53 | AK4: 19939 | AL4: 40014.52 | AM4: 58866.01 | AN4: 77769.38 | AO4: 17711.011 | AP4: 40643.25 | AQ4: 64024.27 | AR4: 84878.52 | AT4: 0.091413099
E5: 이자이익 (b) | I5: 5274.33 | J5: 20786.71 | K5: 36522.9 | L5: 51854.8 | M5: 14693.52 | N5: 29864.94 | O5: 45060.85 | P5: 60454.56 | Q5: 15116.63 | R5: 31056.26 | S5: 48095.87 | T5: 65010.87 | U5: 16487.25 | V5: 32896.29 | W5: 49634.72 | X5: 64936.8 | Y5: 16338.58 | Z5: 33092.63 | AA5: 49964.01 | AB5: 67297.04 | AC5: 17263.59 | AD5: 35038.14 | AE5: 53302.42 | AF5: 71949.27 | AG5: 18663.47 | AH5: 38384.744 | AI5: 58589.03 | AJ5: 77970.46 | AK5: 19425 | AL5: 39325.33 | AM5: 58926.88 | AN5: 78304 | AO5: 19485.87 | AP5: 39200.92 | AQ5: 59603.73 | AR5: 79868.38 | AT5: 0.01997829
A6: NONGHYUP FIANCIAL GROUP | E6: 비이자이익 (c) | I6: -398.79 | J6: -1616.62 | K6: -1262.54 | L6: -1871.13 | M6: 81.03 | N6: -1388.31 | O6: -1367.64 | P6: -520.43 | Q6: -1206.55 | R6: 2779.85 | S6: 3693.48 | T6: 2959.32 | U6: 2189.39 | V6: 4708.75 | W6: 5587.17 | X6: 7666.76 | Y6: 2091.18 | Z6: 3986.06 | AA6: 4849.74 | AB6: 5510.88 | AC6: 2315.07 | AD6: 4749.61 | AE6: 6165.94 | AF6: 7019.91 | AG6: 2951.15 | AH6: 4913.363 | AI6: 5702.03 | AJ6: 6646.7295 | AK6: 3687 | AL6: 6897.13 | AM6: 8928.15 | AN6: 10823.32 | AO6: 1054.631 | AP6: 6488.04 | AQ6: 11774.17 | AR6: 14699.19 | AT6: 0.35810361
B7: 공지사항 | E7: 기타손익 | I7: -927.78 | J7: -3325.99 | K7: -6328.42 | L7: -8883.56 | M7: -2685.8 | N7: -5064.59 | O7: -7604.5 | P7: -9826.07 | Q7: -3238.38 | R7: -6327.01 | S7: -9360.85 | T7: -12688.51 | U7: -3660.03 | V7: -6525.88 | W7: -8991.14 | X7: -11601.11 | Y7: -3207.54 | Z7: -6166.07 | AA7: -8932.19 | AB7: -11521.63 | AC7: -3285.2 | AD7: -6321.87 | AE7: -9297.13 | AF7: -12477.02 | AG7: -3418.06 | AH7: -6304.7567 | AI7: -9240.27 | AJ7: -12507.66 | AK7: -3173 | AL7: -6207.94 | AM7: -8989.24 | AN7: -11358.32 | AO7: -2829.49 | AP7: -5045.71 | AQ7: -7353.63 | AR7: -9688.05 | AT7: -0.14705256
B8: 농협금융 | D8: 신용손실충당금전입액 (d) | I8: 824.73 | J8: 3098.62 | K8: 6275.98 | L8: 8109.9 | M8: 2110.92 | N8: 5762.44 | O8: 7199.49 | P8: 11990.03 | Q8: 2175.93 | R8: 4689.84 | S8: 6556.2 | T8: 9605.73 | U8: 2277.97 | V8: 4368.23 | W8: 5660.86 | X8: 13869.98 | Y8: 3575.45 | Z8: 13589.32 | AA8: 14597.84 | AB8: 16780.33 | AC8: 2174.16 | AD8: 4734.66 | AE8: 7227.38 | AF8: 9438.52 | AG8: 1062.05 | AH8: 2391.6228 | AI8: 4598.11 | AJ8: 7355.26 | AK8: 1019 | AL8: 1869 | AM8: 2806.3 | AN8: 3582.35 | AO8: 828.04 | AP8: 3228.24 | AQ8: 4408.8 | AR8: 6376.78 | AT8: 0.78005499
B9: 주요경영실적 | D9: 일반관리비 반영전 영업이익 (e=a-d) | I9: 3123.03 | J9: 12745.48 | K9: 22655.96 | L9: 32990.21 | M9: 9977.83 | N9: 17649.6 | O9: 28889.22 | P9: 38118.03 | Q9: 8495.77 | R9: 22819.26 | S9: 35872.3 | T9: 45675.95 | U9: 12738.64 | V9: 26710.93 | W9: 40569.89 | X9: 47132.47 | Y9: 11646.77 | Z9: 17323.3 | AA9: 31283.72 | AB9: 44505.96 | AC9: 14119.3 | AD9: 28731.22 | AE9: 42943.85 | AF9: 57053.64 | AG9: 17134.51 | AH9: 34601.728 | AI9: 50452.68 | AJ9: 64754.27 | AK9: 18920 | AL9: 38145.44 | AM9: 56059.71 | AN9: 74187.03 | AO9: 16882.97 | AP9: 37415.01 | AQ9: 59615.47 | AR9: 78501.74 | AT9: 0.058159897
B10: 개황 Ⅰ | D10: 일반관리비 (f) | I10: 1916.3 | J10: 8393.3 | K10: 15379.68 | L10: 22757.93 | M10: 6834.02 | N10: 13665.83 | O10: 20951.84 | P10: 28826.91 | Q10: 7613.33 | R10: 15413.55 | S10: 24578.7 | T10: 33397.08 | U10: 9718.4 | V10: 18760.37 | W10: 28835.865 | X10: 37768.05 | Y10: 9245.26 | Z10: 17586.66 | AA10: 26920.165 | AB10: 36998.17 | AC10: 9744.4 | AD10: 18931.76 | AE10: 28928.82 | AF10: 39888.7 | AG10: 10360.49 | AH10: 19653.717 | AI10: 30297.68 | AJ10: 41503.98 | AK10: 10712 | AL10: 20521.78 | AM10: 31532.24 | AN10: 43175.25 | AO10: 10815.22 | AP10: 20805.24 | AQ10: 32500.41 | AR10: 46263.15 | AT10: 0.071520142
B11: 개황 Ⅱ | D11: 영업이익 (g=e-f) | I11: 1206.73 | J11: 4352.18 | K11: 7276.28 | L11: 10232.28 | M11: 3143.81 | N11: 3983.77 | O11: 7937.38 | P11: 9291.12 | Q11: 882.44 | R11: 7405.71 | S11: 11293.6 | T11: 12278.87 | U11: 3020.24 | V11: 7950.56 | W11: 11734.025 | X11: 9364.42 | Y11: 2401.51 | Z11: -263.36 | AA11: 4363.5548 | AB11: 7507.79 | AC11: 4374.9 | AD11: 9799.46 | AE11: 14015.03 | AF11: 17164.94 | AG11: 6774.02 | AH11: 14948.011 | AI11: 20155 | AJ11: 23250.29 | AK11: 8208 | AL11: 17623.66 | AM11: 24527.47 | AN11: 31011.78 | AO11: 6067.75 | AP11: 16609.77 | AQ11: 27115.06 | AR11: 32238.59 | AT11: 0.039559484
B12: 연결BS | D12: 농업지원사업비(h) | I12: 434.93 | J12: 1740.27 | K12: 3045.46 | L12: 4350.66 | M12: 1133.66 | N12: 2267.312 | O12: 3400.968 | P12: 4534.62 | Q12: 814.76 | R12: 1629.516 | S12: 2472.05 | T12: 3314.59 | U12: 881.26 | V12: 1762.52 | W12: 2643.79 | X12: 3525.05 | Y12: 958.61 | Z12: 1917.23 | AA12: 2875.84 | AB12: 3834.45 | AC12: 907 | AD12: 1814 | AE12: 2721 | AF12: 3628 | AG12: 964.25 | AH12: 1928.5023 | AI12: 2892.6466 | AJ12: 3858.0058 | AK12: 1034 | AL12: 2068.243 | AM12: 3102.3646 | AN12: 4136.49 | AO12: 1070.3383 | AP12: 2140.6986 | AQ12: 3211.06 | AR12: 4281.4195 | AT12: 0.035036831
B13: 연결IS | D13: 기타영업외이익(i) | I13: 36.78 | J13: 247.04 | K13: 297.08 | L13: 264.41 | M13: 261.1 | N13: 393.91202 | O13: 176.94804 | P13: -45.34 | Q13: 175.84 | R13: 181.09602 | S13: 104.36 | T13: 496.7 | U13: 215.33 | V13: 367.45 | W13: 219.31534 | X13: 491.89 | Y13: 125.93 | Z13: 252.47 | AA13: 646.55521 | AB13: 1691.82 | AC13: 54.63 | AD13: 135.62 | AE13: 295.55 | AF13: -96.92 | AG13: 175.9 | AH13: 159.53875 | AI13: 70.17659 | AJ13: -259.8942 | AK13: -38 | AL13: -72.58696 | AM13: -29.47544 | AN13: 491.78 | AO13: 21.6883 | AP13: 282.72863 | AQ13: 163.59 | AR13: 507.6895
B14: 연결손익Ⅰ | D14: 세전이익 (j=g-h+i) | I14: 808.58 | J14: 2858.95 | K14: 4527.9 | L14: 6146.03 | M14: 2271.25 | N14: 2110.37 | O14: 4713.36 | P14: 4711.16 | Q14: 243.52 | R14: 5957.29 | S14: 8925.91 | T14: 9460.98 | U14: 2354.31 | V14: 6555.49 | W14: 9309.55 | X14: 6331.26 | Y14: 1568.83 | Z14: -1928.12 | AA14: 2134.27 | AB14: 5365.16 | AC14: 3522.53 | AD14: 8121.08 | AE14: 11589.58 | AF14: 13440.02 | AG14: 5985.67 | AH14: 13179.048 | AI14: 17332.53 | AJ14: 19132.39 | AK14: 7136 | AL14: 15482.83 | AM14: 21395.63 | AN14: 27367.07 | AO14: 5019.1 | AP14: 14751.8 | AQ14: 24067.59 | AR14: 28464.86 | AT14: 0.040113538
B15: 연결손익Ⅱ | D15: 법인세비용 (k) | I15: 168.79 | J15: 579.67 | K15: 757.07 | L15: 1017.93 | M15: 513.1 | N15: 511.03 | O15: 1622.11 | P15: 1471.12 | Q15: 94.66 | R15: 564.67 | S15: 1208.22 | T15: 1302.94 | U15: 599.75 | V15: 1524.09 | W15: 2144.83 | X15: 1461.03 | Y15: 364.48 | Z15: -538.56 | AA15: 311.67 | AB15: 1099.6 | AC15: 753.16 | AD15: 1922.35 | AE15: 2864.42 | AF15: 2915 | AG15: 1354.18 | AH15: 3609.6906 | AI15: 4747.53 | AJ15: 5085.33 | AK15: 1956 | AL15: 4342.66 | AM15: 6006.24 | AN15: 7490.44 | AO15: 1530.09 | AP15: 4281.22 | AQ15: 6782.99 | AR15: 7977.25 | AT15: 0.064990842
B16: 수익성 | D16: 중단영업손익 (l) | I16: 0 | J16: 0 | K16: 0 | L16: 0 | M16: 0 | N16: 0 | O16: 0 | P16: 0 | Q16: 0 | R16: 0 | S16: -189.72 | T16: -113.17 | U16: 0 | V16: 0 | W16: 0 | X16: 0 | Y16: 0 | Z16: 0 | AA16: 0 | AB16: 0 | AC16: 0 | AD16: 0 | AE16: 0 | AF16: 0 | AG16: 0 | AH16: 0 | AI16: 0 | AJ16: 0 | AK16: 0 | AL16: 0 | AM16: 0 | AN16: 0 | AO16: 0 | AP16: 0 | AQ16: 0 | AR16: 0
B17: 비이자이익 | D17: 연결당기순이익 (m=j-k+l) | I17: 639.79 | J17: 2279.28 | K17: 3770.83 | L17: 5128.1 | M17: 1758.15 | N17: 1599.34 | O17: 3091.25 | P17: 3240.04 | Q17: 148.86 | R17: 5392.62 | S17: 7527.97 | T17: 8044.87 | U17: 1754.56 | V17: 5031.4 | W17: 7164.72 | X17: 4870.23 | Y17: 1204.35 | Z17: -1389.56 | AA17: 1822.6 | AB17: 4265.56 | AC17: 2769.37 | AD17: 6198.73 | AE17: 8725.16 | AF17: 10525.02 | AG17: 4631.49 | AH17: 9569.357 | AI17: 12585 | AJ17: 14047.06 | AK17: 5179 | AL17: 11140.17 | AM17: 15389.39 | AN17: 19876.63 | AO17: 3489.01 | AP17: 10470.58 | AQ17: 17284.6 | AR17: 20487.61 | AT17: 0.030738611
B18: 관리비 | E18: 지배주주지분당기순이익 | I18: 684.68 | J18: 2170.84 | K18: 3643.16 | L18: 4918.01 | M18: 1769.96 | N18: 1533.62 | O18: 2898.01 | P18: 2929.85 | Q18: 30.33 | R18: 5250.35 | S18: 7030.41 | T18: 7684.88 | U18: 1375.88 | V18: 4369.75 | W18: 6196.67 | X18: 4022.58 | Y18: 894.15 | Z18: -2012.69 | AA18: 986.83 | AB18: 3209.68 | AC18: 2215.78 | AD18: 5126.97 | AE18: 7284.65 | AF18: 8597.84 | AG18: 3900.81 | AH18: 8294.8522 | AI18: 10771.46 | AJ18: 12188.58 | AK18: 4327 | AL18: 9971.25 | AM18: 13936.89 | AN18: 17796 | AO18: 3386.77 | AP18: 9102.38 | AQ18: 14607.64 | AR18: 17358.79 | AT18: -0.02456788
B19: 농업지원사업비 | E19: 비지배주주지분당기순이익 | I19: -44.89 | J19: 108.44 | K19: 127.67 | L19: 210.09 | M19: -11.81 | N19: 65.72 | O19: 193.24 | P19: 310.19 | Q19: 118.53 | R19: 142.27 | S19: 497.56 | T19: 359.99 | U19: 378.68 | V19: 661.65 | W19: 968.05 | X19: 847.65 | Y19: 310.2 | Z19: 623.13 | AA19: 835.77 | AB19: 1055.88 | AC19: 553.59 | AD19: 1071.76 | AE19: 1440.51 | AF19: 1927.18 | AG19: 730.68 | AH19: 1274.5048 | AI19: 1813.54 | AJ19: 1858.48 | AK19: 852 | AL19: 1168.92 | AM19: 1452.5 | AN19: 2080.29 | AO19: 102.24 | AP19: 1368.2 | AQ19: 2676.96 | AR19: 3128.82 | AT19: 0.50403069
B20: 대출채권 | E20: 농업지원사업비부담전당기순이익 | I20: 639.79 | J20: 3598.4821 | K20: 6079.4336 | L20: 8426.1052 | M20: 2617.5266 | N20: 3318.0932 | O20: 5669.3798 | P20: 6677.5464 | Q20: 766.51958 | R20: 6627.9392 | S20: 9403.0501 | T20: 10559.711 | U20: 2423.0099 | V20: 6367.9255 | W20: 9169.1968 | X20: 7542.9597 | Y20: 1931.0835 | Z20: 63.906959 | AA20: 4002.8004 | AB20: 7172.4939 | AC20: 3456.9922 | AD20: 7573.9743 | AE20: 10788.027 | AF20: 13275.509 | AG20: 5330.6991 | AH20: 10967.775 | AI20: 14682.627 | AJ20: 16843.896 | AK20: 5928.6772 | AL20: 12639.524 | AM20: 17638.422 | AN20: 22875.339 | AO20: 4264.933 | AP20: 12023.442 | AQ20: 19612.401 | AR20: 23591.35 | AT20: 0.031300577
B21: 예수부채 | E21: 농업지원사업비부담전당기순이익(지배주주지분) | I21: 684.68 | J21: 3488.9382 | K21: 5949.8319 | L21: 8213.2556 | M21: 2628.1921 | N21: 3250.0842 | O21: 5472.7063 | P21: 6362.7784 | Q21: 646.61308 | R21: 6482.9162 | S21: 8887.8438 | T21: 10161.584 | U21: 2028.983 | V21: 5675.5818 | W21: 8155.1062 | X21: 6633.6015 | Y21: 1604.4077 | Z21: -592.17469 | AA21: 3117.603 | AB21: 6050.7106 | AC21: 2884.3397 | AD21: 6464.0893 | AE21: 9290.329 | AF21: 11272.079 | AG21: 4578.3191 | AH21: 9649.8704 | AI21: 12803.987 | AJ21: 14898.617 | AK21: 5051.3708 | AL21: 11419.954 | AM21: 16109.946 | AN21: 20693.408 | AO21: 4136.2921 | AP21: 10599.425 | AQ21: 16854.214 | AR21: 20352.923 | AT21: -0.016453782
B22: 자본적정성
B23: 자산건전성 Ⅰ | D23: (단위 : 억원/분기) | I23: 1Q12 | J23: 2Q12 | K23: 3Q12 | L23: 4Q12 | M23: 1Q13 | N23: 2Q13 | O23: 3Q13 | P23: 4Q13 | Q23: 1Q14 | R23: 2Q14 | S23: 3Q14 | T23: 4Q14 | U23: 1Q15 | V23: 2Q15 | W23: 3Q15 | X23: 4Q15 | Y23: 1Q16 | Z23: 2Q16 | AA23: 3Q16 | AB23: 4Q16 | AC23: 1Q17 | AD23: 2Q17 | AE23: 3Q17 | AF23: 4Q17 | AG23: 1Q18 | AH23: 2Q18 | AI23: 3Q18 | AJ23: 4Q18 | AK23: 1Q19 | AL23: 2Q19 | AM23: 3Q19 | AN23: 2019 | AO23: 1Q20 | AP23: 2Q20 | AQ23: 3Q20 | AR23: 2020 | AT23: QoQ%
B24: 자산건전성 Ⅱ | D24: 총영업이익 (a=b+c) | I24: 3947.76 | J24: 11896.34 | K24: 13087.84 | L24: 12168.17 | M24: 12088 | N24: 11323.29 | O24: 12676.67 | P24: 14019.35 | Q24: 10671 | R24: 16837.4 | S24: 14919.4 | T24: 12853.18 | U24: 15016.61 | V24: 16062.55 | W24: 15151.59 | X24: 14771.7 | Y24: 15222.22 | Z24: 15690.4 | AA24: 14968.94 | AB24: 15404.73 | AC24: 16293.46 | AD24: 17172.42 | AE24: 16705.35 | AF24: 16320.93 | AG24: 18196.56 | AH24: 18796.791 | AI24: 18057.439 | AJ24: 17058.74 | AK24: 19939 | AL24: 20075.52 | AM24: 18851.49 | AN24: 18903.37 | AO24: 17711.011 | AP24: 22932.239 | AQ24: 23381.02 | AR24: 20854.25 | AT24: -0.10806928
B25: 농협은행 | E25: 이자이익 (b) | I25: 5274.33 | J25: 15512.38 | K25: 15736.19 | L25: 15331.9 | M25: 14694 | N25: 15171.42 | O25: 15195.91 | P25: 15393.71 | Q25: 15117 | R25: 15939.63 | S25: 17039.61 | T25: 16915 | U25: 16487.25 | V25: 16409.04 | W25: 16738.43 | X25: 15302.08 | Y25: 16338.58 | Z25: 16754.05 | AA25: 16871.38 | AB25: 17333.03 | AC25: 17263.59 | AD25: 17774.55 | AE25: 18264.28 | AF25: 18646.85 | AG25: 18663.47 | AH25: 19721.274 | AI25: 20204.286 | AJ25: 19381.43 | AK25: 19425 | AL25: 19900.33 | AM25: 19601.55 | AN25: 19377.12 | AO25: 19485.87 | AP25: 19715.05 | AQ25: 20402.81 | AR25: 20263.65 | AT25: -0.0068206291
B26: 연결BS | E26: 비이자이익 (c) | I26: -398.79 | J26: -1217.83 | K26: 354.08 | L26: -608.59 | M26: -2606 | N26: -1469.34 | O26: 20.67 | P26: 847.21 | Q26: -4446 | R26: 3986.4 | S26: 913.63 | T26: -734.16 | U26: 2189.39 | V26: 2519.36 | W26: 878.42 | X26: 2079.59 | Y26: 2091.18 | Z26: 1894.88 | AA26: 863.68 | AB26: 661.14 | AC26: 2315.07 | AD26: 2434.54 | AE26: 1416.33 | AF26: 853.97 | AG26: 2951.15 | AH26: 1962.213 | AI26: 788.66695 | AJ26: 944.69952 | AK26: 3687 | AL26: 3210.13 | AM26: 2031.02 | AN26: 1895.17 | AO26: 1054.631 | AP26: 5433.409 | AQ26: 5286.13 | AR26: 2925.02 | AT26: -0.44666136
B27: 연결IS | E27: 기타손익 | I27: -927.78 | J27: -2398.21 | K27: -3002.43 | L27: -2555.14 | M27: -2605 | N27: -2378.79 | O27: -2539.91 | P27: -2221.57 | Q27: -4445 | R27: -3088.63 | S27: -3033.84 | T27: -3327.66 | U27: -3660.03 | V27: -2865.85 | W27: -2465.26 | X27: -2609.97 | Y27: -3207.54 | Z27: -2958.53 | AA27: -2766.12 | AB27: -2589.44 | AC27: -3285.2 | AD27: -3036.67 | AE27: -2975.26 | AF27: -3179.89 | AG27: -3418.06 | AH27: -2886.6967 | AI27: -2935.5133 | AJ27: -3267.3895 | AK27: -3173 | AL27: -3034.94 | AM27: -2781.3 | AN27: -2369.08 | AO27: -2829.49 | AP27: -2216.22 | AQ27: -2307.92 | AR27: -2334.42 | AT27: 0.0114822
B28: 이자이익/NIM | D28: 신용손실충당금전입액 (d) | I28: 824.73 | J28: 2273.89 | K28: 3177.36 | L28: 1833.92 | M28: 2110 | N28: 3651.52 | O28: 1437.05 | P28: 4790.54 | Q28: 2176 | R28: 2513.91 | S28: 1866.36 | T28: 3049.53 | U28: 2277.97 | V28: 2090.26 | W28: 1292.63 | X28: 8209.12 | Y28: 3575.45 | Z28: 10013.87 | AA28: 1008.52 | AB28: 2182.49 | AC28: 2174.16 | AD28: 2560.5 | AE28: 2492.72 | AF28: 2211.14 | AG28: 1062.05 | AH28: 1329.5728 | AI28: 2206.4872 | AJ28: 2757.15 | AK28: 1019 | AL28: 850.08 | AM28: 937.22 | AN28: 776.05 | AO28: 828.04 | AP28: 2400.2 | AQ28: 1180.56 | AR28: 1967.98 | AT28: 0.66698855
B29: 주요계수 | D29: 일반관리비 반영전 영업이익 (e=a-d) | I29: 3123.03 | J29: 9622.45 | K29: 9910.48 | L29: 10334.25 | M29: 9978 | N29: 7671.77 | O29: 11239.62 | P29: 9228.81 | Q29: 8495 | R29: 14323.49 | S29: 13053.04 | T29: 9803.65 | U29: 12738.64 | V29: 13972.29 | W29: 13858.96 | X29: 6562.58 | Y29: 11646.77 | Z29: 5676.53 | AA29: 13960.42 | AB29: 13222.24 | AC29: 14119.3 | AD29: 14611.92 | AE29: 14212.63 | AF29: 14109.79 | AG29: 17134.51 | AH29: 17467.218 | AI29: 15850.952 | AJ29: 14301.59 | AK29: 18920 | AL29: 19225.44 | AM29: 17914.27 | AN29: 18127.32 | AO29: 16882.97 | AP29: 20532.04 | AQ29: 22200.46 | AR29: 18886.27 | AT29: -0.14928474
B30: 농협생명 | D30: 일반관리비 (f) | I30: 1916.3 | J30: 6477 | K30: 6986.38 | L30: 7378.25 | M30: 6834 | N30: 6831.81 | O30: 7286.01 | P30: 7875.07 | Q30: 7613 | R30: 7800.22 | S30: 9165.15 | T30: 8818.38 | U30: 9718.4 | V30: 9041.97 | W30: 10075.495 | X30: 8932.1847 | Y30: 9245.26 | Z30: 8341.4 | AA30: 9333.5052 | AB30: 10078.005 | AC30: 9744.4 | AD30: 9187.36 | AE30: 9997.06 | AF30: 10959.88 | AG30: 10360.49 | AH30: 9293.2267 | AI30: 10643.963 | AJ30: 11206.3 | AK30: 10712 | AL30: 9809.78 | AM30: 11010.46 | AN30: 11643.01 | AO30: 10815.22 | AP30: 9990.02 | AQ30: 11695.17 | AR30: 13762.74 | AT30: 0.17678837
B31: 농협손해 | D31: 영업이익 (g=e-f) | I31: 1206.73 | J31: 3145.45 | K31: 2924.1 | L31: 2956 | M31: 3144 | N31: 839.96 | O31: 3953.61 | P31: 1353.74 | Q31: 882 | R31: 6523.27 | S31: 3887.89 | T31: 985.27 | U31: 3020.24 | V31: 4930.32 | W31: 3783.4647 | X31: -2369.6047 | Y31: 2401.51 | Z31: -2664.87 | AA31: 4626.9148 | AB31: 3144.2352 | AC31: 4374.9 | AD31: 5424.56 | AE31: 4215.57 | AF31: 3149.91 | AG31: 6774.02 | AH31: 8173.9911 | AI31: 5206.9889 | AJ31: 3095.29 | AK31: 8208 | AL31: 9415.66 | AM31: 6903.81 | AN31: 6484.31 | AO31: 6068 | AP31: 10542.02 | AQ31: 10505.29 | AR31: 5123.53 | AT31: -0.51229047
B32: NH투자증권 | D32: 농업지원사업비(h) | I32: 434.93 | J32: 1305.34 | K32: 1305.19 | L32: 1305.2 | M32: 1134 | N32: 1133.652 | O32: 1133.656 | P32: 1133.652 | Q32: 815 | R32: 814.75602 | S32: 842.53398 | T32: 842.54 | U32: 881.26 | V32: 881.26 | W32: 881.27 | X32: 881.26 | Y32: 958.61 | Z32: 958.62 | AA32: 958.61 | AB32: 958.61 | AC32: 907 | AD32: 907 | AE32: 907 | AF32: 907 | AG32: 964.25 | AH32: 964.25226 | AI32: 964.14433 | AJ32: 965.35921 | AK32: 1034 | AL32: 1034.243 | AM32: 1034.1215 | AN32: 1034.1254 | AO32: 1070.3383 | AP32: 1070.3603 | AQ32: 1070.3614 | AR32: 1070.3595 | AT32: -1.7470735e-06
B33: NH-Amundi자산운용 | D33: 기타영업외이익(i) | I33: 36.78 | J33: 210.26 | K33: 50.04 | L33: -32.67 | M33: 261 | N33: 132.81202 | O33: -216.96399 | P33: -222.28804 | Q33: 177 | R33: 5.25602 | S33: -76.73602 | T33: 392.34 | U33: 215.33 | V33: 152.12 | W33: -148.13466 | X33: 272.57466 | Y33: 125.93 | Z33: 126.54 | AA33: 394.08521 | AB33: 1045.2648 | AC33: 54.63 | AD33: 80.99 | AE33: 159.93 | AF33: -392.47 | AG33: 175.9 | AH33: -16.361251 | AI33: -89.362159 | AJ33: -330.07079 | AK33: -38 | AL33: -34.58696 | AM33: 43.11152 | AN33: 521.25544 | AO33: 21.6883 | AP33: 261.04033 | AQ33: -119.13863 | AR33: 344.0995
B34: NH농협캐피탈 | D34: 세전이익 (j=g-h+i) | I34: 808.58 | J34: 2050.37 | K34: 1668.95 | L34: 1618.13 | M34: 2271 | N34: -160.88 | O34: 2602.99 | P34: -2.2 | Q34: 244 | R34: 5713.77 | S34: 2968.62 | T34: 535.07 | U34: 2354.31 | V34: 4201.18 | W34: 2754.06 | X34: -2978.29 | Y34: 1568.83 | Z34: -3496.95 | AA34: 4062.39 | AB34: 3230.89 | AC34: 3522.53 | AD34: 4598.55 | AE34: 3468.5 | AF34: 1850.44 | AG34: 5985.67 | AH34: 7193.3776 | AI34: 4153.4824 | AJ34: 1799.86 | AK34: 7136 | AL34: 8346.83 | AM34: 5912.8 | AN34: 5971.44 | AO34: 5019.1 | AP34: 9732.7 | AQ34: 9315.79 | AR34: 4397.27 | AT34: -0.52797669
B35: NH저축은행 | D35: 법인세비용 (k) | I35: 168.79 | J35: 410.88 | K35: 177.4 | L35: 260.86 | M35: 513 | N35: -2.07 | O35: 1111.08 | P35: -150.99 | Q35: 95 | R35: 470.01 | S35: 643.55 | T35: 94.72 | U35: 599.75 | V35: 924.34 | W35: 620.74 | X35: -683.8 | Y35: 364.48 | Z35: -903.04 | AA35: 850.23 | AB35: 787.93 | AC35: 753.16 | AD35: 1169.19 | AE35: 942.07 | AF35: 50.58 | AG35: 1354.18 | AH35: 2255.5106 | AI35: 1137.8394 | AJ35: 337.8 | AK35: 1956 | AL35: 2386.66 | AM35: 1663.58 | AN35: 1484.2 | AO35: 1530.09 | AP35: 2751.13 | AQ35: 2501.77 | AR35: 1194.26 | AT35: -0.52263398
B36: 기타 | D36: 중단영업손익 (l) | I36: 0 | J36: 0 | K36: 0 | L36: 0 | M36: 0 | N36: 0 | O36: 0 | P36: 0 | Q36: 0 | R36: 0 | S36: -189.72 | T36: 76.55 | U36: 0 | V36: 0 | W36: 0 | X36: 0 | Y36: 0 | Z36: 0 | AA36: 0 | AB36: 0 | AC36: 0 | AD36: 0 | AE36: 0 | AF36: 0 | AG36: 0 | AH36: 0 | AI36: 0 | AJ36: 0 | AK36: 0 | AL36: 0 | AM36: 0 | AN36: 0 | AO36: 0 | AP36: 0 | AQ36: 0 | AR36: 0
B37: 현황 | D37: 연결당기순이익 (m=j-k+l) | I37: 639.79 | J37: 1639.49 | K37: 1491.55 | L37: 1357.27 | M37: 1758 | N37: -158.81 | O37: 1491.91 | P37: 148.79 | Q37: 149 | R37: 5243.76 | S37: 2135.35 | T37: 516.9 | U37: 1754.56 | V37: 3276.84 | W37: 2133.32 | X37: -2294.49 | Y37: 1204.35 | Z37: -2593.91 | AA37: 3212.16 | AB37: 2442.96 | AC37: 2769.37 | AD37: 3429.36 | AE37: 2526.43 | AF37: 1799.86 | AG37: 4631.49 | AH37: 4937.867 | AI37: 3015.643 | AJ37: 1462.06 | AK37: 5179 | AL37: 5961.17 | AM37: 4249.22 | AN37: 4487.24 | AO37: 3489.01 | AP37: 6981.57 | AQ37: 6814.02 | AR37: 3203.01 | AT37: -0.52993827
B38: 주식수 | E38: 지배주주지분당기순이익 | I38: 684.68 | J38: 1486.16 | K38: 1472.32 | L38: 1274.85 | M38: 1770 | N38: -236.34 | O38: 1364.39 | P38: 31.84 | Q38: 30 | R38: 5220.02 | S38: 1780.06 | T38: 654.47 | U38: 1375.88 | V38: 2993.87 | W38: 1826.92 | X38: -2174.09 | Y38: 894.15 | Z38: -2906.84 | AA38: 2999.52 | AB38: 2222.85 | AC38: 2215.78 | AD38: 2911.19 | AE38: 2157.68 | AF38: 1313.19 | AG38: 3900.81 | AH38: 4394.0422 | AI38: 2476.6078 | AJ38: 1417.12 | AK38: 4327 | AL38: 5644.25 | AM38: 3965.64 | AN38: 3859.11 | AO38: 3386.77 | AP38: 5715.61 | AQ38: 5505.26 | AR38: 2751.15 | AT38: -0.50026883
B39: 지분도 | E39: 비지배주주지분당기순이익 | I39: -44.89 | J39: 153.33 | K39: 19.23 | L39: 82.42 | M39: -12 | N39: 77.53 | O39: 127.52 | P39: 116.95 | Q39: 119 | R39: 23.74 | S39: 355.29 | T39: -137.57 | U39: 378.68 | V39: 282.97 | W39: 306.4 | X39: -120.4 | Y39: 310.2 | Z39: 312.93 | AA39: 212.64 | AB39: 220.11 | AC39: 553.59 | AD39: 518.17 | AE39: 368.75 | AF39: 486.67 | AG39: 730.68 | AH39: 543.82478 | AI39: 539.03522 | AJ39: 44.94 | AK39: 852 | AL39: 316.92 | AM39: 283.58 | AN39: 627.79 | AO39: 102.24 | AP39: 1265.96 | AQ39: 1308.76 | AR39: 451.86 | AT39: -0.65474189
E40: 농업지원사업비부담전당기순이익 | I40: 639.79 | J40: 2958.6921 | K40: 2480.9516 | L40: 2346.6716 | M40: -11 | N40: 700.56659 | O40: 2351.2866 | P40: 1008.1666 | Q40: 120 | R40: 5861.4196 | S40: 2775.1109 | T40: 1156.6609 | U40: 2423.0099 | V40: 3944.9157 | W40: 2801.2713 | X40: -1626.2371 | Y40: 1931.0835 | Z40: -1867.1765 | AA40: 3938.8935 | AB40: 3169.6935 | AC40: 3456.9922 | AD40: 4116.9822 | AE40: 3214.0522 | AF40: 2487.4822 | AG40: 5330.6991 | AH40: 5637.0761 | AI40: 3714.8521 | AJ40: 2161.2691 | AK40: 5928.6772 | AL40: 6710.8472 | AM40: 4998.8972 | AN40: 5236.9172 | AO40: 4264.933 | AP40: 7758.509 | AQ40: 7588.959 | AR40: 3978.9492 | AT40: -0.47569236
E41: 농업지원사업비부담전당기순이익(지배주주지분) | I41: 684.68 | J41: 2804.2582 | K41: 2460.8937 | L41: 2263.4237 | M41: 2627.8274 | N41: 621.89209 | O41: 2222.6221 | P41: 890.07209 | Q41: 647 | R41: 5836.3031 | S41: 2404.9276 | T41: 1273.7405 | U41: 2028.983 | V41: 3646.5988 | W41: 2479.5244 | X41: -1521.5047 | Y41: 1604.4077 | Z41: -2196.5823 | AA41: 3709.7777 | AB41: 2933.1077 | AC41: 2884.3397 | AD41: 3579.7497 | AE41: 2826.2397 | AF41: 1981.7497 | AG41: 4578.3191 | AH41: 5071.5513 | AI41: 3154.1169 | AJ41: 2094.6291 | AK41: 5051.3708 | AL41: 6368.5832 | AM41: 4689.992 | AN41: 4583.462 | AO41: 4136.2921 | AP41: 6463.1331 | AQ41: 6254.7883 | AR41: 3498.7095 | AT41: -0.44063502

Sheet 연결IS_작성용
D1: 농협금융 연결 IS
D3: (단위 : 억원/누적) | I3: 1Q12 | J3: 2Q12 | K3: 3Q12 | L3: 2012 | M3: 1Q13 | N3: 2Q13 | O3: 3Q13 | P3: 2013 | Q3: 1Q14 | R3: 2Q14 | S3: 3Q14 | T3: 2014 | U3: 1Q15 | V3: 2Q15 | W3: 3Q15 | X3: 2015 | Y3: 1Q16 | Z3: 2Q16 | AA3: 3Q16 | AB3: 2016 | AC3: 1Q17 | AD3: 2Q17 | AE3: 3Q17 | AF3: 2017 | AG3: 1Q18 | AH3: 2Q18 | AI3: 3Q18 | AJ3: 2018 | AK3: 1Q19 | AL3: 2Q19 | AM3: 3Q19 | AN3: 2019 | AO3: 1Q20 | AP3: 2Q20 | AQ3: 3Q20 | AR3: 2020 | AT3: YoY%
A4: Table of Contents | D4: 총영업이익 (a=b+c) | I4: 3947.76 | J4: 15844.1 | K4: 28931.94 | L4: 41100.11 | M4: 12088.75 | N4: 23412.04 | O4: 36088.71 | P4: 50108.06 | Q4: 10671.7 | R4: 27509.1 | S4: 42428.5 | T4: 55281.68 | U4: 15016.61 | V4: 31079.16 | W4: 46230.75 | X4: 61002.45 | Y4: 15222.22 | Z4: 30912.62 | AA4: 45881.56 | AB4: 61286.29 | AC4: 16293.46 | AD4: 33465.88 | AE4: 50171.23 | AF4: 66492.16 | AG4: 18196.56 | AH4: 36993.351 | AI4: 55050.79 | AJ4: 72109.53 | AK4: 19939 | AL4: 40014.52 | AM4: 58866.01 | AN4: 77769.38 | AO4: 17711.011 | AP4: 40643.25 | AQ4: 64024.27 | AR4: 84878.52 | AT4: =AR4/AN4-1 -> 0.091413099
E5: 이자이익 (b) | I5: 5274.33 | J5: 20786.71 | K5: 36522.9 | L5: 51854.8 | M5: 14693.52 | N5: 29864.94 | O5: 45060.85 | P5: 60454.56 | Q5: 15116.63 | R5: 31056.26 | S5: 48095.87 | T5: 65010.87 | U5: 16487.25 | V5: 32896.29 | W5: 49634.72 | X5: 64936.8 | Y5: 16338.58 | Z5: 33092.63 | AA5: 49964.01 | AB5: 67297.04 | AC5: 17263.59 | AD5: 35038.14 | AE5: 53302.42 | AF5: 71949.27 | AG5: 18663.47 | AH5: 38384.744 | AI5: 58589.03 | AJ5: 77970.46 | AK5: 19425 | AL5: 39325.33 | AM5: 58926.88 | AN5: 78304 | AO5: 19485.87 | AP5: 39200.92 | AQ5: 59603.73 | AR5: 79867.38 | AT5: =AR5/AN5-1 -> 0.019965519
A6: NONGHYUP FIANCIAL GROUP | E6: 비이자이익 (c) | I6: =I4-I5-I7 -> -398.79 | J6: =J4-J5-J7 -> -1616.62 | K6: =K4-K5-K7 -> -1262.54 | L6: =L4-L5-L7 -> -1871.13 | M6: =M4-M5-M7 -> 81.03 | N6: =N4-N5-N7 -> -1388.31 | O6: =O4-O5-O7 -> -1367.64 | P6: =P4-P5-P7 -> -520.43 | ... AF6: =AF4-AF5-AF7 -> 7019.91 | AG6: 2951.15 | AH6: 4913.363 | AI6: 5702.03 | AJ6: 6646.7295 | AK6: 3687 | AL6: 6897.13 | AM6: 8928.15 | AN6: 10823.32 | AO6: 1054.631 | AP6: =AP4-AP5-AP7 -> 6488.04 | AQ6: =AQ4-AQ5-AQ7 -> 11774.17 | AR6: =AR4-AR5-AR7 -> 14699.19 | AT6: =AR6/AN6-1 -> 0.35810361
B7: 공지사항 | E7: 기타손익 | I7: -927.78 | J7: -3325.99 | K7: -6328.42 | L7: -8883.56 | M7: -2685.8 | N7: -5064.59 | O7: -7604.5 | P7: -9826.07 | Q7: -3238.38 | R7: -6327.01 | S7: -9360.85 | T7: -12688.51 | U7: -3660.03 | V7: -6525.88 | W7: -8991.14 | X7: -11601.11 | Y7: -3207.54 | Z7: -6166.07 | AA7: -8932.19 | AB7: -11521.63 | AC7: -3285.2 | AD7: -6321.87 | AE7: -9297.13 | AF7: -12477.02 | AG7: -3418.06 | AH7: -6304.7567 | AI7: -9240.27 | AJ7: =-1250765951824/100000000 -> -12507.66 | AK7: -3173 | AL7: -6207.94 | AM7: -8989.24 | AN7: -11358.32 | AO7: -2829.49 | AP7: -5045.71 | AQ7: -7353.63 | AR7: -9688.05 | AT7: =AR7/AN7-1 -> -0.14705256
B8: 농협금융 | D8: 신용손실충당금전입액 (d) | I8: 824.73 | J8: 3098.62 | K8: 6275.98 | L8: 8109.9 | M8: 2110.92 | N8: 5762.44 | O8: 7199.49 | P8: 11990.03 | Q8: 2175.93 | R8: 4689.84 | S8: 6556.2 | T8: 9605.73 | U8: 2277.97 | V8: 4368.23 | W8: 5660.86 | X8: 13869.98 | Y8: 3575.45 | Z8: 13589.32 | AA8: 14597.84 | AB8: 16780.33 | AC8: 2174.16 | AD8: 4734.66 | AE8: 7227.38 | AF8: 9438.52 | AG8: 1062.05 | AH8: 2391.6228 | AI8: 4598.11 | AJ8: 7355.26 | AK8: 1019 | AL8: 1869.08 | AM8: 2806.3 | AN8: 3582.35 | AO8: 828.04 | AP8: 3228.24 | AQ8: 4408.8 | AR8: 6376.78 | AT8: =AR8/AN8-1 -> 0.78005499
B9: 주요경영실적 | D9: 일반관리비 반영전 영업이익 (e=a-d) | I9: =I4-I8 -> 3123.03 | J9: =J4-J8 -> 12745.48 | K9: =K4-K8 -> 22655.96 | L9: =L4-L8 -> 32990.21 | M9: =M4-M8 -> 9977.83 | N9: =N4-N8 -> 17649.6 | O9: =O4-O8 -> 28889.22 | P9: =P4-P8 -> 38118.03 | ... AM9: =AM4-AM8 -> 56059.71 | AN9: 74187.03 | AO9: 16882.97 | AP9: 37415.01 | AQ9: 59615.47 | AR9: 78501.74 | AT9: =AR9/AN9-1 -> 0.058159897
B10: 개황 Ⅰ | D10: 일반관리비 (f) | I10: 1916.3 | J10: 8393.3 | K10: 15379.68 | L10: 22757.93 | M10: 6834.02 | N10: 13665.83 | O10: 20951.84 | P10: 28826.91 | Q10: 7613.33 | R10: 15413.55 | S10: 24578.7 | T10: 33397.08 | U10: 9718.4 | V10: 18760.37 | W10: 28835.865 | X10: 37768.05 | Y10: 9245.26 | Z10: 17586.66 | AA10: 26920.165 | AB10: 36998.17 | AC10: 9744.4 | AD10: 18931.76 | AE10: 28928.82 | AF10: 39888.7 | AG10: 10360.49 | AH10: 19653.717 | AI10: 30297.68 | AJ10: 41503.98 | AK10: 10712 | AL10: 20521.78 | AM10: 31532.24 | AN10: 43175.25 | AO10: 10815.22 | AP10: 20805.24 | AQ10: 32500.41 | AR10: 46263.15 | AT10: =AR10/AN10-1 -> 0.071520142
B11: 개황 Ⅱ | D11: 영업이익 (g=e-f) | I11: =I9-I10 -> 1206.73 | J11: =J9-J10 -> 4352.18 | K11: =K9-K10 -> 7276.28 | L11: =L9-L10 -> 10232.28 | M11: =M9-M10 -> 3143.81 | N11: =N9-N10 -> 3983.77 | O11: =O9-O10 -> 7937.38 | P11: =P9-P10 -> 9291.12 | ... AR11: =AR9-AR10 -> 32238.59 | AT11: =AR11/AN11-1 -> 0.039559484
B12: 연결BS | D12: 농업지원사업비(h) | I12: 434.93 | J12: 1740.27 | K12: 3045.46 | L12: 4350.66 | M12: 1133.66 | N12: 2267.312 | O12: 3400.968 | P12: 4534.62 | Q12: 814.76 | R12: 1629.516 | S12: 2472.05 | T12: 3314.59 | U12: 881.26 | V12: 1762.52 | W12: 2643.79 | X12: 3525.05 | Y12: 958.61 | Z12: 1917.23 | AA12: 2875.84 | AB12: 3834.45 | AC12: 907 | AD12: 1814 | AE12: 2721 | AF12: 3628 | AG12: 964.25 | AH12: 1928.5023 | AI12: 2892.6466 | AJ12: 3858.0058 | AK12: 1034 | AL12: 2068.243 | AM12: 3102.3646 | AN12: 4136.49 | AO12: =농업지원사업비!AO18/100 -> 1070.3383 | AP12: 2140.6986 | AQ12: 3211.06 | AR12: 4281.4195 | AT12: =AR12/AN12-1 -> 0.035036831
B13: 연결IS | D13: 기타영업외이익(i) | I13: =I14-I11+I12 -> 36.78 | J13: =J14-J11+J12 -> 247.04 | K13: =K14-K11+K12 -> 297.08 | L13: =L14-L11+L12 -> 264.41 | M13: =M14-M11+M12 -> 261.1 | N13: =N14-N11+N12 -> 393.91202 | O13: =O14-O11+O12 -> 176.94804 | P13: =P14-P11+P12 -> -45.34 | ... AR13: =AR14-AR11+AR12 -> 507.6895
B14: 연결손익Ⅰ | D14: 세전이익 (j=g-h+i) | I14: 808.58 | J14: 2858.95 | K14: 4527.9 | L14: 6146.03 | M14: 2271.25 | N14: 2110.37 | O14: 4713.36 | P14: 4711.16 | Q14: 243.52 | R14: 5957.29 | S14: 8925.91 | T14: 9460.98 | U14: 2354.31 | V14: 6555.49 | W14: 9309.55 | X14: 6331.26 | Y14: 1568.83 | Z14: -1928.12 | AA14: 2134.27 | AB14: 5365.16 | AC14: 3522.53 | AD14: 8121.08 | AE14: 11589.58 | AF14: 13440.02 | AG14: 5985.67 | AH14: 13179.048 | AI14: 17332.53 | AJ14: 19132.39 | AK14: 7136 | AL14: 15482.83 | AM14: 21395.63 | AN14: 27367.07 | AO14: 5019.1 | AP14: 14751.8 | AQ14: 24067.59 | AR14: 28464.86 | AT14: =AR14/AN14-1 -> 0.040113538
B15: 연결손익Ⅱ | D15: 법인세비용 (k) | I15: 168.79 | J15: 579.67 | K15: 757.07 | L15: 1017.93 | M15: 513.1 | N15: 511.03 | O15: 1622.11 | P15: 1471.12 | Q15: 94.66 | R15: 564.67 | S15: 1208.22 | T15: 1302.94 | U15: 599.75 | V15: 1524.09 | W15: 2144.83 | X15: 1461.03 | Y15: 364.48 | Z15: -538.56 | AA15: 311.67 | AB15: 1099.6 | AC15: 753.16 | AD15: 1922.35 | AE15: 2864.42 | AF15: 2915 | AG15: 1354.18 | AH15: 3609.6906 | AI15: 4747.53 | AJ15: 5085.33 | AK15: 1956 | AL15: 4342.66 | AM15: 6006.24 | AN15: 7490.44 | AO15: 1530.09 | AP15: 4281.22 | AQ15: 6782.99 | AR15: 7977.25 | AT15: =AR15/AN15-1 -> 0.064990842
B16: 수익성 | D16: 중단영업손익 (l) | S16: -189.72 | T16: -113.17
B17: 비이자이익 | D17: 연결당기순이익 (m=j-k+l) | I17: 639.79 | J17: 2279.28 | K17: 3770.83 | L17: 5128.1 | M17: 1758.15 | N17: 1599.34 | O17: 3091.25 | P17: 3240.04 | Q17: 148.86 | R17: 5392.62 | S17: 7527.97 | T17: 8044.87 | U17: 1754.56 | V17: 5031.4 | W17: 7164.72 | X17: 4870.23 | Y17: 1204.35 | Z17: -1389.56 | AA17: 1822.6 | AB17: 4265.56 | AC17: 2769.37 | AD17: 6198.73 | AE17: 8725.16 | AF17: 10525.02 | AG17: 4631.49 | AH17: 9569.357 | AI17: 12585 | AJ17: 14047.06 | AK17: 5179 | AL17: 11140.17 | AM17: 15389.39 | AN17: 19876.63 | AO17: 3489.01 | AP17: 10470.58 | AQ17: 17284.6 | AR17: 20487.61 | AT17: =AR17/AN17-1 -> 0.030738611
B18: 관리비 | E18: 지배주주지분당기순이익 | I18: 684.68 | J18: 2170.84 | K18: 3643.16 | L18: 4918.01 | M18: 1769.96 | N18: 1533.62 | O18: 2898.01 | P18: 2929.85 | Q18: 30.33 | R18: 5250.35 | S18: 7030.41 | T18: 7684.88 | U18: 1375.88 | V18: 4369.75 | W18: 6196.67 | X18: 4022.58 | Y18: 894.15 | Z18: -2012.69 | AA18: 986.83 | AB18: 3209.68 | AC18: 2215.78 | AD18: 5126.97 | AE18: 7284.65 | AF18: 8597.84 | AG18: 3900.81 | AH18: 8294.8522 | AI18: 10771.46 | AJ18: 12188.58 | AK18: 4327 | AL18: 9971.25 | AM18: 13936.89 | AN18: 17796 | AO18: 3386.77 | AP18: 9102.38 | AQ18: 14607.64 | AR18: 17358.79 | AT18: =AR18/AN18-1 -> -0.02456788
B19: 농업지원사업비 | E19: 비지배주주지분당기순이익 | I19: -44.89 | J19: 108.44 | K19: 127.67 | L19: 210.09 | M19: -11.81 | N19: 65.72 | O19: 193.24 | P19: 310.19 | Q19: 118.53 | R19: 142.27 | S19: 497.56 | T19: 359.99 | U19: 378.68 | V19: 661.65 | W19: 968.05 | X19: 847.65 | Y19: 310.2 | Z19: 623.13 | AA19: 835.77 | AB19: 1055.88 | AC19: 553.59 | AD19: 1071.76 | AE19: 1440.51 | AF19: 1927.18 | AG19: 730.68 | AH19: 1274.5048 | AI19: 1813.54 | AJ19: 1858.48 | AK19: 852 | AL19: 1168.92 | AM19: 1452.5 | AN19: 2080.29 | AO19: 102.24 | AP19: 1368.2 | AQ19: 2676.96 | AR19: 3128.82 | AT19: =AR19/AN19-1 -> 0.50403069
B20: 대출채권 | E20: 농업지원사업비부담전당기순이익 | I20: =I17+I75*I76 -> 639.79 | J20: =J17+J75*J76 -> 3598.4821 | K20: =K17+K75*K76 -> 6079.4336 | L20: =L17+L75*L76 -> 8426.1052 | M20: =M17+M75*M76 -> 2617.5266 | N20: =N17+N75*N76 -> 3318.0932 | O20: =O17+O75*O76 -> 5669.3798 | P20: =P17+P75*P76 -> 6677.5464 | ... AE20: =AE17+AE75*AE76 -> 10788.027 | AF20: =AF17+AF76*AF75 -> 13275.509 | AG20: =AG17+AG76*AG75 -> 5330.6991 | AH20: =AH17+AH76*AH75 -> 10967.775 | AI20: =AI17+AI76*AI75 -> 14682.627 | AJ20: =AJ17+AJ76*AJ75 -> 16843.896 | AK20: =AK17+AK76*AK75 -> 5928.6772 | AL20: =AL17+AL76*AL75 -> 12639.524 | AM20: =AM17+AM76*AM75 -> 17638.422 | ... AO20: =AO17+AO76*AO75 -> 4264.933 | AP20: =AP17+AP76*AP75+1 -> 12023.442 | AQ20: =AQ17+AQ76*AQ75 -> 19612.401 | AR20: =AR17+AR76*AR75 -> 23591.35 | AT20: =AR20/AN20-1 -> 0.031300577
B21: 예수부채 | E21: 농업지원사업비부담전당기순이익(지배주주지분) | I21: =I18+I75*I77 -> 684.68 | J21: =J18+J75*J77 -> 3488.9382 | K21: =K18+K75*K77 -> 5949.8319 | L21: =L18+L75*L77 -> 8213.2556 | M21: =M18+M75*M77 -> 2628.1921 | N21: =N18+N75*N77 -> 3250.0842 | O21: =O18+O75*O77 -> 5472.7063 | P21: =P18+P75*P77 -> 6362.7784 | ... AN21: =AN18+AN75*AN77 -> 20693.408 | AO21: =AO18+AO75*AO77+1 -> 4136.2921 | AP21: =AP18+AP75*AP77 -> 10599.425 | AQ21: =AQ18+AQ75*AQ77+1 -> 16854.214 | AR21: =AR18+AR75*AR77 -> 20352.923 | AT21: =AR21/AN21-1 -> -0.016453782
B22: 자본적정성 | H22: 법인세율 | I22: 0.758 | J22: 0.758 | K22: 0.758 | L22: 0.758 | M22: 0.758 | N22: 0.758 | O22: 0.758 | P22: 0.758 | Q22: 0.758 | R22: 0.758 | S22: 0.758 | T22: 0.758 | U22: 0.758 | V22: 0.758 | W22: 0.758 | X22: 0.758 | Y22: 0.758 | Z22: 0.758 | AA22: 0.758 | AB22: 0.758 | AC22: 0.758 | AD22: 0.758 | AE22: 0.758 | AF22: 0.758 | AG22: 0.725 | AH22: 0.725 | AI22: 0.725 | AJ22: 0.725 | AK22: 0.725 | AL22: 0.725 | AM22: 0.725 | AN22: 0.725 | AO22: 0.725 | AP22: 0.725 | AQ22: 0.725 | AR22: 0.725
B23: 자산건전성 Ⅰ
B24: 자산건전성 Ⅱ
B25: 농협은행 | D25: (단위 : 억원/분기) | I25: 1Q12 | J25: 2Q12 | K25: 3Q12 | L25: 4Q12 | M25: 1Q13 | N25: 2Q13 | O25: 3Q13 | P25: 4Q13 | Q25: 1Q14 | R25: 2Q14 | S25: 3Q14 | T25: 4Q14 | U25: 1Q15 | V25: 2Q15 | W25: 3Q15 | X25: 4Q15 | Y25: 1Q16 | Z25: 2Q16 | AA25: 3Q16 | AB25: 4Q16 | AC25: 1Q17 | AD25: 2Q17 | AE25: 3Q17 | AF25: 4Q17 | AG25: 1Q18 | AH25: 2Q18 | AI25: 3Q18 | AJ25: 4Q18 | AK25: 1Q19 | AL25: 2Q19 | AM25: 3Q19 | AN25: 2019 | AO25: 1Q20 | AP25: 2Q20 | AQ25: 3Q20 | AR25: 2020 | AT25: QoQ%
B26: 연결BS | D26: 총영업이익 (a=b+c) | I26: =I4 -> 3947.76 | J26: =J4-I4 -> 11896.34 | K26: =K4-J4 -> 13087.84 | L26: =L4-K4 -> 12168.17 | M26: 12088 | N26: =N4-M4 -> 11323.29 | O26: =O4-N4 -> 12676.67 | P26: =P4-O4 -> 14019.35 | Q26: 10671 | R26: =R4-Q4 -> 16837.4 | S26: =S4-R4 -> 14919.4 | T26: =T4-S4 -> 12853.18 | U26: =U4 -> 15016.61 | V26: =V4-U4 -> 16062.55 | W26: =W4-V4 -> 15151.59 | X26: =X4-W4 -> 14771.7 | Y26: =Y4 -> 15222.22 | Z26: =Z4-Y4 -> 15690.4 | AA26: =AA4-Z4 -> 14968.94 | AB26: =AB4-AA4 -> 15404.73 | AC26: =AC4 -> 16293.46 | AD26: =AD4-AC4 -> 17172.42 | AE26: =AE4-AD4 -> 16705.35 | AF26: =AF4-AE4 -> 16320.93 | AG26: =AG4 -> 18196.56 | AH26: =AH4-AG4 -> 18796.791 | AI26: =AI4-AH4 -> 18057.439 | AJ26: =AJ4-AI4 -> 17058.74 | AK26: =AK4 -> 19939 | AL26: =AL4-AK4 -> 20075.52 | AM26: =AM4-AL4 -> 18851.49 | AN26: =AN4-AM4 -> 18903.37 | AO26: =AO4 -> 17711.011 | AP26: =AP4-AO4 -> 22932.239 | AQ26: =AQ4-AP4 -> 23381.02 | AR26: =AR4-AQ4 -> 20854.25 | AT26: =AR26/AQ26-1 -> -0.10806928
B27: 연결IS | E27: 이자이익 (b) | I27: =I5 -> 5274.33 | J27: =J5-I5 -> 15512.38 | K27: =K5-J5 -> 15736.19 | L27: =L5-K5 -> 15331.9 | M27: 14694 | N27: =N5-M5 -> 15171.42 | O27: =O5-N5 -> 15195.91 | P27: =P5-O5 -> 15393.71 | Q27: 15117 | R27: =R5-Q5 -> 15939.63 | S27: =S5-R5 -> 17039.61 | T27: =T5-S5 -> 16915 | U27: =U5 -> 16487.25 | V27: =V5-U5 -> 16409.04 | W27: =W5-V5 -> 16738.43 | X27: =X5-W5 -> 15302.08 | Y27: =Y5 -> 16338.58 | Z27: =Z5-Y5 -> 16754.05 | AA27: =AA5-Z5 -> 16871.38 | AB27: =AB5-AA5 -> 17333.03 | AC27: =AC5 -> 17263.59 | AD27: =AD5-AC5 -> 17774.55 | AE27: =AE5-AD5 -> 18264.28 | AF27: =AF5-AE5 -> 18646.85 | AG27: =AG5 -> 18663.47 | AH27: =AH5-AG5 -> 19721.274 | AI27: =AI5-AH5 -> 20204.286 | AJ27: =AJ5-AI5 -> 19381.43 | AK27: =AK5 -> 19425 | AL27: =AL5-AK5 -> 19900.33 | AM27: =AM5-AL5 -> 19601.55 | AN27: =AN5-AM5 -> 19377.12 | AO27: =AO5 -> 19485.87 | AP27: =AP5-AO5 -> 19715.05 | AQ27: =AQ5-AP5 -> 20402.81 | AR27: =AR5-AQ5 -> 20263.65 | AT27: =AR27/AQ27-1 -> -0.0068206291
B28: 이자이익/NIM | E28: 비이자이익 (c) | I28: =I6 -> -398.79 | J28: =J6-I6 -> -1217.83 | K28: =K6-J6 -> 354.08 | L28: =L6-K6 -> -608.59 | M28: -2606 | N28: =N6-M6 -> -1469.34 | O28: =O6-N6 -> 20.67 | P28: =P6-O6 -> 847.21 | Q28: -4446 | R28: =R6-Q6 -> 3986.4 | S28: =S6-R6 -> 913.63 | T28: =T6-S6 -> -734.16 | U28: =U6 -> 2189.39 | V28: =V6-U6 -> 2519.36 | W28: =W6-V6 -> 878.42 | X28: =X6-W6 -> 2079.59 | Y28: =Y6 -> 2091.18 | Z28: =Z6-Y6 -> 1894.88 | AA28: =AA6-Z6 -> 863.68 | AB28: =AB6-AA6 -> 661.14 | AC28: =AC6 -> 2315.07 | AD28: =AD6-AC6 -> 2434.54 | AE28: =AE6-AD6 -> 1416.33 | AF28: =AF6-AE6 -> 853.97 | AG28: 2951.15 | AH28: 1962.213 | AI28: 788.66695 | AJ28: 944.69952 | AK28: 3687 | AL28: 3210.13 | AM28: 2031.02 | AN28: 1895.17 | AO28: 1054.631 | AP28: 5433.409 | AQ28: =AQ6-AP6 -> 5286.13 | AR28: =AR6-AQ6 -> 2925.02 | AT28: =AR28/AQ28-1 -> -0.44666136
B29: 주요계수 | E29: 기타손익 | I29: =I7 -> -927.78 | J29: =J7-I7 -> -2398.21 | K29: =K7-J7 -> -3002.43 | L29: =L7-K7 -> -2555.14 | M29: -2605 | N29: =N7-M7 -> -2378.79 | O29: =O7-N7 -> -2539.91 | P29: =P7-O7 -> -2221.57 | Q29: -4445 | R29: =R7-Q7 -> -3088.63 | S29: =S7-R7 -> -3033.84 | T29: =T7-S7 -> -3327.66 | U29: =U7 -> -3660.03 | V29: =V7-U7 -> -2865.85 | W29: =W7-V7 -> -2465.26 | X29: =X7-W7 -> -2609.97 | Y29: =Y7 -> -3207.54 | Z29: =Z7-Y7 -> -2958.53 | AA29: =AA7-Z7 -> -2766.12 | AB29: =AB7-AA7 -> -2589.44 | AC29: =AC7 -> -3285.2 | AD29: =AD7-AC7 -> -3036.67 | AE29: =AE7-AD7 -> -2975.26 | AF29: =AF7-AE7 -> -3179.89 | AG29: =AG7 -> -3418.06 | AH29: =AH7-AG7 -> -2886.6967 | AI29: =AI7-AH7 -> -2935.5133 | AJ29: =AJ7-AI7 -> -3267.3895 | AK29: =AK7 -> -3173 | AL29: =AL7-AK7 -> -3034.94 | AM29: =AM7-AL7 -> -2781.3 | AN29: =AN7-AM7 -> -2369.08 | AO29: =AO7 -> -2829.49 | AP29: =AP7-AO7 -> -2216.22 | AQ29: =AQ7-AP7 -> -2307.92 | AR29: =AR7-AQ7 -> -2334.42 | AT29: =AR29/AQ29-1 -> 0.0114822
B30: 농협생명 | D30: 신용손실충당금전입액 (d) | I30: =I8 -> 824.73 | J30: =J8-I8 -> 2273.89 | K30: =K8-J8 -> 3177.36 | L30: =L8-K8 -> 1833.92 | M30: 2110 | N30: =N8-M8 -> 3651.52 | O30: =O8-N8 -> 1437.05 | P30: =P8-O8 -> 4790.54 | Q30: 2176 | R30: =R8-Q8 -> 2513.91 | S30: =S8-R8 -> 1866.36 | T30: =T8-S8 -> 3049.53 | U30: =U8 -> 2277.97 | V30: =V8-U8 -> 2090.26 | W30: =W8-V8 -> 1292.63 | X30: =X8-W8 -> 8209.12 | Y30: =Y8 -> 3575.45 | Z30: =Z8-Y8 -> 10013.87 | AA30: =AA8-Z8 -> 1008.52 | AB30: =AB8-AA8 -> 2182.49 | AC30: =AC8 -> 2174.16 | AD30: =AD8-AC8 -> 2560.5 | AE30: =AE8-AD8 -> 2492.72 | AF30: =AF8-AE8 -> 2211.14 | AG30: =AG8 -> 1062.05 | AH30: =AH8-AG8 -> 1329.5728 | AI30: =AI8-AH8 -> 2206.4872 | AJ30: =AJ8-AI8 -> 2757.15 | AK30: =AK8 -> 1019 | AL30: =AL8-AK8 -> 850.08 | AM30: =AM8-AL8 -> 937.22 | AN30: =AN8-AM8 -> 776.05 | AO30: =AO8 -> 828.04 | AP30: =AP8-AO8 -> 2400.2 | AQ30: =AQ8-AP8 -> 1180.56 | AR30: =AR8-AQ8 -> 1967.98 | AT30: =AR30/AQ30-1 -> 0.66698855
B31: 농협손해 | D31: 일반관리비 반영전 영업이익 (e=a-d) | I31: =I9 -> 3123.03 | J31: =J9-I9 -> 9622.45 | K31: =K9-J9 -> 9910.48 | L31: =L9-K9 -> 10334.25 | M31: 9978 | N31: =N9-M9 -> 7671.77 | O31: =O9-N9 -> 11239.62 | P31: =P9-O9 -> 9228.81 | Q31: 8495 | R31: =R9-Q9 -> 14323.49 | S31: =S9-R9 -> 13053.04 | T31: =T9-S9 -> 9803.65 | U31: =U9 -> 12738.64 | V31: =V9-U9 -> 13972.29 | W31: =W9-V9 -> 13858.96 | X31: =X9-W9 -> 6562.58 | Y31: =Y9 -> 11646.77 | Z31: =Z9-Y9 -> 5676.53 | AA31: =AA9-Z9 -> 13960.42 | AB31: =AB9-AA9 -> 13222.24 | AC31: =AC9 -> 14119.3 | AD31: =AD9-AC9 -> 14611.92 | AE31: =AE9-AD9 -> 14212.63 | AF31: =AF9-AE9 -> 14109.79 | AG31: =AG9 -> 17134.51 | AH31: =AH9-AG9 -> 17467.218 | AI31: =AI9-AH9 -> 15850.952 | AJ31: =AJ9-AI9 -> 14301.59 | AK31: =AK9 -> 18920 | AL31: =AL9-AK9 -> 19225.44 | AM31: =AM9-AL9 -> 17914.27 | AN31: =AN9-AM9 -> 18127.32 | AO31: =AO9 -> 16882.97 | AP31: =AP9-AO9 -> 20532.04 | AQ31: =AQ9-AP9 -> 22200.46 | AR31: =AR9-AQ9 -> 18886.27 | AT31: =AR31/AQ31-1 -> -0.14928474
B32: NH투자증권 | D32: 일반관리비 (f) | I32: =I10 -> 1916.3 | J32: =J10-I10 -> 6477 | K32: =K10-J10 -> 6986.38 | L32: =L10-K10 -> 7378.25 | M32: 6834 | N32: =N10-M10 -> 6831.81 | O32: =O10-N10 -> 7286.01 | P32: =P10-O10 -> 7875.07 | Q32: 7613 | R32: =R10-Q10 -> 7800.22 | S32: =S10-R10 -> 9165.15 | T32: =T10-S10 -> 8818.38 | U32: =U10 -> 9718.4 | V32: =V10-U10 -> 9041.97 | W32: =W10-V10 -> 10075.495 | X32: =X10-W10 -> 8932.1847 | Y32: =Y10 -> 9245.26 | Z32: =Z10-Y10 -> 8341.4 | AA32: =AA10-Z10 -> 9333.5052 | AB32: =AB10-AA10 -> 10078.005 | AC32: =AC10 -> 9744.4 | AD32: =AD10-AC10 -> 9187.36 | AE32: =AE10-AD10 -> 9997.06 | AF32: =AF10-AE10 -> 10959.88 | AG32: =AG10 -> 10360.49 | AH32: =AH10-AG10 -> 9293.2267 | AI32: =AI10-AH10 -> 10643.963 | AJ32: =AJ10-AI10 -> 11206.3 | AK32: =AK10 -> 10712 | AL32: =AL10-AK10 -> 9809.78 | AM32: =AM10-AL10 -> 11010.46 | AN32: =AN10-AM10 -> 11643.01 | AO32: =AO10 -> 10815.22 | AP32: =AP10-AO10 -> 9990.02 | AQ32: =AQ10-AP10 -> 11695.17 | AR32: =AR10-AQ10 -> 13762.74 | AT32: =AR32/AQ32-1 -> 0.17678837
B33: NH-Amundi자산운용 | D33: 영업이익 (g=e-f) | I33: =I11 -> 1206.73 | J33: =J11-I11 -> 3145.45 | K33: =K11-J11 -> 2924.1 | L33: =L11-K11 -> 2956 | M33: 3144 | N33: =N11-M11 -> 839.96 | O33: =O11-N11 -> 3953.61 | P33: =P11-O11 -> 1353.74 | Q33: 882 | R33: =R11-Q11 -> 6523.27 | S33: =S11-R11 -> 3887.89 | T33: =T11-S11 -> 985.27 | U33: =U11 -> 3020.24 | V33: =V11-U11 -> 4930.32 | W33: =W11-V11 -> 3783.4647 | X33: =X11-W11 -> -2369.6047 | Y33: =Y11 -> 2401.51 | Z33: =Z11-Y11 -> -2664.87 | AA33: =AA11-Z11 -> 4626.9148 | AB33: =AB11-AA11 -> 3144.2352 | AC33: =AC11 -> 4374.9 | AD33: =AD11-AC11 -> 5424.56 | AE33: =AE11-AD11 -> 4215.57 | AF33: =AF11-AE11 -> 3149.91 | AG33: =AG11 -> 6774.02 | AH33: =AH11-AG11 -> 8173.9911 | AI33: =AI11-AH11 -> 5206.9889 | AJ33: =AJ11-AI11 -> 3095.29 | AK33: =AK11 -> 8208 | AL33: =AL11-AK11 -> 9415.66 | AM33: =AM11-AL11 -> 6903.81 | AN33: =AN11-AM11 -> 6484.31 | AO33: =AO11 -> 6067.75 | AP33: =AP11-AO11 -> 10542.02 | AQ33: =AQ11-AP11 -> 10505.29 | AR33: =AR11-AQ11 -> 5123.53 | AT33: =AR33/AQ33-1 -> -0.51229047
B34: NH농협캐피탈 | D34: 농업지원사업비(h) | I34: =I12 -> 434.93 | J34: =J12-I12 -> 1305.34 | K34: =K12-J12 -> 1305.19 | L34: =L12-K12 -> 1305.2 | M34: 1134 | N34: =N12-M12 -> 1133.652 | O34: =O12-N12 -> 1133.656 | P34: =P12-O12 -> 1133.652 | Q34: 815 | R34: =R12-Q12 -> 814.75602 | S34: =S12-R12 -> 842.53398 | T34: =T12-S12 -> 842.54 | U34: =U12 -> 881.26 | V34: =V12-U12 -> 881.26 | W34: =W12-V12 -> 881.27 | X34: =X12-W12 -> 881.26 | Y34: =Y12 -> 958.61 | Z34: =Z12-Y12 -> 958.62 | AA34: =AA12-Z12 -> 958.61 | AB34: =AB12-AA12 -> 958.61 | AC34: =AC12 -> 907 | AD34: =AD12-AC12 -> 907 | AE34: =AE12-AD12 -> 907 | AF34: =AF12-AE12 -> 907 | AG34: =AG12 -> 964.25 | AH34: =AH12-AG12 -> 964.25226 | AI34: =AI12-AH12 -> 964.14433 | AJ34: =AJ12-AI12 -> 965.35921 | AK34: =AK12 -> 1034 | AL34: =AL12-AK12 -> 1034.243 | AM34: =AM12-AL12 -> 1034.1215 | AN34: =AN12-AM12 -> 1034.1254 | AO34: =AO12 -> 1070.3383 | AP34: =AP12-AO12 -> 1070.3603 | AQ34: =AQ12-AP12 -> 1070.3614 | AR34: =AR12-AQ12 -> 1070.3595 | AT34: =AR34/AQ34-1 -> -1.7470735e-06
B35: NH저축은행 | D35: 기타영업외이익(i) | I35: =I13 -> 36.78 | J35: =J13-I13 -> 210.26 | K35: =K13-J13 -> 50.04 | L35: =L13-K13 -> -32.67 | M35: 261 | N35: =N13-M13 -> 132.81202 | O35: =O13-N13 -> -216.96399 | P35: =P13-O13 -> -222.28804 | Q35: 177 | R35: =R13-Q13 -> 5.25602 | S35: =S13-R13 -> -76.73602 | T35: =T13-S13 -> 392.34 | U35: =U13 -> 215.33 | V35: =V13-U13 -> 152.12 | W35: =W13-V13 -> -148.13466 | X35: =X13-W13 -> 272.57466 | Y35: =Y13 -> 125.93 | Z35: =Z13-Y13 -> 126.54 | AA35: =AA13-Z13 -> 394.08521 | AB35: =AB13-AA13 -> 1045.2648 | AC35: =AC13 -> 54.63 | AD35: =AD13-AC13 -> 80.99 | AE35: =AE13-AD13 -> 159.93 | AF35: =AF13-AE13 -> -392.47 | AG35: =AG13 -> 175.9 | AH35: =AH13-AG13 -> -16.361251 | AI35: =AI13-AH13 -> -89.362159 | AJ35: =AJ13-AI13 -> -330.07079 | AK35: =AK13 -> -38 | AL35: =AL13-AK13 -> -34.58696 | AM35: =AM13-AL13 -> 43.11152 | AN35: =AN13-AM13 -> 521.25544 | AO35: =AO13 -> 21.6883 | AP35: =AP13-AO13 -> 261.04033 | AQ35: =AQ13-AP13 -> -119.13863 | AR35: =AR13-AQ13 -> 344.0995
B36: 기타 | D36: 세전이익 (j=g-h+i) | I36: =I14 -> 808.58 | J36: =J14-I14 -> 2050.37 | K36: =K14-J14 -> 1668.95 | L36: =L14-K14 -> 1618.13 | M36: 2271 | N36: =N14-M14 -> -160.88 | O36: =O14-N14 -> 2602.99 | P36: =P14-O14 -> -2.2 | Q36: 244 | R36: =R14-Q14 -> 5713.77 | S36: =S14-R14 -> 2968.62 | T36: =T14-S14 -> 535.07 | U36: =U14 -> 2354.31 | V36: =V14-U14 -> 4201.18 | W36: =W14-V14 -> 2754.06 | X36: =X14-W14 -> -2978.29 | Y36: =Y14 -> 1568.83 | Z36: =Z14-Y14 -> -3496.95 | AA36: =AA14-Z14 -> 4062.39 | AB36: =AB14-AA14 -> 3230.89 | AC36: =AC14 -> 3522.53 | AD36: =AD14-AC14 -> 4598.55 | AE36: =AE14-AD14 -> 3468.5 | AF36: =AF14-AE14 -> 1850.44 | AG36: =AG14 -> 5985.67 | AH36: =AH14-AG14 -> 7193.3776 | AI36: =AI14-AH14 -> 4153.4824 | AJ36: =AJ14-AI14 -> 1799.86 | AK36: =AK14 -> 7136 | AL36: =AL14-AK14 -> 8346.83 | AM36: =AM14-AL14 -> 5912.8 | AN36: =AN14-AM14 -> 5971.44 | AO36: =AO14 -> 5019.1 | AP36: =AP14-AO14 -> 9732.7 | AQ36: =AQ14-AP14 -> 9315.79 | AR36: =AR14-AQ14 -> 4397.27 | AT36: =AR36/AQ36-1 -> -0.52797669
B37: 현황 | D37: 법인세비용 (k) | I37: =I15 -> 168.79 | J37: =J15-I15 -> 410.88 | K37: =K15-J15 -> 177.4 | L37: =L15-K15 -> 260.86 | M37: 513 | N37: =N15-M15 -> -2.07 | O37: =O15-N15 -> 1111.08 | P37: =P15-O15 -> -150.99 | Q37: 95 | R37: =R15-Q15 -> 470.01 | S37: =S15-R15 -> 643.55 | T37: =T15-S15 -> 94.72 | U37: =U15 -> 599.75 | V37: =V15-U15 -> 924.34 | W37: =W15-V15 -> 620.74 | X37: =X15-W15 -> -683.8 | Y37: =Y15 -> 364.48 | Z37: =Z15-Y15 -> -903.04 | AA37: =AA15-Z15 -> 850.23 | AB37: =AB15-AA15 -> 787.93 | AC37: =AC15 -> 753.16 | AD37: =AD15-AC15 -> 1169.19 | AE37: =AE15-AD15 -> 942.07 | AF37: =AF15-AE15 -> 50.58 | AG37: =AG15 -> 1354.18 | AH37: =AH15-AG15 -> 2255.5106 | AI37: =AI15-AH15 -> 1137.8394 | AJ37: =AJ15-AI15 -> 337.8 | AK37: =AK15 -> 1956 | AL37: =AL15-AK15 -> 2386.66 | AM37: =AM15-AL15 -> 1663.58 | AN37: =AN15-AM15 -> 1484.2 | AO37: =AO15 -> 1530.09 | AP37: =AP15-AO15 -> 2751.13 | AQ37: =AQ15-AP15 -> 2501.77 | AR37: =AR15-AQ15 -> 1194.26 | AT37: =AR37/AQ37-1 -> -0.52263398
B38: 주식수 | D38: 중단영업손익 (l) | S38: =S16-R16 -> -189.72 | T38: =T16-S16 -> 76.55 | AC38: =AC16 -> 0 | AD38: =AD16-AC16 -> 0 | AE38: =AE16-AD16 -> 0 | AF38: =AF16-AE16 -> 0 | AG38: =AG16 -> 0 | AH38: =AH16-AG16 -> 0 | AI38: =AI16-AH16 -> 0 | AJ38: =AJ16-AI16 -> 0 | AK38: =AK16 -> 0 | AL38: =AL16-AK16 -> 0 | AM38: =AM16-AL16 -> 0 | AN38: =AN16-AM16 -> 0 | AO38: =AO16 -> 0 | AP38: =AP16-AO16 -> 0 | AQ38: =AQ16-AP16 -> 0 | AR38: =AR16-AQ16 -> 0
B39: 지분도 | D39: 연결당기순이익 (m=j-k+l) | I39: =I17 -> 639.79 | J39: =J17-I17 -> 1639.49 | K39: =K17-J17 -> 1491.55 | L39: =L17-K17 -> 1357.27 | M39: 1758 | N39: =N17-M17 -> -158.81 | O39: =O17-N17 -> 1491.91 | P39: =P17-O17 -> 148.79 | Q39: 149 | R39: =R17-Q17 -> 5243.76 | S39: =S17-R17 -> 2135.35 | T39: =T17-S17 -> 516.9 | U39: =U17 -> 1754.56 | V39: =V17-U17 -> 3276.84 | W39: =W17-V17 -> 2133.32 | X39: =X17-W17 -> -2294.49 | Y39: =Y17 -> 1204.35 | Z39: =Z17-Y17 -> -2593.91 | AA39: =AA17-Z17 -> 3212.16 | AB39: =AB17-AA17 -> 2442.96 | AC39: =AC17 -> 2769.37 | AD39: =AD17-AC17 -> 3429.36 | AE39: =AE17-AD17 -> 2526.43 | AF39: =AF17-AE17 -> 1799.86 | AG39: =AG17 -> 4631.49 | AH39: =AH17-AG17 -> 4937.867 | AI39: =AI17-AH17 -> 3015.643 | AJ39: =AJ17-AI17 -> 1462.06 | AK39: =AK17 -> 5179 | AL39: =AL17-AK17 -> 5961.17 | AM39: =AM17-AL17 -> 4249.22 | AN39: =AN17-AM17 -> 4487.24 | AO39: =AO17 -> 3489.01 | AP39: =AP17-AO17 -> 6981.57 | AQ39: =AQ17-AP17 -> 6814.02 | AR39: =AR17-AQ17 -> 3203.01 | AT39: =AR39/AQ39-1 -> -0.52993827
E40: 지배주주지분당기순이익 | I40: =I18 -> 684.68 | J40: =J18-I18 -> 1486.16 | K40: =K18-J18 -> 1472.32 | L40: =L18-K18 -> 1274.85 | M40: 1770 | N40: =N18-M18 -> -236.34 | O40: =O18-N18 -> 1364.39 | P40: =P18-O18 -> 31.84 | Q40: 30 | R40: =R18-Q18 -> 5220.02 | S40: =S18-R18 -> 1780.06 | T40: =T18-S18 -> 654.47 | U40: =U18 -> 1375.88 | V40: =V18-U18 -> 2993.87 | W40: =W18-V18 -> 1826.92 | X40: =X18-W18 -> -2174.09 | Y40: =Y18 -> 894.15 | Z40: =Z18-Y18 -> -2906.84 | AA40: =AA18-Z18 -> 2999.52 | AB40: =AB18-AA18 -> 2222.85 | AC40: =AC18 -> 2215.78 | AD40: =AD18-AC18 -> 2911.19 | AE40: =AE18-AD18 -> 2157.68 | AF40: =AF18-AE18 -> 1313.19 | AG40: =AG18 -> 3900.81 | AH40: =AH18-AG18 -> 4394.0422 | AI40: =AI18-AH18 -> 2476.6078 | AJ40: =AJ18-AI18 -> 1417.12 | AK40: =AK18 -> 4327 | AL40: =AL18-AK18 -> 5644.25 | AM40: =AM18-AL18 -> 3965.64 | AN40: =AN18-AM18 -> 3859.11 | AO40: =AO18 -> 3386.77 | AP40: =AP18-AO18 -> 5715.61 | AQ40: =AQ18-AP18 -> 5505.26 | AR40: =AR18-AQ18 -> 2751.15 | AT40: =AR40/AQ40-1 -> -0.50026883
E41: 비지배주주지분당기순이익 | I41: =I19 -> -44.89 | J41: =J19-I19 -> 153.33 | K41: =K19-J19 -> 19.23 | L41: =L19-K19 -> 82.42 | M41: -12 | N41: =N19-M19 -> 77.53 | O41: =O19-N19 -> 127.52 | P41: =P19-O19 -> 116.95 | Q41: 119 | R41: =R19-Q19 -> 23.74 | S41: =S19-R19 -> 355.29 | T41: =T19-S19 -> -137.57 | U41: =U19 -> 378.68 | V41: =V19-U19 -> 282.97 | W41: =W19-V19 -> 306.4 | X41: =X19-W19 -> -120.4 | Y41: =Y19 -> 310.2 | Z41: =Z19-Y19 -> 312.93 | AA41: =AA19-Z19 -> 212.64 | AB41: =AB19-AA19 -> 220.11 | AC41: =AC19 -> 553.59 | AD41: =AD19-AC19 -> 518.17 | AE41: =AE19-AD19 -> 368.75 | AF41: =AF19-AE19 -> 486.67 | AG41: =AG19 -> 730.68 | AH41: =AH19-AG19 -> 543.82478 | AI41: =AI19-AH19 -> 539.03522 | AJ41: =AJ19-AI19 -> 44.94 | AK41: =AK19 -> 852 | AL41: =AL19-AK19 -> 316.92 | AM41: =AM19-AL19 -> 283.58 | AN41: =AN19-AM19 -> 627.79 | AO41: =AO19 -> 102.24 | AP41: =AP19-AO19 -> 1265.96 | AQ41: =AQ19-AP19 -> 1308.76 | AR41: =AR19-AQ19 -> 451.86 | AT41: =AR41/AQ41-1 -> -0.65474189
E42: 농업지원사업비부담전당기순이익 | I42: =I20 -> 639.79 | J42: =J20-I20 -> 2958.6921 | K42: =K20-J20 -> 2480.9516 | L42: =L20-K20 -> 2346.6716 | M42: -11 | N42: =N20-M20 -> 700.56659 | O42: =O20-N20 -> 2351.2866 | P42: =P20-O20 -> 1008.1666 | Q42: 120 | R42: =R20-Q20 -> 5861.4196 | S42: =S20-R20 -> 2775.1109 | T42: =T20-S20 -> 1156.6609 | U42: =U20 -> 2423.0099 | V42: =V20-U20 -> 3944.9157 | W42: =W20-V20 -> 2801.2713 | X42: =X20-W20 -> -1626.2371 | Y42: =Y20 -> 1931.0835 | Z42: =Z20-Y20 -> -1867.1765 | AA42: =AA20-Z20 -> 3938.8935 | AB42: =AB20-AA20 -> 3169.6935 | AC42: =AC20 -> 3456.9922 | AD42: =AD20-AC20 -> 4116.9822 | AE42: =AE20-AD20 -> 3214.0522 | AF42: =AF20-AE20 -> 2487.4822 | AG42: =AG20 -> 5330.6991 | AH42: =AH20-AG20 -> 5637.0761 | AI42: =AI20-AH20 -> 3714.8521 | AJ42: =AJ20-AI20 -> 2161.2691 | AK42: =AK20 -> 5928.6772 | AL42: =AL20-AK20 -> 6710.8472 | AM42: =AM20-AL20 -> 4998.8972 | AN42: =AN20-AM20 -> 5236.9172 | AO42: =AO20 -> 4264.933 | AP42: =AP20-AO20 -> 7758.509 | AQ42: =AQ20-AP20 -> 7588.959 | AR42: =AR20-AQ20 -> 3978.9492 | AT42: =AR42/AQ42-1 -> -0.47569236
E43: 농업지원사업비부담전당기순이익(지배주주지분) | I43: =I21 -> 684.68 | J43: =J21-I21 -> 2804.2582 | K43: =K21-J21 -> 2460.8937 | L43: =L21-K21 -> 2263.4237 | M43: 2627.8274 | N43: =N21-M21 -> 621.89209 | O43: =O21-N21 -> 2222.6221 | P43: =P21-O21 -> 890.07209 | Q43: 647 | R43: =R21-Q21 -> 5836.3031 | S43: =S21-R21 -> 2404.9276 | T43: =T21-S21 -> 1273.7405 | U43: =U21 -> 2028.983 | V43: =V21-U21 -> 3646.5988 | W43: =W21-V21 -> 2479.5244 | X43: =X21-W21 -> -1521.5047 | Y43: =Y21 -> 1604.4077 | Z43: =Z21-Y21 -> -2196.5823 | AA43: =AA21-Z21 -> 3709.7777 | AB43: =AB21-AA21 -> 2933.1077 | AC43: =AC21 -> 2884.3397 | AD43: =AD21-AC21 -> 3579.7497 | AE43: =AE21-AD21 -> 2826.2397 | AF43: =AF21-AE21 -> 1981.7497 | AG43: =AG21 -> 4578.3191 | AH43: =AH21-AG21 -> 5071.5513 | AI43: =AI21-AH21 -> 3154.1169 | AJ43: =AJ21-AI21 -> 2094.6291 | AK43: =AK21 -> 5051.3708 | AL43: =AL21-AK21 -> 6368.5832 | AM43: =AM21-AL21 -> 4689.992 | AN43: =AN21-AM21 -> 4583.462 | AO43: =AO21 -> 4136.2921 | AP43: =AP21-AO21 -> 6463.1331 | AQ43: =AQ21-AP21 -> 6254.7883 | AR43: =AR21-AQ21 -> 3498.7095 | AT43: =AR43/AQ43-1 -> -0.44063502
AE46: =AE28/AD28-1 -> -0.41823507
D50: 공시기준 수익성
D51: 자본평잔 | I51: =AVERAGE(연결BS!$I44:I44) -> 162021.58 | J51: =AVERAGE(연결BS!$I44:J44) -> 162623.83 | K51: =AVERAGE(연결BS!$I44:K44) -> 163596.4 | L51: =AVERAGE(연결BS!$I44:L44) -> 164494.54 | M51: =AVERAGE(연결BS!$L44:M44) -> 167756.01 | N51: =AVERAGE(연결BS!$L44:N44) -> 167430.58 | O51: =AVERAGE(연결BS!$L44:O44) -> 167676.95 | P51: =AVERAGE(연결BS!$L44:P44) -> 167757.46 | Q51: =AVERAGE(연결BS!$P44:Q44) -> 167000.02 | R51: =AVERAGE(연결BS!$P44:R44) -> 168566.39 | S51: =AVERAGE(연결BS!$P44:S44) -> 170128.27 | T51: =AVERAGE(연결BS!$P44:T44) -> 171105.94 | U51: =AVERAGE(연결BS!$T44:U44) -> 175900.98 | V51: =AVERAGE(연결BS!$T44:V44) -> 177141.43 | W51: =AVERAGE(연결BS!$T44:W44) -> 178074.9 | X51: =AVERAGE(연결BS!$T44:X44) -> 177674.05 | Y51: =AVERAGE(연결BS!$X44:Y44) -> 175971.66 | Z51: =AVERAGE(연결BS!$X44:Z44) -> 175197.78 | AA51: =AVERAGE(연결BS!$X44:AA44) -> 175327.54 | AB51: =AVERAGE(연결BS!$X44:AB44) -> 175278.53 | AC51: =AVERAGE(연결BS!$AB44:AC44) -> 176090.77 | AD51: =AVERAGE(연결BS!$AB44:AD44) -> 177568.72 | AE51: =AVERAGE(연결BS!$AB44:AE44) -> 178556.95 | AF51: =AVERAGE(연결BS!$AB44:AF44) -> 179192.76 | AG51: =AVERAGE(연결BS!$AF44:AG44) -> 182281.95 | AH51: =AVERAGE(연결BS!$AF44:AH44) -> 184403.21 | AI51: =AVERAGE(연결BS!$AF44:AI44) -> 186354.43 | AJ51: =AVERAGE(연결BS!$AF44:AJ44) -> 187891.9 | AK51: =AVERAGE(연결BS!$AJ44:AK44) -> 196682.88 | AL51: =AVERAGE(연결BS!$AJ44:AL44) -> 199945.23 | AM51: =AVERAGE(연결BS!$AJ44:AM44) -> 203256.37 | AN51: =AVERAGE(연결BS!$AJ44:AN44) -> 205620.13 | AO51: =AVERAGE(연결BS!$AN44:AO44) -> 214514.78 | AP51: =AVERAGE(연결BS!$AN44:AP44) -> 216781.51 | AQ51: =AVERAGE(연결BS!$AN44:AQ44) -> 219166.15 | AR51: =AVERAGE(연결BS!$AN44:AR44) -> 220693.16
D52: 자산평잔 | I52: =AVERAGE(연결BS!$I4:I4) -> 2484559.5 | J52: =AVERAGE(연결BS!$I4:J4) -> 2474911.9 | K52: =AVERAGE(연결BS!$I4:K4) -> 2460047.9 | L52: =AVERAGE(연결BS!$I4:L4) -> 2466284.3 | M52: =AVERAGE(연결BS!$L4:M4) -> 2504734.1 | N52: =AVERAGE(연결BS!$L4:N4) -> 2516753.2 | O52: =AVERAGE(연결BS!$L4:O4) -> 2526077.9 | P52: =AVERAGE(연결BS!$L4:P4) -> 2529932.3 | Q52: =AVERAGE(연결BS!$P4:Q4) -> 2605252.6 | R52: =AVERAGE(연결BS!$P4:R4) -> 2773182.8 | S52: =AVERAGE(연결BS!$P4:S4) -> 2862595.2 | T52: =AVERAGE(연결BS!$P4:T4) -> 2921504.6 | U52: =AVERAGE(연결BS!$T4:U4) -> 3163184.4 | V52: =AVERAGE(연결BS!$T4:V4) -> 3190840.1 | W52: =AVERAGE(연결BS!$T4:W4) -> 3225994 | X52: =AVERAGE(연결BS!$T4:X4) -> 3260477.6 | Y52: =AVERAGE(연결BS!$X4:Y4) -> 3479346.5 | Z52: =AVERAGE(연결BS!$X4:Z4) -> 3530213.8 | AA52: =AVERAGE(연결BS!$X4:AA4) -> 3566323.9 | AB52: =AVERAGE(연결BS!$X4:AB4) -> 3586948.7 | AC52: =AVERAGE(연결BS!$AB4:AC4) -> 3705407.9 | AD52: =AVERAGE(연결BS!$AB4:AD4) -> 3742379.4 | AE52: =AVERAGE(연결BS!$AB4:AE4) -> 3766964.3 | AF52: =AVERAGE(연결BS!$AB4:AF4) -> 3791054.9 | AG52: =AVERAGE(연결BS!$AF4:AG4) -> 3913876.9 | AH52: =AVERAGE(연결BS!$AF4:AH4) -> 3956468.3 | AI52: =AVERAGE(연결BS!$AF4:AI4) -> 4009021.2 | AJ52: =AVERAGE(연결BS!$AF4:AJ4) -> 4041220.7 | AK52: =AVERAGE(연결BS!$AJ4:AK4) -> 4207856.4 | AL52: =AVERAGE(연결BS!$AJ4:AL4) -> 4261866.1 | AM52: =AVERAGE(연결BS!$AJ4:AL4) -> 4261866.1 | AN52: =AVERAGE(연결BS!$AJ4:AN4) -> 4302509.4 | AO52: =AVERAGE(연결BS!$AN4:AO4) -> 4389634.8 | AP52: =AVERAGE(연결BS!$AN4:AP4) -> 4505920 | AQ52: =AVERAGE(연결BS!$AN4:AQ4) -> 4566381.6 | AR52: =AVERAGE(연결BS!$AN4:AR4) -> 4620026.7 | AS52: =AVERAGE(연결BS!$AN4:AQ4) -> 4566381.6
E53: ROA | I53: =I17*12/I52*100 -> 0.30900769 | J53: =J17*12/4/J52*100 -> 0.2762862 | K53: =K17*12/7/K52*100 -> 0.2627705 | L53: =L17*12/10/L52*100 -> 0.24951382 | M53: =M17*4/M52*100 -> 0.28077232 | N53: =N17*2/N52*100 -> 0.1270955 | O53: =O17*4/3/O52*100 -> 0.16316467 | P53: =P17/P52*100 -> 0.12806825 | Q53: =Q17*4/Q52*100 -> 0.022855365 | R53: =R17*2/R52*100 -> 0.38891197 | S53: =S17*4/3/S52*100 -> 0.35063615 | T53: =T17/T52*100 -> 0.27536736 | U53: =U17*4/U52*100 -> 0.22187262 | V53: =V17*2/V52*100 -> 0.31536522 | W53: =W17*4/3/W52*100 -> 0.29612454 | X53: =X17/X52*100 -> 0.14937168 | Y53: =Y17*4/Y52*100 -> 0.13845704 | Z53: =Z17*2/Z52*100 -> -0.078723845 | AA53: =AA17*4/3/AA52*100 -> 0.068141129 | AB53: =AB17/AB52*100 -> 0.1189189 | AC53: =AC17*4/AC52*100 -> 0.2989544 | AD53: =AD17*2/AD52*100 -> 0.33127213 | AE53: =AE17*4/3/AE52*100 -> 0.30883082 | AF53: =AF17/AF52*100 -> 0.27762774 | AG53: =AG17*4/AG52*100 -> 0.47334038 | AH53: =AH17*2/AH52*100 -> 0.48373227 | AI53: =AI17*4/3/AI52*100 -> 0.41855603 | AJ53: =AJ17/AJ52*100 -> 0.34759448 | AK53: =AK17*4/AK52*100 -> 0.49231718 | AL53: =AL17*2/AL52*100 -> 0.52278367 | AM53: =AM17*4/3/AM52*100 -> 0.48146015 | AN53: =AN17/AN52*100 -> 0.46197761 | AO53: =AO17*4/AO52*100 -> 0.31793168 | AP53: =AP17*2/AP52*100 -> 0.46474771 | AQ53: =AQ17*4/3/AQ52*100 -> 0.50469136 | AR53: =AR17/AR52*100 -> 0.4434522 | AS53: =AS17*4/AS52*100 -> 0
E54: ROE | I54: =I17*12/I51*100 -> 4.738554 | J54: =J17*12/4/J51*100 -> 4.2046973 | K54: =K17*12/7/K51*100 -> 3.9513583 | L54: =L17*12/10/L51*100 -> 3.7409874 | M54: =M17*4/M51*100 -> 4.1921599 | N54: =N17*2/N51*100 -> 1.9104515 | O54: =O17*4/3/O51*100 -> 2.4580998 | P54: =P17/P51*100 -> 1.9313836 | Q54: =Q17*4/Q51*100 -> 0.35655086 | R54: =R17*2/R51*100 -> 6.398215 | S54: =S17*4/3/S51*100 -> 5.8998387 | T54: =T17/T51*100 -> 4.7016895 | U54: =U17*4/U51*100 -> 3.9898812 | V54: =V17*2/V51*100 -> 5.6806588 | W54: =W17*4/3/W51*100 -> 5.3645743 | X54: =X17/X51*100 -> 2.7411038 | Y54: =Y17*4/Y51*100 -> 2.7376 | Z54: =Z17*2/Z51*100 -> -1.5862758 | AA54: =AA17*4/3/AA51*100 -> 1.3860534 | AB54: =AB17/AB51*100 -> 2.4335896 | AC54: =AC17*4/AC51*100 -> 6.2907783 | AD54: =AD17*2/AD51*100 -> 6.9817813 | AE54: =AE17*4/3/AE51*100 -> 6.5153146 | AF54: =AF17/AF51*100 -> 5.8735743 | AG54: =AG17*4/AG51*100 -> 10.163354 | AH54: =AH17*2/AH51*100 -> 10.378731 | AI54: =AI17*4/3/AI51*100 -> 9.0043471 | AJ54: =AJ17/AJ51*100 -> 7.4761393 | AK54: =AK17*4/AK51*100 -> 10.532691 | AL54: =AL17*2/AL51*100 -> 11.143222 | AM54: =AM17*4/3/AM51*100 -> 10.095224 | AN54: =AN17/AN51*100 -> 9.6666751 | AO54: =AO17*4/AO51*100 -> 6.5058641 | AP54: =AP17*2/AP51*100 -> 9.6600305 | AQ54: =AQ17*4/3/AQ51*100 -> 10.515371 | AR54: =AR17/AR51*100 -> 9.283301
D55: 농지비전ROA | I55: =I20*12/I52*100 -> 0.30900769 | J55: =J20*12/4/J52*100 -> 0.43619518 | K55: =K20*12/7/K52*100 -> 0.42364567 | L55: =L20*12/10/L52*100 -> 0.40998219 | M55: =M20*4/M52*100 -> 0.41801269 | N55: =N20*2/N52*100 -> 0.26368046 | O55: =O20*4/3/O52*100 -> 0.29924545 | P55: =P20/P52*100 -> 0.26394171 | Q55: =Q20*4/Q52*100 -> 0.11768833 | R55: =R20*2/R52*100 -> 0.47800233 | S55: =S20*4/3/S52*100 -> 0.43797322 | T55: =T20/T52*100 -> 0.36144769 | U55: =U20*4/U52*100 -> 0.30640135 | V55: =V20*2/V52*100 -> 0.39913787 | W55: =W20*4/3/W52*100 -> 0.37897143 | X55: =X20/X52*100 -> 0.23134524 | Y55: =Y20*4/Y52*100 -> 0.22200531 | Z55: =Z20*2/Z52*100 -> 0.0036205716 | AA55: =AA20*4/3/AA52*100 -> 0.14965178 | AB55: =AB20/AB52*100 -> 0.19996087 | AC55: =AC20*4/AC52*100 -> 0.37318344 | AD55: =AD20*2/AD52*100 -> 0.40476785 | AE55: =AE20*4/3/AE52*100 -> 0.38184687 | AF55: =AF20/AF52*100 -> 0.35017981 | AG55: =AG20*4/AG52*100 -> 0.54479987 | AH55: =AH20*2/AH52*100 -> 0.55442249 | AI55: =AI20*4/3/AI52*100 -> 0.4883196 | AJ55: =AJ20/AJ52*100 -> 0.4168022 | AK55: =AK20*4/AK52*100 -> 0.56358171 | AL55: =AL20*2/AL52*100 -> 0.59314508 | AM55: =AM20*4/3/AM52*100 -> 0.55182155 | AN55: =AN20/AN52*100 -> 0.53167435 | AO55: =AO20*4/AO52*100 -> 0.3886367 | AP55: =AP20*2/AP52*100 -> 0.53367312 | AQ55: =AQ20*4/3/AQ52*100 -> 0.5726606 | AR55: =AR20/AR52*100 -> 0.51063234 | AS55: =AS20*4/AS52*100 -> 0
D56: 농지비전ROE | I56: =I20*12/I51*100 -> 4.738554 | J56: =J20*12/4/J51*100 -> 6.6382927 | K56: =K20*12/7/K51*100 -> 6.3704863 | L56: =L20*12/10/L51*100 -> 6.146907 | M56: =M20*4/M51*100 -> 6.2412707 | N56: =N20*2/N51*100 -> 3.9635451 | O56: =O20*4/3/O51*100 -> 4.5081767 | P56: =P20/P51*100 -> 3.9804766 | Q56: =Q20*4/Q51*100 -> 1.8359748 | R56: =R20*2/R51*100 -> 7.8638917 | S56: =S20*4/3/S51*100 -> 7.3693809 | T56: =T20/T51*100 -> 6.1714462 | U56: =U20*4/U51*100 -> 5.5099408 | V56: =V20*2/V51*100 -> 7.1896514 | W56: =W20*4/3/W51*100 -> 6.8654235 | X56: =X20/X51*100 -> 4.245392 | Y56: =Y20*4/Y51*100 -> 4.389533 | Z56: =Z20*2/Z51*100 -> 0.072954074 | AA56: =AA20*4/3/AA51*100 -> 3.0440552 | AB56: =AB20/AB51*100 -> 4.0920551 | AC56: =AC20*4/AC51*100 -> 7.8527504 | AD56: =AD20*2/AD51*100 -> 8.5307527 | AE56: =AE20*4/3/AE51*100 -> 8.0557132 | AF56: =AF20/AF51*100 -> 7.4085072 | AG56: =AG20*4/AG51*100 -> 11.697701 | AH56: =AH20*2/AH51*100 -> 11.895427 | AI56: =AI20*4/3/AI51*100 -> 10.505163 | AJ56: =AJ20/AJ51*100 -> 8.9646742 | AK56: =AK20*4/AK51*100 -> 12.057333 | AL56: =AL20*2/AL51*100 -> 12.642987 | AM56: =AM20*4/3/AM51*100 -> 11.570558 | AN56: =AN20/AN51*100 -> 11.125048 | AO56: =AO20*4/AO51*100 -> 7.9527071 | AP56: =AP20*2/AP51*100 -> 11.092682 | AQ56: =AQ20*4/3/AQ51*100 -> 11.931527 | AR56: =AR20/AR51*100 -> 10.689661
H57: 검증 | I57: =I53-수익성!I5 -> 0 | J57: =J53-수익성!J5 -> 0 | K57: =K53-수익성!K5 -> 0 | L57: =L53-수익성!L5 -> 0 | M57: =M53-수익성!M5 -> 0 | N57: =N53-수익성!N5 -> 0 | O57: =O53-수익성!O5 -> 0 | P57: =P53-수익성!P5 -> 0 | ... AR57: =AR53-수익성!AR5 -> 0
H58: 검증 | I58: =I54-수익성!I6 -> 0 | J58: =J54-수익성!J6 -> 0 | K58: =K54-수익성!K6 -> 0 | L58: =L54-수익성!L6 -> 0 | M58: =M54-수익성!M6 -> 0 | N58: =N54-수익성!N6 -> 0 | O58: =O54-수익성!O6 -> 0 | P58: =P54-수익성!P6 -> 0 | ... AR58: =AR54-수익성!AR6 -> 0
H59: 검증 | I59: =I55-수익성!I7 -> 0 | J59: =J55-수익성!J7 -> 0 | K59: =K55-수익성!K7 -> 0 | L59: =L55-수익성!L7 -> 0 | M59: =M55-수익성!M7 -> 0 | N59: =N55-수익성!N7 -> 0 | O59: =O55-수익성!O7 -> 0 | P59: =P55-수익성!P7 -> 0 | ... AR59: =AR55-수익성!AR7 -> 0
H60: 검증 | I60: =I56-수익성!I8 -> 0 | J60: =J56-수익성!J8 -> 0 | K60: =K56-수익성!K8 -> 0 | L60: =L56-수익성!L8 -> 0 | M60: =M56-수익성!M8 -> 0 | N60: =N56-수익성!N8 -> 0 | O60: =O56-수익성!O8 -> 0 | P60: =P56-수익성!P8 -> 0 | ... AR60: =AR56-수익성!AR8 -> 0
D62: 지배주주지분기준 수익성
D63: 자본평잔 | I63: =I51 -> 162021.58 | J63: =J51 -> 162623.83 | K63: =K51 -> 163596.4 | L63: =L51 -> 164494.54 | M63: =M51 -> 167756.01 | N63: =N51 -> 167430.58 | O63: =O51 -> 167676.95 | P63: =P51 -> 167757.46 | ... AE63: =AE51 -> 178556.95 | AF63: =AVERAGE(연결BS!AB44:AF44) -> 179192.76 | AG63: =AG51 -> 182281.95 | AH63: =AH51 -> 184403.21 | AI63: =AI51 -> 186354.43 | AJ63: =AJ51 -> 187891.9 | AK63: =AK51 -> 196682.88 | AL63: =AL51 -> 199945.23 | AM63: =AM51 -> 203256.37 | AN63: =AN51 -> 205620.13 | ... AR63: =AR51 -> 220693.16
D64: 자산평잔 | I64: =I52 -> 2484559.5 | J64: =J52 -> 2474911.9 | K64: =K52 -> 2460047.9 | L64: =L52 -> 2466284.3 | M64: =M52 -> 2504734.1 | N64: =N52 -> 2516753.2 | O64: =O52 -> 2526077.9 | P64: =P52 -> 2529932.3 | ... AE64: =AE52 -> 3766964.3 | AF64: =AVERAGE(연결BS!AB4:AF4) -> 3791054.9 | AG64: =AG52 -> 3913876.9 | AH64: =AH52 -> 3956468.3 | AI64: =AI52 -> 4009021.2 | AJ64: =AJ52 -> 4041220.7 | AK64: =AK52 -> 4207856.4 | AL64: =AL52 -> 4261866.1 | AM64: =AM52 -> 4261866.1 | AN64: =AN52 -> 4302509.4 | ... AR64: =AR52 -> 4620026.7
E65: ROA | I65: =I18*4/I64*100 -> 0.1102296 | J65: =J18*2/J64*100 -> 0.17542766 | K65: =K18*4/3/K64*100 -> 0.1974574 | L65: =L18/L64*100 -> 0.1994097 | M65: =M18*4/M64*100 -> 0.28265835 | N65: =N18*2/N64*100 -> 0.12187289 | O65: =O18*4/3/O64*100 -> 0.15296493 | P65: =P18/P64*100 -> 0.11580745 | Q65: =Q18*4/Q64*100 -> 0.0046567461 | R65: =R18*2/R64*100 -> 0.37865156 | S65: =S18*4/3/S64*100 -> 0.3274609 | T65: =T18/T64*100 -> 0.26304528 | U65: =U18*4/U64*100 -> 0.1739867 | V65: =V18*2/V64*100 -> 0.27389339 | W65: =W18*4/3/W64*100 -> 0.25611413 | X65: =X18/X64*100 -> 0.12337395 | Y65: =Y18*4/Y64*100 -> 0.10279517 | Z65: =Z18*2/Z64*100 -> -0.11402652 | AA65: =AA18*4/3/AA64*100 -> 0.036894387 | AB65: =AB18/AB64*100 -> 0.089482184 | AC65: =AC18*4/AC64*100 -> 0.23919418 | AD65: =AD18*2/AD64*100 -> 0.2739952 | AE65: =AE18*4/3/AE64*100 -> 0.25784334 | AF65: =AF18/AF64*100 -> 0.22679281 | AG65: =AG18*4/AG64*100 -> 0.39866455 | AH65: =AH18*2/AH64*100 -> 0.41930588 | AI65: =AI18*4/3/AI64*100 -> 0.35824072 | AJ65: =AJ18/AJ64*100 -> 0.3016064 | AK65: =AK18*4/AK64*100 -> 0.41132582 | AL65: =AL18*2/AL64*100 -> 0.46792883 | AM65: =AM18*4/3/AM64*100 -> 0.43601839 | AN65: =AN18/AN64*100 -> 0.41361908 | AO65: =AO18*4/AO64*100 -> 0.30861519 | AP65: =AP18*2/AP64*100 -> 0.40401871 | AQ65: =AQ18*4/3/AQ64*100 -> 0.42652707 | AR65: =AR18/AR64*100 -> 0.37572922
E66: ROE | I66: =I18*4/I63*100 -> 1.6903427 | J66: =J18*2/J63*100 -> 2.6697685 | K66: =K18*4/3/K63*100 -> 2.9692259 | L66: =L18/L63*100 -> 2.989771 | M66: =M18*4/M63*100 -> 4.2203199 | N66: =N18*2/N63*100 -> 1.8319473 | O66: =O18*4/3/O63*100 -> 2.3044392 | P66: =P18/P63*100 -> 1.7464797 | Q66: =Q18*4/Q63*100 -> 0.072646698 | R66: =R18*2/R63*100 -> 6.229415 | S66: =S18*4/3/S63*100 -> 5.5098898 | T66: =T18/T63*100 -> 4.4912994 | U66: =U18*4/U63*100 -> 3.1287604 | V66: =V18*2/V63*100 -> 4.9336286 | W66: =W18*4/3/W63*100 -> 4.6397481 | X66: =X18/X63*100 -> 2.2640223 | Y66: =Y18*4/Y63*100 -> 2.0324864 | Z66: =Z18*2/Z63*100 -> -2.2976204 | AA66: =AA18*4/3/AA63*100 -> 0.75046585 | AB66: =AB18/AB63*100 -> 1.8311884 | AC66: =AC18*4/AC63*100 -> 5.0332678 | AD66: =AD18*2/AD63*100 -> 5.7746318 | AE66: =AE18*4/3/AE63*100 -> 5.4396465 | AF66: =AF18/AF63*100 -> 4.7980956 | AG66: =AG18*4/AG63*100 -> 8.5599482 | AH66: =AH18*2/AH63*100 -> 8.9964291 | AI66: =AI18*4/3/AI63*100 -> 7.706791 | AJ66: =AJ18/AJ63*100 -> 6.4870174 | AK66: =AK18*4/AK63*100 -> 8.7999527 | AL66: =AL18*2/AL63*100 -> 9.9739815 | AM66: =AM18*4/3/AM63*100 -> 9.1424046 | AN66: =AN18/AN63*100 -> 8.6547946 | AO66: =AO18*4/AO63*100 -> 6.3152199 | AP66: =AP18*2/AP63*100 -> 8.3977457 | AQ66: =AQ18*4/3/AQ63*100 -> 8.8867979 | AR66: =AR18/AR63*100 -> 7.8655769
D67: 농지비전ROA | I67: =I21*4/I64*100 -> 0.1102296 | J67: =J21*2/J64*100 -> 0.28194444 | K67: =K21*4/3/K64*100 -> 0.32247784 | L67: =L21/L64*100 -> 0.33302145 | M67: =M21*4/M64*100 -> 0.41971594 | N67: =N21*2/N64*100 -> 0.25827595 | O67: =O21*4/3/O64*100 -> 0.28886448 | P67: =P21/P64*100 -> 0.25149995 | Q67: =Q21*4/Q64*100 -> 0.099278369 | R67: =R21*2/R64*100 -> 0.46754337 | S67: =S21*4/3/S64*100 -> 0.41397605 | T67: =T21/T64*100 -> 0.34782024 | U67: =U21*4/U64*100 -> 0.25657474 | V67: =V21*2/V64*100 -> 0.35574216 | W67: =W21*4/3/W64*100 -> 0.33705812 | X67: =X21/X64*100 -> 0.2034549 | Y67: =Y21*4/Y64*100 -> 0.18444931 | Z67: =Z21*2/Z64*100 -> -0.033548942 | AA67: =AA21*4/3/AA64*100 -> 0.11655711 | AB67: =AB21/AB64*100 -> 0.16868685 | AC67: =AC21*4/AC64*100 -> 0.31136541 | AD67: =AD21*2/AD64*100 -> 0.34545345 | AE67: =AE21*4/3/AE64*100 -> 0.32883522 | AF67: =AF21/AF64*100 -> 0.29733357 | AG67: =AG21*4/AG64*100 -> 0.4679063 | AH67: =AH21*2/AH64*100 -> 0.48780223 | AI67: =AI21*4/3/AI64*100 -> 0.42583918 | AJ67: =AJ21/AJ64*100 -> 0.36866625 | AK67: =AK21*4/AK64*100 -> 0.48018471 | AL67: =AL21*2/AL64*100 -> 0.53591332 | AM67: =AM21*4/3/AM64*100 -> 0.50400288 | AN67: =AN21/AN64*100 -> 0.48096136 | AO67: =AO21*4/AO64*100 -> 0.37691446 | AP67: =AP21*2/AP64*100 -> 0.47046664 | AQ67: =AQ21*4/3/AQ64*100 -> 0.49212455 | AR67: =AR21/AR64*100 -> 0.44053692
D68: 농지비전ROE | I68: =I21*4/I63*100 -> 1.6903427 | J68: =J21*2/J63*100 -> 4.290808 | K68: =K21*4/3/K63*100 -> 4.8491955 | L68: =L21/L63*100 -> 4.9930264 | M68: =M21*4/M63*100 -> 6.2667017 | N68: =N21*2/N63*100 -> 3.8823066 | O68: =O21*4/3/O63*100 -> 4.3517859 | P68: =P21/P63*100 -> 3.7928438 | Q68: =Q21*4/Q63*100 -> 1.5487737 | R68: =R21*2/R63*100 -> 7.6918254 | S68: =S21*4/3/S63*100 -> 6.9656022 | T68: =T21/T63*100 -> 5.9387678 | U68: =U21*4/U63*100 -> 4.613921 | V68: =V21*2/V63*100 -> 6.4079667 | W68: =W21*4/3/W63*100 -> 6.1061245 | X68: =X21/X63*100 -> 3.7335793 | Y68: =Y21*4/Y63*100 -> 3.6469684 | Z68: =Z21*2/Z63*100 -> -0.67600707 | AA68: =AA21*4/3/AA63*100 -> 2.370879 | AB68: =AB21/AB63*100 -> 3.4520547 | AC68: =AC21*4/AC63*100 -> 6.5519383 | AD68: =AD21*2/AD63*100 -> 7.2806621 | AE68: =AE21*4/3/AE63*100 -> 6.9373417 | AF68: =AF21/AF63*100 -> 6.2904766 | AG68: =AG21*4/AG63*100 -> 10.046676 | AH68: =AH21*2/AH63*100 -> 10.466054 | AI68: =AI21*4/3/AI63*100 -> 9.1610287 | AJ68: =AJ21/AJ63*100 -> 7.9293555 | AK68: =AK21*4/AK63*100 -> 10.273128 | AL68: =AL21*2/AL63*100 -> 11.423082 | AM68: =AM21*4/3/AM63*100 -> 10.567899 | AN68: =AN21/AN63*100 -> 10.063902 | AO68: =AO21*4/AO63*100 -> 7.7128338 | AP68: =AP21*2/AP63*100 -> 9.7789015 | AQ68: =AQ21*4/3/AQ63*100 -> 10.253538 | AR68: =AR21/AR63*100 -> 9.222272
H69: 검증 | I69: =I65-수익성!I10 -> 0 | J69: =J65-수익성!J10 -> 0 | K69: =K65-수익성!K10 -> 0 | L69: =L65-수익성!L10 -> 0 | M69: =M65-수익성!M10 -> 0 | N69: =N65-수익성!N10 -> 0 | O69: =O65-수익성!O10 -> 0 | P69: =P65-수익성!P10 -> 0 | ... AR69: =AR65-수익성!AR10 -> 0
H70: 검증 | I70: =I66-수익성!I11 -> 0 | J70: =J66-수익성!J11 -> 0 | K70: =K66-수익성!K11 -> 0 | L70: =L66-수익성!L11 -> 0 | M70: =M66-수익성!M11 -> 0 | N70: =N66-수익성!N11 -> 0 | O70: =O66-수익성!O11 -> 0 | P70: =P66-수익성!P11 -> 0 | ... AR70: =AR66-수익성!AR11 -> 0
H71: 검증 | I71: =I67-수익성!I12 -> 0 | J71: =J67-수익성!J12 -> 0 | K71: =K67-수익성!K12 -> 0 | L71: =L67-수익성!L12 -> 0 | M71: =M67-수익성!M12 -> 0 | N71: =N67-수익성!N12 -> 0 | O71: =O67-수익성!O12 -> 0 | P71: =P67-수익성!P12 -> 0 | ... AR71: =AR67-수익성!AR12 -> 0
H72: 검증 | I72: =I68-수익성!I13 -> 0 | J72: =J68-수익성!J13 -> 0 | K72: =K68-수익성!K13 -> 0 | L72: =L68-수익성!L13 -> 0 | M72: =M68-수익성!M13 -> 0 | N72: =N68-수익성!N13 -> 0 | O72: =O68-수익성!O13 -> 0 | P72: =P68-수익성!P13 -> 0 | ... AR72: =AR68-수익성!AR13 -> 0
D74: 농업지원사업비부담전손익
F75: 법인세율 | I75: 0.758 | J75: 0.758 | K75: 0.758 | L75: 0.758 | M75: 0.758 | N75: 0.758 | O75: 0.758 | P75: 0.758 | Q75: 0.758 | R75: 0.758 | S75: 0.758 | T75: 0.758 | U75: 0.758 | V75: 0.758 | W75: 0.758 | X75: 0.758 | Y75: 0.758 | Z75: 0.758 | AA75: 0.758 | AB75: 0.758 | AC75: 0.758 | AD75: 0.758 | AE75: 0.758 | AF75: 0.758 | AG75: 0.725 | AH75: 0.725 | AI75: 0.725 | AJ75: 0.725 | AK75: 0.725 | AL75: 0.725 | AM75: 0.725 | AN75: 0.725 | AO75: 0.725 | AP75: 0.725 | AQ75: 0.725 | AR75: 0.725
F76: 총당기순이익기준농지비 | I76: =(농업지원사업비_작성용!M58-농업지원사업비_작성용!M48*(1-I79))/100 -> 0 | J76: =(농업지원사업비_작성용!N58-농업지원사업비_작성용!N48*(1-J79))/100 -> 1740.3721 | K76: =(농업지원사업비_작성용!O58-농업지원사업비_작성용!O48*(1-K79))/100 -> 3045.6512 | L76: =(농업지원사업비_작성용!P58-농업지원사업비_작성용!P48*(1-L79))/100 -> 4350.9303 | M76: =(농업지원사업비_작성용!Q58-농업지원사업비_작성용!Q48*(1-M79))/100 -> 1133.7422 | N76: =(농업지원사업비_작성용!R58-농업지원사업비_작성용!R48*(1-N79))/100 -> 2267.4844 | O76: =(농업지원사업비_작성용!S58-농업지원사업비_작성용!S48*(1-O79))/100 -> 3401.2266 | P76: =(농업지원사업비_작성용!T58-농업지원사업비_작성용!T48*(1-P79))/100 -> 4534.9688 | ... AR76: =(농업지원사업비_작성용!AV58-농업지원사업비_작성용!AV48*(1-AR79))/100 -> 4281.021 | AS76: =(농업지원사업비_작성용!AS58-농업지원사업비_작성용!AS48*(1-AS79))/100 -> 1070.0062
F77: 지배주주지분기준농지비 | I77: =(SUM(농업지원사업비_작성용!M44:M46,농업지원사업비_작성용!M49:M50,농업지원사업비_작성용!M56:M57)+농업지원사업비_작성용!M55*I80+SUM(농업지원사업비_작성용!M47,농업지원사업비_작성용!M51)*I78)/100 -> 0 | J77: =(SUM(농업지원사업비_작성용!N44:N46,농업지원사업비_작성용!N49:N50,농업지원사업비_작성용!N56:N57)+농업지원사업비_작성용!N55*J80+SUM(농업지원사업비_작성용!N47,농업지원사업비_작성용!N51)*J78)/100 -> 1738.9159 | K77: =(SUM(농업지원사업비_작성용!O44:O46,농업지원사업비_작성용!O49:O50,농업지원사업비_작성용!O56:O57)+농업지원사업비_작성용!O55*K80+SUM(농업지원사업비_작성용!O47,농업지원사업비_작성용!O51)*K78)/100 -> 3043.1028 | L77: =(SUM(농업지원사업비_작성용!P44:P46,농업지원사업비_작성용!P49:P50,농업지원사업비_작성용!P56:P57)+농업지원사업비_작성용!P55*L80+SUM(농업지원사업비_작성용!P47,농업지원사업비_작성용!P51)*L78)/100 -> 4347.2897 | M77: =(SUM(농업지원사업비_작성용!Q44:Q46,농업지원사업비_작성용!Q49:Q50,농업지원사업비_작성용!Q56:Q57)+농업지원사업비_작성용!Q55*M80+SUM(농업지원사업비_작성용!Q47,농업지원사업비_작성용!Q51)*M78)/100 -> 1132.2323 | N77: =(SUM(농업지원사업비_작성용!R44:R46,농업지원사업비_작성용!R49:R50,농업지원사업비_작성용!R56:R57)+농업지원사업비_작성용!R55*N80+SUM(농업지원사업비_작성용!R47,농업지원사업비_작성용!R51)*N78)/100 -> 2264.4646 | O77: =(SUM(농업지원사업비_작성용!S44:S46,농업지원사업비_작성용!S49:S50,농업지원사업비_작성용!S56:S57)+농업지원사업비_작성용!S55*O80+SUM(농업지원사업비_작성용!S47,농업지원사업비_작성용!S51)*O78)/100 -> 3396.6969 | P77: =(SUM(농업지원사업비_작성용!T44:T46,농업지원사업비_작성용!T49:T50,농업지원사업비_작성용!T56:T57)+농업지원사업비_작성용!T55*P80+SUM(농업지원사업비_작성용!T47,농업지원사업비_작성용!T51)*P78)/100 -> 4528.9293 | ... S77: =(SUM(농업지원사업비_작성용!W44:W46,농업지원사업비_작성용!W49:W50,농업지원사업비_작성용!W56:W57)+농업지원사업비_작성용!W55*S80+SUM(농업지원사업비_작성용!W47,농업지원사업비_작성용!W51)*S78)/100 -> 2450.4404 | T77: =(SUM(농업지원사업비_작성용!X44:X46,농업지원사업비_작성용!X49:X50)+SUM(농업지원사업비_작성용!X47,농업지원사업비_작성용!X51,농업지원사업비_작성용!X55)*T78)/100 -> 3267.4199 | U77: =(SUM(농업지원사업비_작성용!Y44:Y46,농업지원사업비_작성용!Y49:Y50,농업지원사업비_작성용!Y56:Y57)+SUM(농업지원사업비_작성용!Y47,농업지원사업비_작성용!Y51)*U78)/100 -> 861.61345 | V77: =(SUM(농업지원사업비_작성용!Z44:Z46,농업지원사업비_작성용!Z49:Z50,농업지원사업비_작성용!Z56:Z57)+SUM(농업지원사업비_작성용!Z47,농업지원사업비_작성용!Z51)*V78)/100 -> 1722.7332 | W77: =(SUM(농업지원사업비_작성용!AA44:AA46,농업지원사업비_작성용!AA49:AA50,농업지원사업비_작성용!AA56:AA57)+SUM(농업지원사업비_작성용!AA47,농업지원사업비_작성용!AA51)*W78)/100 -> 2583.6889 | X77: =(SUM(농업지원사업비_작성용!AB44:AB46,농업지원사업비_작성용!AB49:AB50,농업지원사업비_작성용!AB56:AB57)+SUM(농업지원사업비_작성용!AB47,농업지원사업비_작성용!AB51)*X78)/100 -> 3444.6194 | Y77: =(SUM(농업지원사업비_작성용!AC44:AC46,농업지원사업비_작성용!AC49:AC50)+SUM(농업지원사업비_작성용!AC47,농업지원사업비_작성용!AC51)*Y78)/100 -> 937.01538 | Z77: =(SUM(농업지원사업비_작성용!AD44:AD46,농업지원사업비_작성용!AD49:AD50)+SUM(농업지원사업비_작성용!AD47,농업지원사업비_작성용!AD51)*Z78)/100 -> 1874.0308 | AA77: =(SUM(농업지원사업비_작성용!AE44:AE46,농업지원사업비_작성용!AE49:AE50)+SUM(농업지원사업비_작성용!AE47,농업지원사업비_작성용!AE51)*AA78)/100 -> 2811.0461 | AB77: =(SUM(농업지원사업비_작성용!AF44:AF46,농업지원사업비_작성용!AF49:AF50)+SUM(농업지원사업비_작성용!AF47,농업지원사업비_작성용!AF51)*AB78)/100 -> 3748.0615 | AC77: =(SUM(농업지원사업비_작성용!AG44:AG46,농업지원사업비_작성용!AG49:AG50)+SUM(농업지원사업비_작성용!AG47,농업지원사업비_작성용!AG51)*AC78)/100 -> 882.00484 | AD77: =(SUM(농업지원사업비_작성용!AH44:AH46,농업지원사업비_작성용!AH49:AH50)+SUM(농업지원사업비_작성용!AH47,농업지원사업비_작성용!AH51)*AD78)/100 -> 1764.0097 | AE77: =(SUM(농업지원사업비_작성용!AI44:AI46,농업지원사업비_작성용!AI49:AI50)+SUM(농업지원사업비_작성용!AI47,농업지원사업비_작성용!AI51)*AE78)/100 -> 2646.0145 | AF77: =(SUM(농업지원사업비_작성용!AJ44:AJ46,농업지원사업비_작성용!AJ49:AJ50)+SUM(농업지원사업비_작성용!AJ47,농업지원사업비_작성용!AJ51)*AF78)/100 -> 3528.0194 | AG77: =(SUM(농업지원사업비_작성용!AK44:AK46,농업지원사업비_작성용!AK49:AK50)+농업지원사업비_작성용!AK48*연결IS_작성용!AG79+SUM(농업지원사업비_작성용!AK47,농업지원사업비_작성용!AK51)*AG78)/100 -> 934.49535 | AH77: =(SUM(농업지원사업비_작성용!AL44:AL46,농업지원사업비_작성용!AL49:AL50)+농업지원사업비_작성용!AL48*연결IS_작성용!AH79+SUM(농업지원사업비_작성용!AL47,농업지원사업비_작성용!AL51)*AH78)/100 -> 1868.9907 | AI77: =(SUM(농업지원사업비_작성용!AM44:AM46,농업지원사업비_작성용!AM49:AM50)+농업지원사업비_작성용!AM48*연결IS_작성용!AI79+SUM(농업지원사업비_작성용!AM47,농업지원사업비_작성용!AM51)*AI78)/100 -> 2803.486 | AJ77: =(SUM(농업지원사업비_작성용!AN44:AN46,농업지원사업비_작성용!AN49:AN50)+농업지원사업비_작성용!AN48*연결IS_작성용!AJ79+SUM(농업지원사업비_작성용!AN47,농업지원사업비_작성용!AN51)*AJ78)/100 -> 3737.9814 | AK77: =(SUM(농업지원사업비_작성용!AO44:AO46,농업지원사업비_작성용!AO49:AO50)+농업지원사업비_작성용!AO48*연결IS_작성용!AK79+SUM(농업지원사업비_작성용!AO47,농업지원사업비_작성용!AO51)*AK78)/100 -> 999.13209 | AL77: =(SUM(농업지원사업비_작성용!AP44:AP46,농업지원사업비_작성용!AP49:AP50)+농업지원사업비_작성용!AP48*연결IS_작성용!AL79+SUM(농업지원사업비_작성용!AP47,농업지원사업비_작성용!AP51)*AL78)/100 -> 1998.2123 | AM77: =(SUM(농업지원사업비_작성용!AQ44:AQ46,농업지원사업비_작성용!AQ49:AQ50)+농업지원사업비_작성용!AQ48*연결IS_작성용!AM79+SUM(농업지원사업비_작성용!AQ47,농업지원사업비_작성용!AQ51)*AM78)/100 -> 2997.3185 | AN77: =(SUM(농업지원사업비_작성용!AR44:AR46,농업지원사업비_작성용!AR49:AR50)+농업지원사업비_작성용!AR48*연결IS_작성용!AN79+SUM(농업지원사업비_작성용!AR47,농업지원사업비_작성용!AR51)*AN78)/100 -> 3996.4246 | AO77: =(SUM(농업지원사업비_작성용!AS44:AS46,농업지원사업비_작성용!AS49:AS50)+농업지원사업비_작성용!AS48*연결IS_작성용!AO79+SUM(농업지원사업비_작성용!AS47,농업지원사업비_작성용!AS51)*AO78)/100 -> 1032.4443 | AP77: =(SUM(농업지원사업비_작성용!AT44:AT46,농업지원사업비_작성용!AT49:AT50)+농업지원사업비_작성용!AT48*연결IS_작성용!AP79+SUM(농업지원사업비_작성용!AT47,농업지원사업비_작성용!AT51,농업지원사업비_작성용!AT53)*AP78)/100 -> 2064.8899 | AQ77: =(SUM(농업지원사업비_작성용!AU44:AU46,농업지원사업비_작성용!AU49:AU50,농업지원사업비_작성용!AV53:AV54)+농업지원사업비_작성용!AU48*연결IS_작성용!AQ79+SUM(농업지원사업비_작성용!AU47,농업지원사업비_작성용!AU51)*AQ78)/100 -> 3097.3428 | AR77: =(SUM(농업지원사업비_작성용!AV44:AV46,농업지원사업비_작성용!AV49:AV50,농업지원사업비_작성용!AV52,농업지원사업비_작성용!AV54)+농업지원사업비_작성용!AV48*연결IS_작성용!AR79+SUM(농업지원사업비_작성용!AV47,농업지원사업비_작성용!AV51,농업지원사업비_작성용!AV53)*AR78)/100 -> 4129.8387
G78: NH투자증권지분율 | R78: 0.3473 | S78: 0.3473 | T78: 0.4617 | U78: 0.4617 | V78: 0.4617 | W78: 0.4617 | X78: 0.4617 | Y78: 0.4617 | Z78: 0.4617 | AA78: 0.4617 | AB78: 0.4617 | AC78: 0.4617 | AD78: 0.4617 | AE78: 0.4617 | AF78: 0.4617 | AG78: 0.4617 | AH78: 0.4617 | AI78: 0.4617 | AJ78: 0.4617 | AK78: 0.4617 | AL78: 0.4613 | AM78: 0.4613 | AN78: 0.4613 | AO78: 0.4613 | AP78: 0.4613 | AQ78: 0.4613 | AR78: 0.4613
